Workbook

Sheet Summary
A1: BAF26028 DLO Support Framework – Price Schedule
A3: Orgnisation name:
A5: This summary automatically draws the evaluated total from each Lot tab. Tenderers should complete the proposed percentage adjustment on each Lot tendered for. The below total amounts are to be used for evaluation purposes.
A6: Price Review: The Schedule of Rates, following application of the Tenderer’s proposed percentage adjustment, will be fixed until 31 August 2028. The first CPI adjustment will take effect on 1 September 2028, with subsequent annual adjustments applied in accordance with the Framework Agreement. The Tenderer’s proposed percentage adjustment will remain fixed throughout the Framework term.
A8: Lot | B8: Description | C8: Adjustment % | D8: Evaluated Total | E8: Tendered?
A9: 1 | B9: General Repairs | C9: ='Lot 1'!B8 -> 0 | D9: ='Lot 1'!B9 -> 171720.17
A10: 2 | B10: Gas, Heating & Plumbing Repairs (incl. OOH) | C10: ='Lot 2'!B8 -> 0 | D10: ='Lot 2'!B9 -> 134471.51
A11: 3 | B11: Heating Installations | C11: ='Lot 3'!B8 -> 0 | D11: ='Lot 3'!B9 -> 1000560.2
A12: 4 | B12: Roofing Repairs | C12: ='Lot 4'!B8 -> 0 | D12: ='Lot 4'!B9 -> 28502.149
A13: 5 | B13: Highway Works | C13: ='Lot 5'!B8 -> 0 | D13: ='Lot 5'!B9 -> 5604.2897
A14: 6 | B14: Doors & Windows (Glazing) | C14: ='Lot 6'!B8 -> 0 | D14: ='Lot 6'!B9 -> 98844.221
A15: 7 | B15: Drainage & Groundworks | C15: ='Lot 7'!B8 -> 0 | D15: ='Lot 7'!B9 -> 17743.203
A16: 8 | B16: External Garden Works | C16: ='Lot 8'!B8 -> 0 | D16: ='Lot 8'!B9 -> 41292.345
A17: 9 | B17: Whole House Refurbishment | C17: ='Lot 9'!B8 -> 0 | D17: ='Lot 9'!B9 -> 695814.45

Sheet Lot 1
A1: BAF26028 DLO Support Framework – Lot 1: General Repairs
A3: Price Schedule
A5: Tenderers must complete the yellow highlighted cells. Enter the proposed percentage adjustment in cell B8. Enter an uplift as a positive percentage (for example 10%) or a discount as a negative percentage (for example -10%). The adjustment is applied to every published SOR Rate and the adjusted total is shown in cell B8. All submitted prices must be fully inclusive of all costs associated with delivery unless expressly stated otherwise in the Tender Documents. No additional expenses or charges will be payable.
A8: SOR Proposed Adjustment %
A9: Total Amount (to be used for evaluation purposes) | B9: =SUM(P12:P1021) -> 171720.17
A11: Document Code | B11: New v8 | C11: Priority | D11: Right to Repair | E11: Component Accounting | F11: First Time Fix | G11: NHF_Trade_Code | H11: Short Description | I11: Element | J11: Section | K11: Subsection | L11: UOM | M11: SOR Rate | N11: Medium Description | O11: Long Description | P11: Adjusted SOR Rate
A12: 015003 | C12: R | D12: N | E12: Y | F12: N | G12: GR | H12: FLOOR:RENEW INTERNAL CONCRETE INSULATION | I12: Foundations | J12: Floor - Concrete Internal Renewal | K12: Floor - Concrete Internal Renewal | L12: SM | M12: 228.6206 | N12: Floor:Break up existing floor complete, excavate lay ne 175mm hardcore, sand blinding, 1200 dpm, 50mm Jablite, 150mm concrete, ne 65mm screed, remove refix skirtings, make good. | O12: Floor:Renew complete any floor with new concrete floor including break up existing floor, applied finish and sub-base under and remove waste and debris, excavate as necessary, compact bottoms and lay and compact ne 175mm hardcore bed blinded with sand, lay 1200 gauge polythene damp proof membrane, 50mm Jablite or other equal and approved insulation board, both membrane and board turned up 150mm at edges, 150mm concrete slab (1:2:4) with mesh reinforcement and ne 65mm cement and sand floor screed trowelled smooth to receive floor finish, remove and refix skirtings as necessary and make good all finishes. | P12: =IF(M12="","",M12*(1+$B$8)) -> 228.6206
A13: 015007 | C13: R | D13: N | E13: Y | F13: N | G13: GR | H13: FLOOR:NEW INTERNAL CONCRETE WITH INSULATION | I13: Foundations | J13: Floor - Concrete Internal New | K13: Floor - Concrete Internal New | L13: SM | M13: 209.7203 | N13: Floor:Excavate as necessary, lay ne 175mm hardcore, sand blinding, lay 1200 dpm 50mm Jablite 150mm concrete, mesh, ne 65mm screed trowelled smooth, remove refix skirtings, make good. | O13: Floor:Excavate as necessary, remove waste and debris, compact bottoms and lay and compact ne 175mm hardcore bed blinded with sand, lay 1200 gauge polythene damp proof membrane, 50mm Jablite or other equal and approved insulation board, both membrane and board turned up 150mm at edges, 150mm concrete slab (1:2:4) with mesh reinforcement and ne 65mm cement and sand floor screed trowelled smooth to receive floor finish, remove and refix skirtings as necessary and make good all finishes. | P13: =IF(M13="","",M13*(1+$B$8)) -> 209.7203
A14: 015501 | C14: R | D14: N | E14: Y | F14: N | G14: GR | H14: FLOOR:HARDCORE FILL UNDER FLOOR | I14: Specialist Treatments | J14: Fungus and Beetle Eradication and DPC Works | K14: Works to Sub-Floors | L14: CM | M14: 148.8656 | N14: Floor:Fill under floor with clean broken and graded hardcore or other filling to approval of CR, to receive pvc membrane and concrete floor, all in conjunction with injected DPC treatment. | O14: Floor:Fill under floor with clean broken and graded hardcore or other filling to approval of Client Representative, consolidate and blind ready to receive PVC membrane and concrete floor slab as specified all in conjunction with injected damp proof course wall treatment. | P14: =IF(M14="","",M14*(1+$B$8)) -> 148.8656
A15: 112001 | C15: R | D15: N | E15: Y | F15: N | G15: SP | H15: WALL 225MM:CHEMICAL INJECTION EXTERNAL DPC | I15: Specialist Treatments | J15: Fungus and Beetle Eradication and DPC Works | K15: Chemical DPC Wall Injection | L15: LM | M15: 193.1461 | N15: Wall 225mm:Drill external wall and inject chemical DPC, make good holes, all as specified and remove waste and debris. | O15: Wall 225mm:Drill external wall and inject chemical damp proof course, make good holes, all as specified and remove waste and debris. | P15: =IF(M15="","",M15*(1+$B$8)) -> 193.1461
A16: 112003 | C16: R | D16: N | E16: Y | F16: N | G16: SP | H16: WALL 338MM:CHEMICAL INJECTION EXTERNAL DPC | I16: Specialist Treatments | J16: Fungus and Beetle Eradication and DPC Works | K16: Chemical DPC Wall Injection | L16: LM | M16: 271.6122 | N16: Wall 338mm:Drill external wall and inject chemical DPC, make good holes, all as specified and remove waste and debris. | O16: Wall 338mm:Drill external wall and inject chemical damp proof course, make good holes, all as specified and remove waste and debris. | P16: =IF(M16="","",M16*(1+$B$8)) -> 271.6122
A17: 112005 | C17: R | D17: N | E17: Y | F17: N | G17: SP | H17: WALL 450MM:CHEMICAL INJECTION EXTERNAL DPC | I17: Specialist Treatments | J17: Fungus and Beetle Eradication and DPC Works | K17: Chemical DPC Wall Injection | L17: LM | M17: 369.6414 | N17: Wall 450mm:Drill external wall and inject chemical DPC, make good holes, all as specified and remove waste and debris. | O17: Wall 450mm:Drill external wall and inject chemical damp proof course, make good holes, all as specified and remove waste and debris. | P17: =IF(M17="","",M17*(1+$B$8)) -> 369.6414
A18: 112007 | C18: R | D18: N | E18: Y | F18: N | G18: SP | H18: WALL 563MM:CHEMICAL INJECTION EXTERNAL DPC | I18: Specialist Treatments | J18: Fungus and Beetle Eradication and DPC Works | K18: Chemical DPC Wall Injection | L18: LM | M18: 456.2273 | N18: Wall 563mm:Drill external wall and inject chemical DPC, make good holes, all as specified and remove waste and debris. | O18: Wall 563mm:Drill external wall and inject chemical damp proof course, make good holes, all as specified and remove waste and debris. | P18: =IF(M18="","",M18*(1+$B$8)) -> 456.2273
A19: 112009 | C19: R | D19: N | E19: Y | F19: N | G19: SP | H19: WALL 113MM:CHEMICAL INJECTION INTERNAL DPC | I19: Specialist Treatments | J19: Fungus and Beetle Eradication and DPC Works | K19: Chemical DPC Wall Injection | L19: LM | M19: 112.2105 | N19: Wall 113mm:Drill internal wall and inject chemical DPC, make good holes, all as specified and remove waste and debris. | O19: Wall 113mm:Drill internal wall and inject chemical damp proof course, make good holes, all as specified and remove waste and debris. | P19: =IF(M19="","",M19*(1+$B$8)) -> 112.2105
A20: 112011 | C20: R | D20: N | E20: Y | F20: N | G20: SP | H20: WALL 225MM:CHEMICAL INJECTION INTERNAL DPC | I20: Specialist Treatments | J20: Fungus and Beetle Eradication and DPC Works | K20: Chemical DPC Wall Injection | L20: LM | M20: 193.1461 | N20: Wall 225mm:Drill internal wall and inject chemical DPC, make good holes, all as specified and remove waste and debris. | O20: Wall 225mm:Drill internal wall and inject chemical damp proof course, make good holes, all as specified and remove waste and debris. | P20: =IF(M20="","",M20*(1+$B$8)) -> 193.1461
A21: 112013 | C21: R | D21: N | E21: Y | F21: N | G21: SP | H21: WALL CAVITY:CHEMICAL INJECTION INTERNAL DPC | I21: Specialist Treatments | J21: Fungus and Beetle Eradication and DPC Works | K21: Chemical DPC Wall Injection | L21: LM | M21: 112.2105 | N21: Wall Cavity:Drill 113mm thick skin of internal wall, inject chemical DPC, make good holes, all as specified and remove waste and debris. | O21: Wall Cavity:Drill 113mm thick skin of internal wall, inject chemical damp proof course, make good holes, all as specified and remove waste and debris. | P21: =IF(M21="","",M21*(1+$B$8)) -> 112.2105
A22: 112015 | C22: R | D22: N | E22: Y | F22: N | G22: SP | H22: WALL 338MM:CHEMICAL INJECTION INTERNAL DPC | I22: Specialist Treatments | J22: Fungus and Beetle Eradication and DPC Works | K22: Chemical DPC Wall Injection | L22: LM | M22: 263.2737 | N22: Wall 338mm:Drill internal wall and inject chemical DPC, make good holes, all as specified and remove waste and debris. | O22: Wall 338mm:Drill internal wall and inject chemical damp proof course, make good holes, all as specified and remove waste and debris. | P22: =IF(M22="","",M22*(1+$B$8)) -> 263.2737
A23: 112018 | C23: R | D23: N | E23: Y | F23: N | G23: SP | H23: WALL CAVITY:CHEMICAL INJECTION 2 SKINS DPC | I23: Specialist Treatments | J23: Fungus and Beetle Eradication and DPC Works | K23: Chemical DPC Wall Injection | L23: LM | M23: 234.4155 | N23: Wall Cavity:Drill both 113mm thick skins of hollow wall, make good holes, all as specified and remove waste and debris. | O23: Wall Cavity:Drill both 113mm thick skins of hollow wall, make good holes, all as specified and remove waste and debris. | P23: =IF(M23="","",M23*(1+$B$8)) -> 234.4155
... A114: 305105 | C114: R | D114: N | E114: N | F114: N | G114: JR | H114: FLOORING:SUPPLY AND LAY 4MM PLYWOOD | I114: Carpentry and Joinery | J114: Flooring | K114: Flooring - Rigid Sheet - WPB Plywood | L114: SM | M114: 32.8995 | N114: Flooring:Supply and lay 4mm WBP plywood nailed to existing floorboard at 150mm centres with wired nails and level as necessary. | O114: Flooring:Supply and lay 4mm WBP plywood nailed to existing floorboard at 150mm centres with wired nails and level as necessary. | P114: =IF(M114="","",M114*(1+$B$8)) -> 32.8995
A115: 305107 | B115: New | C115: R | D115: N | E115: N | F115: N | G115: JR | H115: FLOORING:RENEW IN 12MM PLYWOOD | I115: Carpentry and Joinery | J115: Flooring | K115: Flooring - Rigid Sheet - WPB Plywood | L115: SM | M115: 47.4374 | N115: Flooring:Renew any flooring with 12mm WBP plywood including denail joists, clear debris, punch in nails, level to existing and make good including additional noggins and support battens as necessary. | O115: Flooring:Renew any flooring with 12mm WBP plywood including denail joists, remove waste and debris, punch in nails, level to existing and make good including additional noggins and support battens as required. | P115: =IF(M115="","",M115*(1+$B$8)) -> 47.4374
A116: 305301 | C116: R | D116: N | E116: N | F116: N | G116: JR | H116: FLOORING:RENEW IN 19MM CHIPBOARD | I116: Carpentry and Joinery | J116: Flooring | K116: Flooring - Rigid Sheet - Flooring Grade Chipboard | L116: SM | M116: 38.8912 | N116: Flooring:Renew any flooring with 19mm flooring grade V313 waterproof chipboard, denail joists, remove spoil, punch in nails, level to existing, make good, additional noggins/support battens. | O116: Flooring:Renew any flooring with 19mm flooring grade V313 waterproof chipboard including denail joists, remove waste and debris, punch in nails, level to existing and make good including additional noggins and support battens as necessary. | P116: =IF(M116="","",M116*(1+$B$8)) -> 38.8912
A117: 305303 | C117: R | D117: N | E117: N | F117: N | G117: JR | H117: FLOORING:RENEW IN INSULATED CHIPBOARD | I117: Carpentry and Joinery | J117: Flooring | K117: Flooring - Rigid Sheet - Flooring Grade Chipboard | L117: SM | M117: 48.3214 | N117: Flooring:Renew any flooring with flooring grade V313 waterproof insulating chipboard, denail joists, remove spoil, punch in nails, level to existing, make good, additional noggins/battens. | O117: Flooring:Renew any flooring with flooring grade V313 waterproof insulating chipboard including denail joists, remove waste and debris, punch in nails and level to existing and make good including additional noggins and support battens necessary. | P117: =IF(M117="","",M117*(1+$B$8)) -> 48.3214
A118: 305501 | C118: R | D118: N | E118: N | F118: N | G118: JR | H118: FLOORING:SUPPLY AND LAY 3.2MM HARDBOARD | I118: Carpentry and Joinery | J118: Flooring | K118: Flooring - Rigid Sheet - Hardboard | L118: SM | M118: 12.1291 | N118: Flooring:Supply and lay 3.2mm flooring grade hardboard nailed to existing floorboard at 150mm centres with wired nails and level as necessary. | O118: Flooring:Supply and lay 3.2mm flooring grade hardboard nailed to existing floorboard at 150mm centres with wired nails and level as necessary. | P118: =IF(M118="","",M118*(1+$B$8)) -> 12.1291
A119: 305503 | C119: R | D119: N | E119: N | F119: N | G119: JR | H119: FLOORING:SUPPLY AND LAY 4MM HARDBOARD | I119: Carpentry and Joinery | J119: Flooring | K119: Flooring - Rigid Sheet - Hardboard | L119: SM | M119: 12.7141 | N119: Flooring:Supply and lay 4mm flooring grade hardboard nailed to existing floorboard at 150mm centres with wired nails and level as necessary, remove waste and debris. | O119: Flooring:Supply and lay 4mm flooring grade hardboard nailed to existing floorboard at 150mm centres with wired nails and level as necessary, remove waste and debris. | P119: =IF(M119="","",M119*(1+$B$8)) -> 12.7141
A120: 305701 | C120: U | D120: Y | E120: N | F120: Y | G120: JR | H120: FLOORBOARD:RENEW ANY TYPE NE 1.0SM | I120: Carpentry and Joinery | J120: Flooring | K120: Flooring - Timber Board | L120: IT | M120: 62.8336 | N120: Floorboard:Renew to match existing flooring with 19mm T and G or square edged flooring in area ne 1.00sm, denail joists, punch in nails, level to existing, extra noggins, make good, remove debris. | O120: Floorboard:Renew to match existing any flooring with 19mm tongued and grooved or square edged flooring in patch ne 1.00sm, including denail joists, remove waste and debris, punch in nails, level to existing and make good including any extra support noggins required. | P120: =IF(M120="","",M120*(1+$B$8)) -> 62.8336
A121: 305702 | C121: U | D121: N | E121: N | F121: Y | G121: JR | H121: FLOORBOARD:RENEW SINGLE | I121: Carpentry and Joinery | J121: Flooring | K121: Flooring - Timber Board | L121: LM | M121: 9.6425 | N121: Floorboard:Renew to match existing any single isolated floorboard with 19mm T + G or square edged flooring, denail joists, punch in nails, level level to existing, make good, remove waste and debris. | O121: Floorboard:Renew to match existing any single isolated floorboarding with 19mm tongued and grooved or square edged flooring, including denail joists, remove waste and debris, punch in nails, level to existing and make good including any extra support noggins required. | P121: =IF(M121="","",M121*(1+$B$8)) -> 9.6425
A122: 305703 | C122: R | D122: N | E122: N | F122: N | G122: JR | H122: FLOORBOARD:RENEW ANY TYPE OVER 1.0SM | I122: Carpentry and Joinery | J122: Flooring | K122: Flooring - Timber Board | L122: SM | M122: 60.0541 | N122: Floorboard:Renew to match existing looring with 19mm T and G or square edged flooring, denail joists, punch in nails, level to existing, extra support noggins, make good, and remove waste and debris. | O122: Floorboard:Renew to match existing any flooring with 19mm tongued and grooved or square edged flooring in area over 1.00sm including denail joists, remove waste and debris, punch in nails, level to existing and make good including any extra support noggins required. | P122: =IF(M122="","",M122*(1+$B$8)) -> 60.0541
A123: 305704 | C123: U | D123: N | E123: N | F123: Y | G123: JR | H123: FLOORBOARDS:REMOVE AND REFIX AREA | I123: Carpentry and Joinery | J123: Flooring | K123: Flooring - Timber Board | L123: SM | M123: 23.6981 | N123: Floorboard:Remove and later refix any area of boards, including denail joists, remove waste and debris, punch in nails, level to existing and make good including any extra support noggins required. | O123: Floorboard:Remove and later refix any area of boards, including denail joists, remove waste and debris, punch in nails, level to existing and make good including any extra support noggins required. | P123: =IF(M123="","",M123*(1+$B$8)) -> 23.6981
A124: 305705 | C124: U | D124: N | E124: N | F124: Y | G124: JR | H124: FLOORBOARD:REMOVE AND REFIX SINGLE BOARD | I124: Carpentry and Joinery | J124: Flooring | K124: Flooring - Timber Board | L124: LM | M124: 5.8514 | N124: Floorboard:Remove and later refix any boards, including denail joists and remove waste and debris, punch in nails, level to existing and make good including any extra support noggins required. | O124: Floorboard:Remove and later refix any boards, including denail joists and remove waste and debris, punch in nails, level to existing and make good including any extra support noggins required. | P124: =IF(M124="","",M124*(1+$B$8)) -> 5.8514
A125: 305706 | C125: U | D125: N | E125: N | F125: Y | G125: JR | H125: FLOORBOARD:SCREW DOWN PER ROOM | I125: Carpentry and Joinery | J125: Flooring | K125: Flooring - Timber Board | L125: IT | M125: 12.8714 | N125: Floorboard:Screw down any width loose floorboards in any room including providing fixing batten to side of joist where end of board is unsupported (per room). | O125: Floorboard:Screw down any width loose floorboards in any room including providing fixing batten to side of joist where end of board is unsupported (Per Room). | P125: =IF(M125="","",M125*(1+$B$8)) -> 12.8714
A126: 305709 | C126: R | D126: N | E126: Y | F126: N | G126: JR | H126: FLOORING:APPLY 2 COATS PRESERVATIVE | I126: Carpentry and Joinery | J126: Flooring | K126: Flooring - Timber Board | L126: SM | M126: 6.9278 | N126: Flooring:Prepare and brush apply two coats of approved preservative to general surfaces of flooring. | O126: Preservative:Prepare and brush apply two coats of approved preservative to general surfaces of flooring. | P126: =IF(M126="","",M126*(1+$B$8)) -> 6.9278
A127: 305803 | C127: R | D127: N | E127: Y | F127: N | G127: JR | H127: FLOOR:TREAT FLOOR INSECTICIDE 10% RENEWAL | I127: Specialist Treatments | J127: Timber Treatment | K127: Flooring Treatment | L127: SM | M127: 47.431 | N127: Floor:Take up any type floorboards and treat with insecticide all floorboards, joists, plates, bridging and other floor timbers, on completion refix floorboards up to 10% floorboard renewal. | O127: Floor:Take up any type floorboards and treat with insecticide all floorboards, joists, plates, bridging and other floor timbers, on completion refix floorboards including upto 10% floorboard renewal. | P127: =IF(M127="","",M127*(1+$B$8)) -> 47.431
... A167: 310501 | C167: R | D167: N | E167: Y | F167: N | G167: JR | H167: WINDOW:RENEW SOFTWOOD BOX SASH | I167: Carpentry and Joinery | J167: Windows | K167: Box Sash - Purpose Made Softwood Double Glazed | L167: SM | M167: 1097.4889 | N167: Window:Renew window with purpose made double glazed softwood double hung cased box frame and sashes complete with ironmongery, weatherstripping, make good, prepare to decorate externally. | O167: Window:Renew window with purpose made double glazed softwood double hung cased box frame and sashes complete with 2 sashes, factory applied base stain or primer finish, compressible weatherstripping, glazing beads, ironmongery, remove existing and fix new into prepared opening, bed in mortar, point with sealant, and make good all finishes and decorate to match existing internally and prepare for redecoration externally and remove waste and debris. | P167: =IF(M167="","",M167*(1+$B$8)) -> 1097.4889
A168: 310503 | B168: New | C168: R | D168: N | E168: Y | F168: N | G168: JR | H168: WINDOW:RENEW SOFTWOOD LEGACY OR HERITAGE BOX SASH | I168: Carpentry and Joinery | J168: Windows | K168: Box Sash - Purpose Made Softwood Double Glazed | L168: SM | M168: 1466.6473 | N168: Window:Renew window with purpose made legacy or heritage vacuum double glazed primed softwood to match existing double hung cased box frame and sashes complete with 2 sashes, ironmongery, sealant, | O168: Window:Renew window with purpose made legacy or heritage vacuum double glazed softwood to match existing double hung cased box frame and sashes complete with 2 sashes, factory applied base stain or primer finish, compressible weatherstripping, glazing beads, ironmongery, remove existing and fix new into prepared opening, bed in mortar, point with sealant, and make good all finishes and decorate to match existing internally and prepare for redecoration externally and remove waste and debris. | P168: =IF(M168="","",M168*(1+$B$8)) -> 1466.6473
A169: 310701 | C169: R | D169: N | E169: Y | F169: N | G169: JR | H169: WINDOW:RENEW SOFTWOOD HORIZONTAL PIVOT | I169: Carpentry and Joinery | J169: Windows | K169: Horizontal Pivot Hung - Purpose Made Softwood | L169: SM | M169: 781.5538 | N169: Window:Renew window with purpose made double glazed softwood horizontal pivot hung window complete with ironmongery, weatherstripping, make good, prepare to decorate externally. | O169: Window:Renew window with purpose made double glazed softwood horizontal pivot hung window complete, factory applied base stain or primer finish, compressible weatherstripping, glazing beads, ironmongery, fix frame to prepared opening, bed in mortar and point with sealant, make good all finishes and decorate to match existing internally and prepare for redecoration externally and remove waste and debris. | P169: =IF(M169="","",M169*(1+$B$8)) -> 781.5538
A170: 311101 | C170: R | D170: N | E170: Y | F170: N | G170: JR | H170: WINDOW:RENEW STANDARD HARDWOOD CASEMENT 1 LIGHT | I170: Carpentry and Joinery | J170: Windows | K170: Casement - Standard Hardwood Double Glazed | L170: SM | M170: 540.7093 | N170: Window:Renew any window with standard double glazed hardwood casement window with hardwood cill, weatherstripping, ironmongery, make good, prepate to decorate externally, 1 No. opening light. | O170: Window:Renew timber window with standard double glazed hardwood casement window with hardwood cill, including ne 1 No. opening light, fixed lights, factory applied base stain finish, compressible weatherstripping, ironmongery including locking handles, glazing beads, windows preslotted for trickle ventilators including screens, remove existing frame and fix new in prepared opening, bed in mortar and point with sealant, make good to all finishes and decorate to match existing internally and prepare for redecoration externally and remove waste and debris. | P170: =IF(M170="","",M170*(1+$B$8)) -> 540.7093
A171: 311105 | C171: R | D171: N | E171: Y | F171: N | G171: JR | H171: WINDOW:RENEW STANDARD HARDWOOD CASEMENT 2 LIGHT | I171: Carpentry and Joinery | J171: Windows | K171: Casement - Standard Hardwood Double Glazed | L171: SM | M171: 757.3231 | N171: Window:Renew any window with standard double glazed hardwood casement window with hardwood cill, weatherstripping, ironmongery, make good, prepate to decorate externally, 2 No. opening light. | O171: Window:Renew timber window with standard double glazed hardwood casement window with hardwood cill, including ne 2 No. opening light, fixed lights, factory applied base stain finish, compressible weatherstripping, ironmongery including locking handles, glazing beads, windows preslotted for trickle ventilators including screens, remove existing frame and fix new in prepared opening, bed in mortar and point with sealant, make good to all finishes and decorate to match existing internally and prepare for redecoration externally and remove waste and debris. | P171: =IF(M171="","",M171*(1+$B$8)) -> 757.3231
A172: 311109 | C172: R | D172: N | E172: Y | F172: N | G172: JR | H172: WINDOW:RENEW STANDARD HARDWOOD CASEMENT 3 LIGHT | I172: Carpentry and Joinery | J172: Windows | K172: Casement - Standard Hardwood Double Glazed | L172: SM | M172: 785.134 | N172: Window:Renew any window with standard double glazed hardwood casement window with hardwood cill, weatherstripping, ironmongery, make good, prepate to decorate externally, 3 No. opening light. | O172: Window:Renew timber window with standard double glazed hardwood casement window with hardwood cill, including ne 3 No. opening light, fixed lights, factory applied base stain finish, compressible weatherstripping, ironmongery including locking handles, glazing beads, windows preslotted for trickle ventilators including screens, remove existing frame and fix new in prepared opening, bed in mortar and point with sealant, make good to all finishes and decorate to match existing internally and prepare for redecoration externally and remove waste and debris. | P172: =IF(M172="","",M172*(1+$B$8)) -> 785.134
A173: 311113 | C173: R | D173: N | E173: Y | F173: N | G173: JR | H173: WINDOW:RENEW STANDARD HARDWOOD CASEMENT 4 LIGHT | I173: Carpentry and Joinery | J173: Windows | K173: Casement - Standard Hardwood Double Glazed | L173: SM | M173: 954.4564 | N173: Window:Renew any window with standard double glazed hardwood casement window with hardwood cill, weatherstripping, ironmongery, make good, prepate to decorate externally, 4 No. opening light. | O173: Window:Renew timber window with standard double glazed hardwood casement window with hardwood cill, including ne 4 No. opening light, fixed lights, factory applied base stain finish, compressible weatherstripping, ironmongery including locking handles, glazing beads, windows preslotted for trickle ventilators including screens, remove existing frame and fix new in prepared opening, bed in mortar and point with sealant, make good to all finishes and decorate to match existing internally and prepare for redecoration externally and remove waste and debris. | P173: =IF(M173="","",M173*(1+$B$8)) -> 954.4564
A174: 311301 | C174: R | D174: N | E174: Y | F174: N | G174: JR | H174: WINDOW:RENEW PURPOSE HARDWOOD CASEMENT 1 LIGHT | I174: Carpentry and Joinery | J174: Windows | K174: Casement - Purpose Made Hardwood Double Glazed | L174: SM | M174: 863.9569 | N174: Window:Renew any window with purpose made hardwood casement window with hardwood cill, double glazed weatherstripping, ironmongery, make good, prepare to decorate, 1 No. opening light. | O174: Window:Renew timber window with purpose made double glazed hardwood casement window with hardwood cill including ne 1 No. opening light, fixed lights, factory applied base stain, compressible weatherstripping, ironmongery including locking handles, glazing beads, windows preslotted for trickle ventilators including screens, remove existing frame and fix new in prepared opening, bed in mortar and point with sealant, make good to all finishes, decorate to match existing internally and prepare for redecoration externally and remove waste and debris. | P174: =IF(M174="","",M174*(1+$B$8)) -> 863.9569
A175: 311305 | C175: R | D175: N | E175: Y | F175: N | G175: JR | H175: WINDOW:RENEW PURPOSE HARDWOOD CASEMENT 2 LIGHT | I175: Carpentry and Joinery | J175: Windows | K175: Casement - Purpose Made Hardwood Double Glazed | L175: SM | M175: 1021.4155 | N175: Window:Renew any window with purpose made hardwood casement window with hardwood cill, double glazed weatherstripping, ironmongery, make good, prepare to decorate, 2 No. opening lights. | O175: Window:Renew timber window with purpose made double glazed hardwood casement window with hardwood cill including ne 2 No. opening lights, fixed lights, factory applied base stain, compressible weatherstripping, ironmongery including locking handles, glazing beads, windows preslotted for trickle ventilators including screens, remove existing frame and fix new in prepared opening, bed in mortar and point with sealant, make good to all finishes, decorate to match existing internally and prepare for redecoration externally and remove waste and debris. | P175: =IF(M175="","",M175*(1+$B$8)) -> 1021.4155
A176: 311309 | C176: R | D176: N | E176: Y | F176: N | G176: JR | H176: WINDOW:RENEW PURPOSE HARDWOOD CASEMENT 3 LIGHT | I176: Carpentry and Joinery | J176: Windows | K176: Casement - Purpose Made Hardwood Double Glazed | L176: SM | M176: 1055.3572 | N176: Window:Renew any window with purpose made hardwood casement window with hardwood cill, double glazed weatherstripping, ironmongery, make good, prepare to decorate, 3 No. opening lights. | O176: Window:Renew timber window with purpose made double glazed hardwood casement window with hardwood cill including ne 3 No. opening light, fixed lights, factory applied base stain, compressible weatherstripping, ironmongery including locking handles, glazing beads, preslotted for trickle ventilators including screens, remove existing frame and fix new in prepared opening, bed in mortar and point with sealant, make good to all finishes, decorate to match existing internally and prepare for redecoration externally and remove waste and debris. | P176: =IF(M176="","",M176*(1+$B$8)) -> 1055.3572
A177: 311313 | C177: R | D177: N | E177: Y | F177: N | G177: JR | H177: WINDOW:RENEW PURPOSE HARDWOOD CASEMENT 4 LIGHT | I177: Carpentry and Joinery | J177: Windows | K177: Casement - Purpose Made Hardwood Double Glazed | L177: SM | M177: 1307.3635 | N177: Window:Renew any window with purpose made hardwood casement window with hardwood cill, double glazed weatherstripping, ironmongery, make good, prepare to decorate, 4 No. opening lights. | O177: Window:Renew timber window with purpose made double glazed hardwood casement window with hardwood cill including ne 4 No. opening light, fixed lights, factory applied base stain, compressible weatherstripping, ironmongery including locking handles, glazing beads, preslotted for trickle ventilators including screens, remove existing frame and fix new in prepared opening, bed in mortar and point with sealant, double glazed, make good to all finishes, decorate to match existing internally and prepare for redecoration externally and remove waste and debris. | P177: =IF(M177="","",M177*(1+$B$8)) -> 1307.3635
A178: 311501 | C178: R | D178: N | E178: Y | F178: N | G178: JR | H178: WINDOW:RENEW HARDWOOD BOX SASH | I178: Carpentry and Joinery | J178: Windows | K178: Box Sash - Purpose Made Hardwood Double Glazed | L178: SM | M178: 1267.3846 | N178: Window:Renew window with purpose made hardwood double hung cased box frame and sashes complete with ironmongery, weatherstripping, double glazed, make good, decorate. | O178: Window:Renew window with purpose made hardwood double hung cased box frame and sashes complete with 2 sashes, complete with factory applied base stain, compressible weatherstripping, glazing beads, ironmongery, remove existing frame and fix new in prepared opening, bed in mortar and point with sealant, and make good to all finishes, decorate to match existing internally and prepare for redecoration externally, and remove waste and debris. | P178: =IF(M178="","",M178*(1+$B$8)) -> 1267.3846
A179: 311701 | C179: R | D179: N | E179: Y | F179: N | G179: JR | H179: WINDOW:RENEW HARDWOOD HORIZONTAL PIVOT | I179: Carpentry and Joinery | J179: Windows | K179: Horizontal Pivot Hung - Purpose Made Hardwood | L179: SM | M179: 880.2199 | N179: Window:Renew window with purpose made hardwood horizontal pivot hung window complete with ironmongery, double glazed, weatherstripping, make good, decorate. | O179: Window:Renew window with purpose made hardwood horizontal pivot hung window complete with factory applied base stain, compressible weatherstripping, glazing beads, ironmongery, remove existing frame and fix new in prepared opening, bed in mortar and point with sealant, and make good to all finishes, decorate to match existing internally and prepare for redecoration externally, and remove waste and debris. | P179: =IF(M179="","",M179*(1+$B$8)) -> 880.2199
A180: 312001 | C180: R | D180: N | E180: Y | F180: N | G180: JR | H180: WINDOW:RENEW SOFTWOOD FEATURE | I180: Carpentry and Joinery | J180: Windows | K180: Windows - Feature - Softwood | L180: SM | M180: 1117.5076 | N180: Window:Renew any window with standard double glazed softwood combination feature window ne 5.00sm with fixed, opening lights and panels, make good ironmongery, weatherstripping, prepare to decorate. | O180: Window:Renew timber window with standard double glazed softwood feature window ne 5.00sm overall with combination of fixed and opening lights and panels, factory applied base stain or primer finish, compressible weatherstripping, ironmongery including locking handles, glazing beads, windows preslotted for trickle ventilators including screens, remove existing frame and fix new in prepared opening, bed in mortar and point with sealant, make good to all finishes and decorate to match existing internally and externally and remove waste and debris. | P180: =IF(M180="","",M180*(1+$B$8)) -> 1117.5076
... A266: 342325 | C266: U | D266: N | E266: N | F266: Y | G266: JR | H266: FRAME:REPAIR LOOSE INTERNAL FRAME JOINTS | I266: Carpentry and Joinery | J266: Door Frames and Linings | K266: Door Frames - Repairs - Timber | L266: NO | M266: 14.0428 | N266: Frame:Repair loose or open joints to internal door frame, glue joints, screw as necessary, clamp up joints and touch up decorations. | O266: Frame:Repair loose or open joints to internal door frame, glue joints, screw as necessary, clamp up joints and touch up decorations. | P266: =IF(M266="","",M266*(1+$B$8)) -> 14.0428
A267: 342341 | B267: New | C267: U | D267: N | E267: N | F267: Y | G267: JR | H267: DOOR FRAME:FIRESTOPPING | I267: Carpentry and Joinery | J267: Door Frames and Linings | K267: Door Frames - Firestopping | L267: LM | M267: 31.763 | N267: Door Frame:Carefully remove existing architrave, fill void with half hour fire rated intumescent paste/foam, make good, touch up, remove waste, debris. Undertaken by fire door certified operative. | O267: Door Frame:Carefully remove existing architrave, fill void between door frame and wall with half hour fire rated intumescent paste or fire foam, remove excess foam, refix architrave, make good, touch up decorations, remove waste and debris. Undertaken by a fire door certified operative eg. BMTRADA or other approved certified body. | P267: =IF(M267="","",M267*(1+$B$8)) -> 31.763
A268: 342501 | C268: U | D268: N | E268: N | F268: Y | G268: JR | H268: STOP:RENEW SOFTWOOD DOOR STOP SET | I268: Carpentry and Joinery | J268: Door Frames and Linings | K268: Door Stops - Softwood | L268: IT | M268: 21.9937 | N268: Stop:Renew any size upto 25x50mm planted softwood door stop set to door frame and prepare for redecoration and remove waste and debris. | O268: Stop:Renew any size upto 25x50mm planted softwood door stop set to door frame and prepare for redecoration and remove waste and debris. | P268: =IF(M268="","",M268*(1+$B$8)) -> 21.9937
A269: 342505 | C269: U | D269: N | E269: N | F269: Y | G269: JR | H269: STOP:REFIX LOOSE DOOR SET | I269: Carpentry and Joinery | J269: Door Frames and Linings | K269: Door Stops - Softwood | L269: IT | M269: 7.372 | N269: Stop:Refix any loose door stop set to door frame, glued, screwed in accordance with BS459 Part 2 to door frame, adjust to accommodate firecheck door, prepare for redecoration, remove waste and debris. | O269: Stop:Refix any loose door stop set to door frame, glued, screwed in accordance with BS459 Part 2 to door frame, adjust to accommodate firecheck door, prepare for redecoration, remove waste and debris. | P269: =IF(M269="","",M269*(1+$B$8)) -> 7.372
A270: 342511 | C270: R | D270: N | E270: Y | F270: N | G270: JR | H270: STOP:RENEW HARDWOOD DOOR STOP SET | I270: Carpentry and Joinery | J270: Door Frames and Linings | K270: Door Stops - Hardwood | L270: IT | M270: 53.6487 | N270: Stop:Renew any size upto 25x50mm planted hardwood door stop set to door frame and decorate to match existing, remove waste and debris. | O270: Stop:Renew any size upto 25x50mm planted hardwood door stop set to door frame and decorate to match existing, remove waste and debris. | P270: =IF(M270="","",M270*(1+$B$8)) -> 53.6487
A271: 345201 | C271: R | D271: N | E271: Y | F271: N | G271: JR | H271: DOORS:RENEW PAIR L AND B TO GARAGE | I271: Carpentry and Joinery | J271: Garage Doors and Frames | K271: Door - Garage - Matchboard - Softwood | L271: IT | M271: 616.6321 | N271: Door:Renew garage doors with new pair of softwood ledged, braced and matchboarded doors to suit size of existing opening, hang each on one pair of 450mm tee hinges, transfer ironmongery, decorate. | O271: Door:Renew garage doors with new pair of 45mm softwood preservative treated ledged, braced and matchboarded doors to suit size of existing opening with 169x20mm ledges and 106x20mm braces covered on face with 20mm tongued, grooved and V jointed boarding and hang each leaf on one pair of 450mm galvanised tee hinges, transfer existing lock and bolts, make good and decorate to match existing and remove waste and debris. | P271: =IF(M271="","",M271*(1+$B$8)) -> 616.6321
A272: 345203 | C272: U | D272: N | E272: N | F272: Y | G272: JR | H272: GARAGE DOOR:EASE ADJUST INCLUDING REMOVE | I272: Carpentry and Joinery | J272: Garage Doors and Frames | K272: Door - Garage - Matchboard - Softwood | L272: NO | M272: 89.5245 | N272: Door:Ease and adjust pair of garage doors, each hung on pair of tee hinges, including remove and rehang doors, make good to frame and touch up decorations and remove waste and debris. | O272: Door:Ease and adjust pair of garage doors, each hung on pair of tee hinges, including remove and rehang doors, make good to frame and touch up decorations and remove waste and debris. | P272: =IF(M272="","",M272*(1+$B$8)) -> 89.5245
A273: 345205 | C273: R | D273: N | E273: Y | F273: N | G273: JR | H273: DOOR:RENEW SINGLE LEAF L AND B TO GARAGE | I273: Carpentry and Joinery | J273: Garage Doors and Frames | K273: Door - Garage - Matchboard - Softwood | L273: IT | M273: 273.5627 | N273: Door:Renew single leaf of garage doors with 45mm softwood preservative treated ledged, braced, matchboarded door to suit existing opening, existing lock and bolts, make good, prepare for redecoration. | O273: Door:Renew single leaf of garage doors with 45mm softwood preservative treated ledged, braced and matchboarded doors to suit size of existing opening with 169x20mm ledges and 106x20mm braces covered on face with 20mm tongued, grooved and V jointed boarding and hang leaf on one pair of 450mm galvanised tee hinges, transfer existing lock and bolts, make good and prepare for redecoration and remove waste and debris. | P273: =IF(M273="","",M273*(1+$B$8)) -> 273.5627
A274: 345207 | C274: R | D274: N | E274: Y | F274: N | G274: JR | H274: DOOR:OVERHAUL PAIR GARAGE | I274: Carpentry and Joinery | J274: Garage Doors and Frames | K274: Door - Garage - Matchboard - Softwood | L274: NO | M274: 81.4253 | N274: Door:Overhaul pair of any size timber garage doors, ease and adjust, remove, rehang, splice in repairs, remove, refix or renew ironmongery, make good, touch up decorations, remove waste and debris. | O274: Door:Overhaul pair of any size timber garage doors, ease and adjust, remove and rehang, splice in timber repairs, remove, refix or renew ironmongery as necessary, make good to frame, touch up decorations, and remove waste and debris. | P274: =IF(M274="","",M274*(1+$B$8)) -> 81.4253
A275: 345401 | C275: R | D275: N | E275: Y | F275: N | G275: JR | H275: GARAGE DOOR:RENEW METAL UP AND OVER | I275: Carpentry and Joinery | J275: Garage Doors and Frames | K275: Doors - Garage - Renewals - Up and Over Metal | L275: IT | M275: 726.4971 | N275: Garage Door:Renew any garage door with pre primed metal up and over garage door, overall size ne 2.438x2.055m complete with all ironmongery and hang to existing frame, make good, and decorate. | O275: Garage Door:Renew any garage door with pre-primed metal up and over garage door, overall size ne 2.438x2.055m complete with all ironmongery and hanging to existing frame, make good to all works disturbed and decorate to match existing and remove waste and debris. | P275: =IF(M275="","",M275*(1+$B$8)) -> 726.4971
A276: 345403 | C276: R | D276: N | E276: Y | F276: N | G276: JR | H276: GARAGE DOOR:RENEW METAL UP AND OVER AND FRAME | I276: Carpentry and Joinery | J276: Garage Doors and Frames | K276: Doors - Garage - Renewals - Up and Over Metal | L276: IT | M276: 887.4671 | N276: Garage Door:Renew any garage door with pre primed metal up and over garage door, overall size ne 2.438x2.055mwith new frame, ironmongery, fix frame to structure, make good, decorate, remove debris. | O276: Garage Door:Renew any garage door with pre-primed metal up and over garage door, overall size ne 2.438x2.055m complete with new metal frame, all ironmongery and fix frame to structure including plugging as necessary and hang up and over door on frame, make good to all works disturbed and decorate to match existing and remove waste and debris. | P276: =IF(M276="","",M276*(1+$B$8)) -> 887.4671
A277: 345411 | C277: R | D277: N | E277: Y | F277: N | G277: JR | H277: GARAGE DOOR:RENEW METAL UP AND OVER 2436 x 2286MM | I277: Carpentry and Joinery | J277: Garage Doors and Frames | K277: Doors - Garage - Renewals - Up and Over Metal | L277: IT | M277: 767.3914 | N277: Garage Door:Renew any garage door with pre primed metal up and over garage door, overall size ne 2.436x2.286m complete with all ironmongery and hang to existing frame, make good, and decorate. | O277: Garage Door:Renew any garage door with pre-primed metal up and over garage door, overall size 2.438x2.286m complete with all ironmongery and hanging to existing frame, make good to all works disturbed and decorate to match existing and remove waste and debris. | P277: =IF(M277="","",M277*(1+$B$8)) -> 767.3914
A278: 345413 | C278: R | D278: N | E278: Y | F278: N | G278: JR | H278: GARAGE DOOR:RENEW METAL UP AND OVER 2744 x 2055MM | I278: Carpentry and Joinery | J278: Garage Doors and Frames | K278: Doors - Garage - Renewals - Up and Over Metal | L278: IT | M278: 1174.1943 | N278: Garage Door:Renew any garage door with pre primed metal up and over garage door, overall size ne 2.744x2.055m complete with all ironmongery and hang to existing frame, make good, and decorate. | O278: Garage Door:Renew any garage door with pre-primed metal up and over garage door, overall size ne 2.744x2.055m complete with all ironmongery and hanging to existing frame, make good to all works disturbed and decorate to match existing and remove waste and debris. | P278: =IF(M278="","",M278*(1+$B$8)) -> 1174.1943
A279: 345415 | C279: R | D279: N | E279: Y | F279: N | G279: JR | H279: GARAGE DOOR:RENEW METAL UP AND OVER 2744 x 2286MM | I279: Carpentry and Joinery | J279: Garage Doors and Frames | K279: Doors - Garage - Renewals - Up and Over Metal | L279: IT | M279: 1188.9597 | N279: Garage Door:Renew any garage door with pre primed metal up and over garage door, overall size ne 2.744x2.286m complete with all ironmongery and hang to existing frame, make good, and decorate. | O279: Garage Door:Renew any garage door with pre-primed metal up and over garage door, overall size ne 2.744x2.286m complete with all ironmongery and hanging to existing frame, make good to all works disturbed and decorate to match existing and remove waste and debris. | P279: =IF(M279="","",M279*(1+$B$8)) -> 1188.9597
... A292: 345619 | C292: R | D292: N | E292: N | F292: N | G292: JR | H292: GARAGE DOOR:RENEW SUPPORT ARM | I292: Carpentry and Joinery | J292: Garage Doors and Frames | K292: Doors - Garage - Repairs - Up and Over Metal | L292: IT | M292: 27.4641 | N292: Garage Door:Renew support arm to any metal up and over garage door, adjust and leave operational, make good operational, make good as necessary and remove waste and debris. | O292: Garage Door:Renew support arm to any metal up and over garage door, adjust and leave operational, make good operational, make good as necessary and remove waste and debris. | P292: =IF(M292="","",M292*(1+$B$8)) -> 27.4641
A293: 345631 | B293: New | C293: R | D293: N | E293: N | F293: N | G293: JR | H293: GARAGE DOOR:REMOVE, REFIX , RENEW METAL FRAME | I293: Carpentry and Joinery | J293: Garage Doors and Frames | K293: Door Frames - Garage - Metal | L293: IT | M293: 225.3135 | N293: Garage Door:Take down, set aside up and over door, renew proprietary self finished metal angle garage door frame, fix to structure, rehang up and over door, ease and adjust, remove waste and debris. | O293: Garage Door:Take down and set aside metal up and over garage door, take off existing and renew proprietary self finished metal angle garage door frame to suit size of door and opening, fix to structure, rehang door, ease and adjust, and remove waste and debris. | P293: =IF(M293="","",M293*(1+$B$8)) -> 225.3135
A294: 345633 | B294: New | C294: R | D294: N | E294: N | F294: N | G294: JR | H294: GARAGE DOOR:RENEW METAL FRAME WHILST DOOR REMOVED | I294: Carpentry and Joinery | J294: Garage Doors and Frames | K294: Door Frames - Garage - Metal | L294: IT | M294: 158.6068 | N294: Garage Door:Renew metal garage door frame, whilst up and over door has been removed, renew with proprietary self finished metal angle frame, fix to structure, rehang door msd sep, remove waste, debris | O294: Garage Door:Take down and remove metal garage door frame, whilst up and over garage door has been removed for repairs, renew with proprietary self finished metal angle garage door frame to suit size of door and opening, fix to structure, rehanging of door measured separately, remove waste and debris. | P294: =IF(M294="","",M294*(1+$B$8)) -> 158.6068
A295: 345701 | C295: R | D295: N | E295: Y | F295: N | G295: JR | H295: GARAGE FRAME:RENEW COMPLETE | I295: Carpentry and Joinery | J295: Garage Doors and Frames | K295: Door Frames - Garage - Timber | L295: IT | M295: 195.9649 | N295: Garage Frame:Renew garage door frame with matching treated softwood frame to suit any size or type of door, remove, rehang, fix new frame into position, point with sealant, make good, decorate. | O295: Garage Frame:Renew garage door frame with matching tanalised softwood frame to suit any size or type of door, remove existing door with fittings and set aside, take out existing frame, fix new frame into position including plugging, screwing and bedding as appropriate, point all round with sealant, rehang existing door complete with fittings, ease, adjust and adapt as necessary to leave operational, make good all works disturbed and decorate to match existing and remove waste and debris. | P295: =IF(M295="","",M295*(1+$B$8)) -> 195.9649
A296: 345703 | C296: R | D296: N | E296: Y | F296: N | G296: JR | H296: GARAGE FRAME:RENEW HEAD OR JAMB | I296: Carpentry and Joinery | J296: Garage Doors and Frames | K296: Door Frames - Garage - Timber | L296: NO | M296: 82.4235 | N296: Garage Frame:Renew head or jamb member to any type or size garage door frame with matching treated softwood member, remove, rehang door, fix new member, point with sealant, make good, decorate. | O296: Garage Frame:Renew head or jamb member to any type or size garage door frame with matching tanalised softwood member, remove existing door with fittings and set aside, carefully remove defective section of frame, fix new member into position including plugging, screwing and bedding as appropriate, joint new member to existing retained members, point along new member with sealant, rehang existing door complete with fittings, ease, adjust and adapt as necessary to leave operational, make good all works disturbed and decorate to match existing and remove waste and debris. | P296: =IF(M296="","",M296*(1+$B$8)) -> 82.4235
A297: 350001 | C297: R | D297: N | E297: N | F297: N | G297: JR | H297: LINING:TAKE DOWN AND CLEAR | I297: Carpentry and Joinery | J297: Internal Joinery | K297: Cladding or Linings - Internal Wall and Ceilings | L297: SM | M297: 3.8913 | N297: Wall:Take down any type of sheet wall linings, clear away and denail studding, areas over 1.00sm, and remove waste and debris. | O297: Wall:Take down any type of sheet wall linings, clear away and denail studding, areas over 1.00sm and remove waste and debris. | P297: =IF(M297="","",M297*(1+$B$8)) -> 3.8913
A298: 350005 | C298: R | D298: N | E298: Y | F298: N | G298: JR | H298: PANELLING:RENEW IN HARDBOARD | I298: Carpentry and Joinery | J298: Internal Joinery | K298: Cladding or Linings - Internal Wall and Ceilings | L298: SM | M298: 27.5643 | N298: Panelling:Remove existing hardboard panelling and renew with 3.2mm faced hardboard panelling fixed to softwood with brass cups and screws and remove waste and debris. | O298: Panelling:Remove existing hardboard panelling and renew with 3.2mm faced hardboard panelling fixed to softwood with brass cups and screws and remove waste and debris. | P298: =IF(M298="","",M298*(1+$B$8)) -> 27.5643
A299: 350007 | C299: R | D299: N | E299: Y | F299: N | G299: JR | H299: PANELLING:RENEW IN MAHOGANY PLYWOOD | I299: Carpentry and Joinery | J299: Internal Joinery | K299: Cladding or Linings - Internal Wall and Ceilings | L299: SM | M299: 51.6026 | N299: Panelling:Remove existing panelling and renew with 6mm mahogany veneered plywood panelling fixed to softwood with brass cups and screws and remove waste and debris. | O299: Panelling:Remove existing panelling and renew with 6mm mahogany veneered plywood panelling fixed to softwood with brass cups and screws and remove waste and debris. | P299: =IF(M299="","",M299*(1+$B$8)) -> 51.6026
A300: 350009 | C300: R | D300: N | E300: Y | F300: N | G300: JR | H300: LINING:RENEW 6MM FIBREBOARD | I300: Carpentry and Joinery | J300: Internal Joinery | K300: Cladding or Linings - Internal Wall and Ceilings | L300: SM | M300: 24.8082 | N300: Lining:Remove existing fibreboard lining to wall, ceiling or soffit and renew with 6mm fibreboard lining fixed to softwood, all labours, and remove waste and debris. | O300: Lining:Remove existing fibreboard lining to wall, ceiling or soffit and renew with 6mm fibreboard lining fixed to softwood including all labours, cutting around pipes, electrical accessories etc. and remove waste and debris. | P300: =IF(M300="","",M300*(1+$B$8)) -> 24.8082
A301: 350011 | C301: R | D301: N | E301: Y | F301: N | G301: JR | H301: LINING:RENEW 12MM FIBREBOARD | I301: Carpentry and Joinery | J301: Internal Joinery | K301: Cladding or Linings - Internal Wall and Ceilings | L301: SM | M301: 34.1111 | N301: Lining:Remove existing fibreboard lining to wall, ceiling or soffit and renew with 12mm fibreboard lining fixed to softwood, all labours, and remove waste and debris. | O301: Lining:Remove existing fibreboard lining to wall, ceiling or soffit and renew with 12mm fibreboard lining fixed to softwood including all labours, cutting around pipes, electrical accessories etc. and remove waste and debris. | P301: =IF(M301="","",M301*(1+$B$8)) -> 34.1111
A302: 350013 | C302: R | D302: N | E302: Y | F302: N | G302: JR | H302: LINING TO SHOWER ROOMS:INSTALL 9MM WBP | I302: Carpentry and Joinery | J302: Internal Joinery | K302: Cladding or Linings - Internal Wall and Ceilings | L302: SM | M302: 35.311 | N302: Lining to Shower Rooms:Supply and fix 9mm WBP plywood lining to walls of shower or wet rooms boards fixed to existing wall, labours, sealant, prepare to receive tiling, remove waste and debris. | O302: Lining to Shower Rooms:Supply and fix 9mm WBP plywood lining to walls of shower rooms or wet rooms, to receive wall tiling, plywood fixed with plugs, screws and washers to plastered brickwork or blockwork, or screws and washers to stud partitions, including all labours, cutting around door and window openings, pipes, electrical outlets, taping joints, seal around all openings and at perimeters of lining with silicone sealant and prepared to receive wall tiling, remove waste and debris. | P302: =IF(M302="","",M302*(1+$B$8)) -> 35.311
A303: 350015 | C303: R | D303: N | E303: Y | F303: N | G303: JR | H303: LINING TO SHOWER ROOMS:WATER RESIST TILING BOARD | I303: Carpentry and Joinery | J303: Internal Joinery | K303: Cladding or Linings - Internal Wall and Ceilings | L303: SM | M303: 40.0846 | N303: Lining to Shower Rooms:Supply and fix 12mm water resistant lining boards to walls of shower rooms, boards fixed to existing wall, labours, sealant, prepare to receive tiling, remove waste and debris. | O303: Lining to Shower Rooms:Supply and fix 12mm water resistant lining boards to walls of shower rooms or wet rooms, to receive wall tiling, boards fixed with plaster dabs, or plugs, screws and washers to plastered brickwork or blockwork, or screws and washers to stud partitions, including all labours, cutting around door and window openings, pipes, electrical outlets, joints, seal around all openings and at perimeters of lining with silicone sealant and prepared to receive wall tiling, remove waste and debris. | P303: =IF(M303="","",M303*(1+$B$8)) -> 40.0846
A304: 350017 | C304: R | D304: N | E304: Y | F304: N | G304: JR | H304: LINING TO SHOWER ROOMS:ACRYLIC LINING BOARDS | I304: Carpentry and Joinery | J304: Internal Joinery | K304: Cladding or Linings - Internal Wall and Ceilings | L304: SM | M304: 138.3844 | N304: Lining to Shower Rooms:Supply and install coloured proprietary acrylic faced laminated shower/wet room wall panelling, fixed with adhesive, support battens, all labours, cutting, sealant. | O304: Lining to Shower Rooms:Supply and install coloured proprietary acrylic faced laminated shower room and wet room wall panelling, including internal and external corner and end cap, H joint and bottom profiles, panelling fixed with applicable adhesive recommended in the manufacturers technical data sheet for the background to which the panelling is being applied, provide additional support battens behind panelling where sanitary fitting are to be fixed to the panelling, including all labours, cutting around door and window openings, pipes, electrical outlets, joints, seal around all openings and at perimeters of lining with silicone sealant, remove waste and debris. | P304: =IF(M304="","",M304*(1+$B$8)) -> 138.3844
A305: 351001 | C305: R | D305: N | E305: Y | F305: N | G305: JR | H305: STAIRCASE:RENEW SOFTWOOD NOSING TO TREAD | I305: Carpentry and Joinery | J305: Internal Joinery | K305: Staircases | L305: NO | M305: 27.5656 | N305: Staircase:Renew rounded softwood nosing to tread, housed into string including all wedges and blocks glued and screwed to face of existing tread, and decorate to match existing. | O305: Staircase:Renew rounded softwood nosing to tread, housed into string including all wedges and blocks glued and screwed to face of existing tread, decorate to match existing and remove waste and debris. | P305: =IF(M305="","",M305*(1+$B$8)) -> 27.5656
A306: 351002 | C306: R | D306: N | E306: Y | F306: N | G306: JR | H306: STAIRCASE:RENEW COVER FILLET TO TREAD | I306: Carpentry and Joinery | J306: Internal Joinery | K306: Staircases | L306: NO | M306: 7.8633 | N306: Staircase:Renew softwood cover fillet, glued and screwed to face of riser and to underside of tread, decorate to match existing and remove waste and debris. | O306: Staircase:Renew softwood cover fillet, glued and screwed to face of riser and to underside of tread, decorate to match existing and remove waste and debris. | P306: =IF(M306="","",M306*(1+$B$8)) -> 7.8633
... A476: 390941 | C476: R | D476: N | E476: N | F476: N | G476: JR | H476: GERDA LOCK:SUPPLY AND FIT COMPLETE | I476: Carpentry and Joinery | J476: Ironmongery | K476: Locks | L476: NO | M476: 243.076 | N476: Gerda Lock:Renew any Gerda lock and keep, including altering door as necessary for new lock and provide two Gerda keys. And remove waste and debris. | O476: Gerda Lock:Renew any Gerda lock and keep, including altering door as necessary for new lock and provide two Gerda keys. And remove waste and debris. | P476: =IF(M476="","",M476*(1+$B$8)) -> 243.076
A477: 390951 | B477: New | C477: R | D477: N | E477: N | F477: N | G477: JR | H477: DOOR:INSTALL ELECTRO-MAGNETIC AV2 B LOCK | I477: Carpentry and Joinery | J477: Ironmongery | K477: Electro-Magnetic Locks | L477: NO | M477: 831.2442 | N477: Door:Isolate supply, install electro-magnetic multipoint AV2 B keyless option single door locking system, reconnect, 24volt DC supply (20m 1.00mm2 FP200 gfr cable , containment), test, make good | O477: Door:Isolate supply, supply and install electro-magnetic multipoint AV2 B or other equal and approved keyless option door locking system to single doorset, connect to electrical installation, 24volt DC supply (allow for 20m of 1.00mm2 FP200 gold fire resistant cable and any necessary containment), test and make good on completion and remove waste and debris. | P477: =IF(M477="","",M477*(1+$B$8)) -> 831.2442
A478: 390953 | B478: New | C478: R | D478: N | E478: N | F478: N | G478: JR | H478: DOOR:INSTALL ELECTRO-MAGNETIC AV2+ LOCK | I478: Carpentry and Joinery | J478: Ironmongery | K478: Electro-Magnetic Locks | L478: NO | M478: 271.2386 | N478: Door:Isolate supply, install multipoint AV2+ single door locking system, connect to electrics, fire alarm, 24volt DC supply (20m 1.00mm2 FP200 gfr cable, containment), test, make good, remove waste. | O478: Door:Isolate supply, supply and install multipoint AV2+ or other equal and approved door locking system to single doorset, electro-magnetic adaptation, connect to electrical installation, including make all necessary connections to fire alarm installation, 24volt DC supply (allow for 20m of 1.00mm2 FP200 gold fire resistant cable and any necessary containment), test and make good on completion and remove waste and debris. | P478: =IF(M478="","",M478*(1+$B$8)) -> 271.2386
A479: 390957 | B479: New | C479: R | D479: N | E479: N | F479: N | G479: JR | H479: DOOR:RENEW ELECTRO-MAGNETIC AV2+ LOCK | I479: Carpentry and Joinery | J479: Ironmongery | K479: Electro-Magnetic Locks | L479: NO | M479: 200.4143 | N479: Door:Isolate supply, renew multipoint AV2+ single door locking system, electro-magnetic adaptation, re-connect to electrical supply, test and make good on completion and remove waste and debris. | O479: Door:Isolate supply, renew existing multipoint AV2+ or other equal and approved door locking system to single doorset, electro-magnetic adaptation, re-connect to electrical supply, test and make good on completion and remove waste and debris. | P479: =IF(M479="","",M479*(1+$B$8)) -> 200.4143
A480: 391001 | C480: R | D480: N | E480: N | F480: N | G480: JR | H480: RIM SLAMLOCK:RENEW FB4 COMPLETE | I480: Carpentry and Joinery | J480: Ironmongery | K480: Rim Slamlocks | L480: NO | M480: 125.3763 | N480: Rim Slamlock:Supply and fix or renew with Fire Brigade FB4 rim slamlock, keep and single escutcheon, inc alter door and frame as necessary and provide two FB4 slam lock keys, remove waste and debris. | O480: Rim Slamlock:Supply and fix or renew with Fire Brigade FB4 rim slamlock, keep and single escutcheon, inc alter door and frame as necessary and provide two FB4 slam lock keys, and remove waste and debris. | P480: =IF(M480="","",M480*(1+$B$8)) -> 125.3763
A481: 391003 | C481: R | D481: N | E481: N | F481: N | G481: JR | H481: RIM SLAMLOCK:RENEW GERDA COMPLETE | I481: Carpentry and Joinery | J481: Ironmongery | K481: Rim Slamlocks | L481: NO | M481: 317.8062 | N481: Rim Slamlock:Supply and fix or renew with Gerda rim slamlock, keep and single escutcheon, inc alter door and frame as necessary and provide two Gerda slam lock keys, and remove waste and debris. | O481: Rim Slamlock:Supply and fix or renew with Gerda rim slamlock, keep and single escutcheon, inc alter door and frame as necessary and provide two Gerda slam lock keys, and remove waste and debris. | P481: =IF(M481="","",M481*(1+$B$8)) -> 317.8062
A482: 391101 | C482: R | D482: N | E482: N | F482: N | G482: JR | H482: LATCH:RENEW MORTICE LATCH COMPLETE | I482: Carpentry and Joinery | J482: Ironmongery | K482: Latches | L482: NO | M482: 45.1948 | N482: Latch:Renew mortice latch, keep and renew or refix set of anodised aluminium lever handle furniture including altering door as necessary for new latch. | O482: Latch:Renew mortice latch, keep and set of anodised aluminium lever handle furniture including altering door as necessary for new latch. | P482: =IF(M482="","",M482*(1+$B$8)) -> 45.1948
A483: 391103 | C483: R | D483: N | E483: Y | F483: N | G483: JR | H483: LATCH:RENEW MORTICE LATCH ONLY | I483: Carpentry and Joinery | J483: Ironmongery | K483: Latches | L483: NO | M483: 41.3036 | N483: Latch:Take off existing set of lever handles and set aside, take out and renew mortice latch, refix set of handles. | O483: Latch:Take off existing set of lever handles and set aside, take out and renew mortice latch, refix set of handles. | P483: =IF(M483="","",M483*(1+$B$8)) -> 41.3036
A484: 391107 | C484: R | D484: N | E484: N | F484: N | G484: JR | H484: LATCH:OVERHAUL LATCH AND FURNITURE | I484: Carpentry and Joinery | J484: Ironmongery | K484: Latches | L484: NO | M484: 14.0428 | N484: Latch:Remove mortice latch and furniture, dismantle, overhaul, repair, oil and assemble and refix to door. | O484: Latch:Remove mortice latch and furniture, dismantle, overhaul, repair, oil and assemble and refix to door. | P484: =IF(M484="","",M484*(1+$B$8)) -> 14.0428
A485: 391301 | C485: U | D485: N | E485: N | F485: Y | G485: JR | H485: NIGHTLATCH:RENEW COMPLETE | I485: Carpentry and Joinery | J485: Ironmongery | K485: Cylinder Night Latches | L485: NO | M485: 73.6908 | N485: Nightlatch:Renew cylinder rim nightlatch, keep and pull handle, including altering door as necessary for new latch and provide two new keys. | O485: Nightlatch:Renew cylinder rim nightlatch, keep and pull handle, including altering door as necessary for new latch and provide two new keys. | P485: =IF(M485="","",M485*(1+$B$8)) -> 73.6908
A486: 391305 | C486: U | D486: N | E486: N | F486: Y | G486: JR | H486: NIGHTLATCH:RENEW CYLINDER BARREL | I486: Carpentry and Joinery | J486: Ironmongery | K486: Cylinder Night Latches | L486: NO | M486: 25.8181 | N486: Nightlatch:Renew cylinder barrel to nightlatch and provide two new keys. | O486: Nightlatch:Renew cylinder barrel to nightlatch and provide two new keys. | P486: =IF(M486="","",M486*(1+$B$8)) -> 25.8181
A487: 391307 | C487: U | D487: N | E487: N | F487: Y | G487: JR | H487: NIGHTLATCH:RENEW SUITED CYLINDER BARREL | I487: Carpentry and Joinery | J487: Ironmongery | K487: Cylinder Night Latches | L487: NO | M487: 28.7431 | N487: Nightlatch:Renew suited cylinder barrel to nightlatch and provide two new keys. | O487: Nightlatch:Renew suited cylinder barrel to nightlatch and provide two new keys. | P487: =IF(M487="","",M487*(1+$B$8)) -> 28.7431
A488: 391309 | C488: E | D488: Y | E488: N | F488: Y | G488: JR | H488: NIGHTLATCH:OVERHAUL COMPLETE | I488: Carpentry and Joinery | J488: Ironmongery | K488: Cylinder Night Latches | L488: NO | M488: 16.8223 | N488: Nightlatch:Remove any type of cylinder nightlatch, dismantle, overhaul, repair, oil and assemble and refix to door. | O488: Nightlatch:Remove any type of cylinder nightlatch, dismantle, overhaul, repair, oil and assemble and refix to door. | P488: =IF(M488="","",M488*(1+$B$8)) -> 16.8223
A489: 391313 | C489: U | D489: N | E489: N | F489: Y | G489: JR | H489: NIGHTLATCH:RENEW PULL | I489: Carpentry and Joinery | J489: Ironmongery | K489: Cylinder Night Latches | L489: NO | M489: 15.1894 | N489: Nightlatch:Renew nightlatch finger full, dismantle latch, install new pull, oil and reassemble and refix to door. | O489: Nightlatch:Renew nightlatch finger full, dismantle latch, install new pull, oil and reassemble and refix to door. | P489: =IF(M489="","",M489*(1+$B$8)) -> 15.1894
A490: 391315 | C490: U | D490: N | E490: N | F490: Y | G490: JR | H490: LOCK:RENEW WITH KEYPAD TYPE - DOMESTIC STANDARD | I490: Carpentry and Joinery | J490: Ironmongery | K490: Keypad Locks | L490: NO | M490: 75.7111 | N490: Lock:Renew any nightlatch with domestic standard keypad type lock, keep and pull including altering door as necessary for new lock. | O490: Lock:Renew any nightlatch with domestic standard keypad type lock, keep and pull including altering door as necessary for new lock. | P490: =IF(M490="","",M490*(1+$B$8)) -> 75.7111
A491: 391317 | C491: U | D491: N | E491: N | F491: Y | G491: JR | H491: LOCK:RENEW WITH KEYPAD TYPE - HEAVY DUTY | I491: Carpentry and Joinery | J491: Ironmongery | K491: Keypad Locks | L491: NO | M491: 151.5337 | N491: Lock:Renew any nightlatch with heavy duty keypad and key type lock, keep and pull including altering door as necessary for new lock. | O491: Lock:Renew any nightlatch with heavy duty keypad and key type lock, keep and pull including altering door as necessary for new lock. | P491: =IF(M491="","",M491*(1+$B$8)) -> 151.5337
... A550: 392531 | C550: R | D550: N | E550: Y | F550: N | G550: JR | H550: DOOR FURNITURE:RENEW OR INSTALL LOW THRESHOLD | I550: Carpentry and Joinery | J550: Ironmongery | K550: Door Furniture including Viewer, Security Chain | L550: NO | M550: 37.9927 | N550: Door Furniture:Renew or supply and fix aluminium slimline low access threshold including plugging and screwing to floor, make good finishes. | O550: Door Furniture:Renew or supply and fix aluminium slimline low access threshold including plugging and screwing to floor, make good finishes. | P550: =IF(M550="","",M550*(1+$B$8)) -> 37.9927
A551: 392581 | B551: New | C551: R | D551: N | E551: N | F551: N | G551: JR | H551: DOOR FURNITURE:INSTALL 157MM FINGERGUARD | I551: Carpentry and Joinery | J551: Ironmongery | K551: Fingerguards | L551: IT | M551: 79.4515 | N551: Door Furniture:Supply and install 157mm wide slimlene heavy duty black EPDM finger guard in satin anodised aluminium carriers screwed to door and hanging jamb, make good and remove waste and debris. | O551: Door Furniture:Supply and install 157mm wide slimlene heavy duty black EPDM finger guard in satin anodised aluminium carriers screwed to door and hanging jamb in accordance with the manufacturer's technical data sheet, make good and remove waste and debris. | P551: =IF(M551="","",M551*(1+$B$8)) -> 79.4515
A552: 392583 | B552: New | C552: R | D552: N | E552: N | F552: N | G552: JR | H552: DOOR FURNITURE:INSTALL 260MM FINGERGUARD | I552: Carpentry and Joinery | J552: Ironmongery | K552: Fingerguards | L552: IT | M552: 115.7566 | N552: Door Furniture:Supply and install 260mm wide slimlene heavy duty black EPDM finger guard in satin anodised aluminium carriers screwed to door and hanging jamb, make good and remove waste and debris. | O552: Door Furniture:Supply and install 260mm wide slimlene heavy duty black EPDM finger guard in satin anodised aluminium carriers screwed to door and hanging jamb in accordance with the manufacturer's technical data sheet, make good and remove waste and debris. | P552: =IF(M552="","",M552*(1+$B$8)) -> 115.7566
A553: 392591 | B553: New | C553: R | D553: N | E553: N | F553: N | G553: JR | H553: DOOR FURNITURE:INSTALL DROP DOWN SMOKE SEAL 630MM | I553: Carpentry and Joinery | J553: Ironmongery | K553: Drop Down Smoke Seals | L553: IT | M553: 44.8304 | N553: Door Furniture:Install smoke rated drop down door seal comprising aluminium body with self extinguishing PVC runner, ne 630mm long. Undertaken by fire door certified operative. | O553: Door Furniture:Supply and install smoke rated surface mounted bottom drop down door seal comprising aluminium body with self extinguishing PVC runner coextruded seal and carrier, cut to size to suit door, not exceeding 630mm long, fixed to door in accordance with the manufacturer’s technical data sheet, make good and remove waste and debris. Undertaken by a fire door certified operative eg. BMTRADA or other approved certified body. | P553: =IF(M553="","",M553*(1+$B$8)) -> 44.8304
A554: 392595 | B554: New | C554: R | D554: N | E554: N | F554: N | G554: JR | H554: DOOR FURNITURE:INSTALL DROP DOWN SMOKE SEAL 830MM | I554: Carpentry and Joinery | J554: Ironmongery | K554: Drop Down Smoke Seals | L554: IT | M554: 49.2405 | N554: Door Furniture:Install smoke rated drop down door seal comprising aluminium body with self extinguishing PVC runner, over 730mm and ne 830mm long. Undertaken by fire door certified operative. | O554: Door Furniture:Supply and install smoke rated surface mounted bottom drop down door seal comprising aluminium body with self extinguishing PVC runner coextruded seal and carrier, cut to size to suit door, over 730mm and not exceeding 830mm long, fixed to door in accordance with the manufacturer’s technical data sheet, make good and remove waste and debris. Undertaken by a fire door certified operative eg. BMTRADA or other approved certified body. | P554: =IF(M554="","",M554*(1+$B$8)) -> 49.2405
A555: 392599 | B555: New | C555: R | D555: N | E555: N | F555: N | G555: JR | H555: DOOR FURNITURE:INSTALL DROP DOWN SMOKE SEAL 1030MM | I555: Carpentry and Joinery | J555: Ironmongery | K555: Drop Down Smoke Seals | L555: IT | M555: 53.522 | N555: Door Furniture:Supply, install smoke rated drop down door seal, aluminium body with self extinguishing PVC runner, over 930mm and ne1030mm long. Undertaken by fire door certified operative. | O555: Door Furniture:Supply and install smoke rated surface mounted bottom drop down door seal comprising aluminium body with self extinguishing PVC runner coextruded seal and carrier, cut to size to suit door, over 930mm and ne1030mm long, fixed to door in accordance with the manufacturer's technical data sheet, make good and remove waste and debris. Undertaken by a fire door certified operative eg. BMTRADA or other approved certified body. | P555: =IF(M555="","",M555*(1+$B$8)) -> 53.522
A556: 392601 | C556: R | D556: N | E556: N | F556: N | G556: JR | H556: DOORS:INSTALL ALUMINIUM SHEETING TO FACE OF DOOR | I556: Carpentry and Joinery | J556: Ironmongery | K556: Aluminium Door Facing | L556: IT | M556: 216.9347 | N556: Doors:Supply and install 4mm aluminium grade 1050 plain finish sheeting, cut to size of door and drilled and screwed at 150mm centres to face of door subject to high impact, remove waste and debris. | O556: Doors:Supply and install 4mm aluminium grade 1050 plain finish sheeting, cut to size of door and drilled and screwed at 150mm centres to face of door subject to high impact, remove waste and debris. | P556: =IF(M556="","",M556*(1+$B$8)) -> 216.9347
A557: 392701 | C557: R | D557: N | E557: N | F557: N | G557: JR | H557: LETTERPLATE:RENEW COMPLETE WITH KNOCKER | I557: Carpentry and Joinery | J557: Ironmongery | K557: Letterplates | L557: NO | M557: 51.8937 | N557: Letterplate:Renew letter plate and knocker including plugging and redrilling holes and altering opening where necessary and provide and fix new brush type draught excluder. | O557: Letterplate:Renew letter plate and knocker including plugging and redrilling holes and altering opening where necessary and provide and fix new brush type draught excluder. | P557: =IF(M557="","",M557*(1+$B$8)) -> 51.8937
A558: 392702 | C558: R | D558: N | E558: N | F558: N | G558: JR | H558: LETTERPLATE:SUPPLY AND FIX NEW | I558: Carpentry and Joinery | J558: Ironmongery | K558: Letterplates | L558: NO | M558: 85.247 | N558: Letterplate:Supply and fix new letter plate including cutting opening in door or sidelight frame and provide and fix new brush type draught excluder. | O558: Letterplate:Supply and fix new letter plate including cutting opening in door or sidelight frame and provide and fix new brush type draught excluder. | P558: =IF(M558="","",M558*(1+$B$8)) -> 85.247
...

Sheet Lot 2
A1: BAF26028 DLO Support Framework – Lot 2: Gas, Heating & Plumbing Repairs (incl. OOH)
A3: Price Schedule
A5: Tenderers must complete the yellow highlighted cells. Enter the proposed percentage adjustment in cell B8. Enter an uplift as a positive percentage (for example 10%) or a discount as a negative percentage (for example -10%). The adjustment is applied to every published SOR Rate and the adjusted total is shown in cell B8. All submitted prices must be fully inclusive of all costs associated with delivery unless expressly stated otherwise in the Tender Documents. No additional expenses or charges will be payable.
A8: SOR Proposed Adjustment %
A9: Total Amount (to be used for evaluation purposes) | B9: =SUM(P12:P558) -> 134471.51
A11: Document Code | B11: New v8 | C11: Priority | D11: Right to Repair | E11: Component Accounting | F11: First Time Fix | G11: NHF_Trade_Code | H11: Short Description | I11: Element | J11: Section | K11: Subsection | L11: UOM | M11: SOR Rate | N11: Medium Description | O11: Long Description | P11: Adjusted SOR Rate
A12: 387001 | C12: R | D12: N | E12: Y | F12: N | G12: JR | H12: DUCT:RENEW 6MM PLYWOOD SIDED CASING NE 300MM | I12: Carpentry and Joinery | J12: Ducting and Bath Panels | K12: Duct Casings | L12: LM | M12: 31.8633 | N12: Duct:Renew duct NE 300mm, 6mm WBP plywood sides, screwed with brass cups and screws to and including frame, plug and screw to walls, form access points, decorate to match existing, remove waste. | O12: Duct:Renew two or three sided pipe duct casing NE 300mm girth and framing, with 6mm WBP plywood casing sides, screwed with brass cups and screws to and including 38x50mm framing including plug and screw to walls, form access points as necessary and decorate to match existing and remove waste and debris. | P12: =IF(M12="","",M12*(1+$B$8)) -> 31.8633
A13: 387002 | C13: R | D13: N | E13: Y | F13: N | G13: JR | H13: DUCT:RENEW 12MM PLYWOOD SIDED CASING NE 300MM | I13: Carpentry and Joinery | J13: Ducting and Bath Panels | K13: Duct Casings | L13: LM | M13: 41.3534 | N13: Duct:Renew duct NE 300mm, 12mm WBP plywood sides, screwed with brass cups and screws to and including frame, plug and screw to walls, form access points, decorate to match existing, remove waste. | O13: Duct:Renew two or three sided pipe duct casing NE 300mm girth and framing, with 12mm WBP plywood casing sides, screwed with brass cups and screws to and including 38x50mm framing including plug and screw to walls, form access points as necessary and decorate to match existing and remove waste and debris. | P13: =IF(M13="","",M13*(1+$B$8)) -> 41.3534
A14: 387003 | C14: R | D14: N | E14: Y | F14: N | G14: JR | H14: DUCT:RENEW 6MM PLYWOOD CASING SIDE OVER 300MM | I14: Carpentry and Joinery | J14: Ducting and Bath Panels | K14: Duct Casings | L14: SM | M14: 69.2374 | N14: Duct:Renew duct over 300mm, 6mm WBP plywood sides, screwed with brass cups and screws to and including frame, plug and screw to walls, form access points, decorate to match existing, remove waste. | O14: Duct:Renew two or three sided pipe duct casing over 300mm girth and framing, with 6mm WBP plywood casing sides, screwed with brass cups and screws to and including 38x50mm framing including plug and screw to walls, form access points as necessary and decorate to match existing and remove waste and debris. | P14: =IF(M14="","",M14*(1+$B$8)) -> 69.2374
A15: 387004 | C15: R | D15: N | E15: Y | F15: N | G15: JR | H15: DUCT:RENEW 12MM PLYWOOD SIDED CASING OVER 300MM | I15: Carpentry and Joinery | J15: Ducting and Bath Panels | K15: Duct Casings | L15: SM | M15: 101.774 | N15: Duct:Renew duct over 300mm, 12mm WBP plywood sides, screwed with brass cups and screws to and including frame, plug and screw to walls, form access points, decorate to match existing, remove waste. | O15: Duct:Renew two or three sided pipe duct casing over 300mm girth and framing, with 12mm WBP plywood casing sides, screwed with brass cups and screws to and including 38x50mm framing including plug and screw to walls, form access points as necessary and decorate to match existing and remove waste and debris. | P15: =IF(M15="","",M15*(1+$B$8)) -> 101.774
A16: 387007 | C16: R | D16: N | E16: Y | F16: N | G16: JR | H16: DUCT:RENEW 6MM PLYWOOD SIDED CASING NE 450MM | I16: Carpentry and Joinery | J16: Ducting and Bath Panels | K16: Duct Casings | L16: LM | M16: 76.7566 | N16: Duct:Renew duct NE 450mm, 6mm WBP plywood sides, screwed with brass cups and screws to and including frame, plug and screw to walls, form access points, decorate to match existing, remove waste. | O16: Duct:Renew two or three sided pipe duct casing NE 450mm girth and framing, with 6mm WBP plywood casing sides, screwed with brass cups and screws to and including 38x50mm framing including plug and screw to walls, form access points as necessary and decorate to match existing and remove waste and debris. | P16: =IF(M16="","",M16*(1+$B$8)) -> 76.7566
A17: 387008 | C17: R | D17: N | E17: Y | F17: N | G17: JR | H17: DUCT:RENEW 12MM PLYWOOD SIDED CASING NE 450MM | I17: Carpentry and Joinery | J17: Ducting and Bath Panels | K17: Duct Casings | L17: LM | M17: 86.5448 | N17: Duct:Renew duct NE 450mm, 12mm WBP plywood sides, screwed with brass cups and screws to and including frame, plug and screw to walls, form access points, decorate to match existing, remove waste. | O17: Duct:Renew two or three sided pipe duct casing NE 450mm girth and framing, with 12mm WBP plywood casing sides, screwed with brass cups and screws to and including 38x50mm framing including plug and screw to walls, form access points as necessary and decorate to match existing and remove waste and debris. | P17: =IF(M17="","",M17*(1+$B$8)) -> 86.5448
A18: 387009 | C18: R | D18: N | E18: Y | F18: N | G18: JR | H18: DUCT:RENEW PLASTERBOARD CASING NE 300MM | I18: Carpentry and Joinery | J18: Ducting and Bath Panels | K18: Duct Casings | L18: LM | M18: 38.7027 | N18: Duct:Renew duct NE 300mm, 12.5mm plasterboard sides, screwed with brass cups and screws to and including frame, plug and screw to walls, form access points, decorate to match existing, remove waste. | O18: Duct:Renew two or three sided pipe duct casing NE 300mm girth and framing, with 12.5mm plasterboard casing sides, screwed with brass cups and screws to and including 38x50mm framing including plug and screw to walls, form access points as necessary and decorate to match existing and remove waste and debris. | P18: =IF(M18="","",M18*(1+$B$8)) -> 38.7027
A19: 387011 | C19: R | D19: N | E19: Y | F19: N | G19: JR | H19: DUCT:RENEW PLASTERBOARD CASING OVER 300MM | I19: Carpentry and Joinery | J19: Ducting and Bath Panels | K19: Duct Casings | L19: SM | M19: 79.3268 | N19: Duct:Renew duct over 300mm, 12.5mm plasterboard sides, screwed with brass cups and screws to and including frame, plug and screw to walls, form access points, decorate to match existing, remove waste. | O19: Duct:Renew two or three sided pipe duct casing over 300mm girth and framing, with 12.5mm plasterboard casing sides, screwed with brass cups and screws to and including 38x50mm framing including plug and screw to walls, form access points as necessary and decorate to match existing and remove waste and debris. | P19: =IF(M19="","",M19*(1+$B$8)) -> 79.3268
A20: 387015 | C20: R | D20: N | E20: Y | F20: N | G20: JR | H20: DUCT:RENEW PLASTERBOARD SIDED NE 450MM | I20: Carpentry and Joinery | J20: Ducting and Bath Panels | K20: Duct Casings | L20: LM | M20: 77.7578 | N20: Duct:Renew duct NE 450mm, 12.5mm plasterboard sides, screwed with brass cups and screws to and including frame, plug and screw to walls, form access points, decorate to match existing, remove waste. | O20: Duct:Renew two or three sided pipe duct casing NE 450mm girth and framing, with 12.5mm plasterboard casing sides, screwed with brass cups and screws to and including 38x50mm framing including plug and screw to walls, form access points as necessary and decorate to match existing and remove waste and debris. | P20: =IF(M20="","",M20*(1+$B$8)) -> 77.7578
A21: 387017 | C21: U | D21: N | E21: N | F21: Y | G21: JR | H21: DUCT:REMOVE REFIX CASING FOR CLIENT INSPECTION | I21: Carpentry and Joinery | J21: Ducting and Bath Panels | K21: Duct Casings | L21: LM | M21: 12.5803 | N21: Duct:Remove pipe duct casing for Employer inspection and later refix including all making good and make good decorations to match existing and remove waste and debris. | O21: Duct:Remove pipe duct casing for Employer inspection and later refix including all making good and make good decorations to match existing and remove waste and debris. | P21: =IF(M21="","",M21*(1+$B$8)) -> 12.5803
A22: 387019 | C22: R | D22: N | E22: N | F22: N | G22: JR | H22: DUCT:FORM ACCESS PANEL IN EXISTING | I22: Carpentry and Joinery | J22: Ducting and Bath Panels | K22: Duct Casings | L22: IT | M22: 63.2393 | N22: Duct:Form access panel in existing duct casing, remove plywood casing as necessary, cut out, form access panel fixed with brass cups and screws all additional framing and make good decorations. | O22: Duct:Form access panel in existing duct casing, remove plywood casing as necessary, cut out and form access panel fixed with brass cups and screws including all additional framing and make good decorations to match existing and remove waste and debris. | P22: =IF(M22="","",M22*(1+$B$8)) -> 63.2393
A23: 387021 | C23: R | D23: N | E23: N | F23: N | G23: JR | H23: DUCT:REMOVE DUCTING AND DISPOSE | I23: Carpentry and Joinery | J23: Ducting and Bath Panels | K23: Duct Casings | L23: NO | M23: 11.1178 | N23: Duct:Remove any type of duct covering and framing ne 1.00sm in wall area, make good finishes and remove waste and debris. | O23: Duct:Remove any type of duct covering and framing ne 1.00sm in wall area, make good finishes and remove waste and debris. | P23: =IF(M23="","",M23*(1+$B$8)) -> 11.1178
A24: 387023 | B24: New | C24: R | D24: N | E24: N | F24: N | G24: JR | H24: DUCT:INSTALL PROPRIETARY ACCESS PANEL 150 X 235MM | I24: Carpentry and Joinery | J24: Ducting and Bath Panels | K24: Duct Casings | L24: IT | M24: 35.3148 | N24: Duct: Cut opening in existing plywood or plasterboard duct casing and supply and install proprietary duct access panel size 150 x 235mm, all labours, make good, remove waste and debris. | O24: Duct: Cut opening in existing plywood or plasterboard duct casing and supply and install proprietary duct access panel size 150 x 235mm in accordance with the manufacturers technical data sheet, all labours, make good, remove waste and debris. | P24: =IF(M24="","",M24*(1+$B$8)) -> 35.3148
A25: 387025 | B25: New | C25: R | D25: N | E25: N | F25: N | G25: JR | H25: DUCT:INSTALL PROPRIETARY ACCESS PANEL 300 X 300MM | I25: Carpentry and Joinery | J25: Ducting and Bath Panels | K25: Duct Casings | L25: IT | M25: 169.8493 | N25: Duct: Cut opening in existing plywood or plasterboard duct casing and supply and install proprietary duct access panel size 300 x 300mm, all labours, make good, remove waste and debris. | O25: Duct: Cut opening in existing plywood or plasterboard duct casing and supply and install proprietary duct access panel size 300 x 300mm in accordance with the manufacturers technical data sheet , all labours, make good, remove waste and debris. | P25: =IF(M25="","",M25*(1+$B$8)) -> 169.8493
A26: 388001 | C26: R | D26: N | E26: Y | F26: N | G26: JR | H26: BATH PANEL:RENEW HARDBOARD SIDE AND FRAMING | I26: Carpentry and Joinery | J26: Ducting and Bath Panels | K26: Bath Panels and Framing | L26: IT | M26: 84.4631 | N26: Bath Panel:Renew or supply and fix 4.8mm self finished hardboard side bath panel, securely screwed with chromium plated dome headed screws to and including 38x50mm softwood framing. | O26: Bath Panel:Renew or supply and fix 4.8mm self finished hardboard side bath panel, securely screwed with chromium plated dome headed screws to and including 38x50mm softwood framing and remove waste and debris. | P26: =IF(M26="","",M26*(1+$B$8)) -> 84.4631
A27: 388003 | C27: R | D27: N | E27: Y | F27: N | G27: JR | H27: BATH PANEL:RENEW HARDBOARD END AND FRAMING | I27: Carpentry and Joinery | J27: Ducting and Bath Panels | K27: Bath Panels and Framing | L27: IT | M27: 57.2566 | N27: Bath Panel:Renew or supply and fix 4.8mm self finished hardboard end bath panel, fixed with chromium plated dome headed screws including 38x50mm softwood framing complete with metal bath panel trim. | O27: Bath Panel:Renew or supply and fix 4.8mm self finished hardboard end bath panel, securely screwed with chromium plated dome headed screws to and including 38x50mm softwood framing complete with metal bath panel trim and remove waste and debris. | P27: =IF(M27="","",M27*(1+$B$8)) -> 57.2566
A28: 388005 | C28: R | D28: N | E28: Y | F28: N | G28: JR | H28: BATH PANEL:RENEW HARDBOARD SIDE END AND FRAMING | I28: Carpentry and Joinery | J28: Ducting and Bath Panels | K28: Bath Panels and Framing | L28: IT | M28: 128.8937 | N28: Bath Panel:Renew or supply and fix 4.8mm self finished hardboard side and end bath panels securely screwed with cp dome screws, 38x50mm softwood framing complete with metal bath panel trim. | O28: Bath Panel:Renew or supply and fix 4.8mm self finished hardboard side and end bath panels securely screwed with chromium plated dome screws to and including 38x50mm softwood framing complete with metal bath panel trim and remove waste and debris. | P28: =IF(M28="","",M28*(1+$B$8)) -> 128.8937
A29: 388007 | C29: R | D29: N | E29: Y | F29: N | G29: JR | H29: BATH PANEL:RENEW HARDBOARD SIDE EXISTING FRAMING | I29: Carpentry and Joinery | J29: Ducting and Bath Panels | K29: Bath Panels and Framing | L29: IT | M29: 28.833 | N29: Bath Panel:Renew or supply and fix 4.8mm self finished hardboard side bath panel securely screwed with chromium plated dome screws to existing framing and remove waste and debris. | O29: Bath Panel:Renew or supply and fix 4.8mm self finished hardboard side bath panel securely screwed with chromium plated dome screws to existing framing and remove waste and debris. | P29: =IF(M29="","",M29*(1+$B$8)) -> 28.833
A30: 388009 | C30: R | D30: N | E30: Y | F30: N | G30: JR | H30: BATH PANEL:RENEW HARDBOARD END EXISTING FRAMING | I30: Carpentry and Joinery | J30: Ducting and Bath Panels | K30: Bath Panels and Framing | L30: IT | M30: 23.2741 | N30: Bath Panel:Renew or supply and fix 4.8mm self finished hardboard end bath panel securely screwed with chromium plated dome screws to existing framing complete with metal bath panel trim. | O30: Bath Panel:Renew or supply and fix 4.8mm self finished hardboard end bath panel securely screwed with chromium plated dome screws to existing framing complete with metal bath trim and remove waste and debris. | P30: =IF(M30="","",M30*(1+$B$8)) -> 23.2741
A31: 388011 | C31: R | D31: N | E31: Y | F31: N | G31: JR | H31: BATH PANEL:RENEW HARDBD SIDE END EXISTING FRAMING | I31: Carpentry and Joinery | J31: Ducting and Bath Panels | K31: Bath Panels and Framing | L31: IT | M31: 43.6232 | N31: Bath Panel:Renew or supply and fix 4.8mm self finished hardboard side and end bath panels securely screwed with chromium plated dome screws to existing framing and metal bath panel trim. | O31: Bath Panel:Renew or supply and fix 4.8mm self finished hardboard side and end bath panels securely screwed with chromium plated dome screws to existing framing and including metal bath panel edge trim and remove waste and debris. | P31: =IF(M31="","",M31*(1+$B$8)) -> 43.6232
A32: 388013 | C32: R | D32: N | E32: Y | F32: N | G32: JR | H32: BATH PANEL:RENEW ACRYLIC SIDE | I32: Carpentry and Joinery | J32: Ducting and Bath Panels | K32: Bath Panels and Framing | L32: IT | M32: 67.9423 | N32: Bath Panel Panel:Renew or supply and fix proprietary acrylic side bath panel, colour to match, all plinths, trims, corner pieces and the like, securely fixed with brackets and make good. | O32: Bath Panel:Renew or supply and fix proprietary acrylic side bath panel, colour to match, including all plinths, trims, corner pieces and the like, securely fixed with brackets and make good and remove waste and debris. | P32: =IF(M32="","",M32*(1+$B$8)) -> 67.9423
A33: 388015 | C33: R | D33: N | E33: Y | F33: N | G33: JR | H33: BATH PANEL:RENEW ACRYLIC END | I33: Carpentry and Joinery | J33: Ducting and Bath Panels | K33: Bath Panels and Framing | L33: IT | M33: 42.3114 | N33: Bath Panel Panel:Renew or supply and fix proprietary acrylic end bath panel, colour to match, all plinths, trims, corner pieces and the like, securely fixed with brackets and make good. | O33: Bath Panel:Renew or supply and fix proprietary acrylic end bath panel, colour to match, including all plinths, trims, corner pieces and the like, securely fixed with brackets and make good and remove waste and debris. | P33: =IF(M33="","",M33*(1+$B$8)) -> 42.3114
A34: 388017 | C34: R | D34: N | E34: Y | F34: N | G34: JR | H34: BATH PANEL:RENEW ACRYLIC SIDE AND END | I34: Carpentry and Joinery | J34: Ducting and Bath Panels | K34: Bath Panels and Framing | L34: IT | M34: 98.9905 | N34: Bath Panel Panel:Renew or supply and fix proprietary acrylic side and end bath panel, colour to match, all plinths, trims, corner pieces etc, securely fixed with brackets, make good. | O34: Bath Panel:Renew or supply and fix proprietary acrylic side and end bath panel, colour to match, including all plinths, trims, corner pieces and the like, securely fixed with brackets and make good and remove waste and debris. | P34: =IF(M34="","",M34*(1+$B$8)) -> 98.9905
A35: 388019 | C35: U | D35: N | E35: N | F35: Y | G35: JR | H35: BATH PANEL:REMOVE AND REFIX ANY TYPE | I35: Carpentry and Joinery | J35: Ducting and Bath Panels | K35: Bath Panels and Framing | L35: NO | M35: 14.0428 | N35: Bath Panel:Remove and later refix any bath panel (side or end) including any corner angle trim, skirting etc. | O35: Bath Panel:Remove and later refix any bath panel (side or end) including any corner angle trim, skirting etc. | P35: =IF(M35="","",M35*(1+$B$8)) -> 14.0428
A36: 610101 | C36: R | D36: N | E36: Y | F36: N | G36: PL | H36: STACK:RENEW EXTERNAL PVCU COMPLETE NE 2 STOREY | I36: Plumbing | J36: Foul Drainage Above Ground | K36: Soil and Vent Stacks - External - PVCu | L36: IT | M36: 598.8967 | N36: Stack:Take down external soil stack complete to any dwelling ne 2 storey, renew with 110mm PVCu pipework with all fittings, make joints, fixed to structure, make good to structure, finishes, test. | O36: Stack:Take down external soil stack complete to any dwelling ne 2 storey and renew with 110mm PVCu pipework complete with all necessary wc branches, bends, offsets, waste bosses, pipes, brackets, access pipes, drain connector, terminal and slate if necessary including all cutting and making joints, fixing to any background, make good to structure including roofing, soffit or similar and make good to all finishes and test and remove waste and debris. | P36: =IF(M36="","",M36*(1+$B$8)) -> 598.8967
A37: 610103 | C37: R | D37: N | E37: Y | F37: N | G37: PL | H37: STACK:RENEW EXTERNAL PVCU COMPLETE 2 TO 4 STOREY | I37: Plumbing | J37: Foul Drainage Above Ground | K37: Soil and Vent Stacks - External - PVCu | L37: IT | M37: 885.4982 | N37: Stack:Take down external soil stack complete to any dwelling over 2, ne 4 storey, renew with 110mm PVCu pipework with all fittings, make joints, fixed to structure, make good, test. | O37: Stack:Take down external soil stack complete to any dwelling over 2, ne 4 storey and renew with 110mm PVCu pipework complete with all necessary wc branches, bends, offsets, waste bosses, pipes, brackets, access pipes, drain connector, terminal and slate if necessary including all cutting and making joints, fixing to any background, make good to structure including roofing, soffit or similar and make good to all finishes and test and remove waste and debris. | P37: =IF(M37="","",M37*(1+$B$8)) -> 885.4982
... A262: 635021 | C262: R | D262: N | E262: N | F262: N | G262: PL | H262: PIPE:REMOVE LEAD AND REPLACE WITH COPPER | I262: Plumbing | J262: Supply Pipework | K262: Copper Pipework - Renewals | L262: LM | M262: 38.9207 | N262: Pipe:Remove redundant lead pipework including all fittings, fix new 22mm copper pipe fixed with clips and including all made bends, connectors, fittings, make good finishes and remove waste and debris | O262: Pipe:Remove redundant lead pipework including all fittings, fix new 22mm copper pipe fixed with clips and including all made bends, connectors, fittings, make good finishes and remove waste and debris. | P262: =IF(M262="","",M262*(1+$B$8)) -> 38.9207
A263: 635101 | B263: New | C263: R | D263: N | E263: N | F263: N | G263: PL | H263: PIPE:RENEW OR INSTALL 15MM POLYBUTYLENE BARRIER | I263: Plumbing | J263: Supply Pipework | K263: Polybutylene Barrier Pipework - Renewals | L263: LM | M263: 22.7748 | N263: Pipe:Renew or fix new any 15mm diameter pipe with Polybutylene Barrier pipe fixed with clips and including all push fit connectors, fittings and any adaptors for jointing to pipes of other material. | O263: Pipe:Renew or fix new any 15mm diameter pipe with Polybutylene Barrier HEP20 or equal approved pipe fixed with clips and including all push fit connectors, fittings and any adaptors for jointing to pipes of other material, pipework to be installed in accordance with manufacturers instructions, Polybutylene products made by different manufacturers are not to be used together, remove waste and debris. | P263: =IF(M263="","",M263*(1+$B$8)) -> 22.7748
A264: 635103 | B264: New | C264: R | D264: N | E264: N | F264: N | G264: PL | H264: PIPE:RENEW OR INSTALL 22MM POLYBUTYLENE BARRIER | I264: Plumbing | J264: Supply Pipework | K264: Polybutylene Barrier Pipework - Renewals | L264: LM | M264: 25.1733 | N264: Pipe:Renew or fix new any 22mm diameter pipe with Polybutylene Barrier pipe fixed with clips and including all push fit connectors, fittings and any adaptors for jointing to pipes of other material. | O264: Pipe:Renew or fix new any 22mm diameter pipe with Polybutylene Barrier HEP20 or equal approved pipe fixed with clips and including all push fit connectors, fittings and any adaptors for jointing to pipes of other material, pipework to be installed in accordance with manufacturers instructions, Polybutylene products made by different manufacturers are not to be used together, remove waste and debris. | P264: =IF(M264="","",M264*(1+$B$8)) -> 25.1733
A265: 635105 | B265: New | C265: R | D265: N | E265: N | F265: N | G265: PL | H265: PIPE:RENEW OR INSTALL 28MM POLYBUTYLENE BARRIER | I265: Plumbing | J265: Supply Pipework | K265: Polybutylene Barrier Pipework - Renewals | L265: LM | M265: 27.9696 | N265: Pipe:Renew or fix new any 28mm diameter pipe with Polybutylene Barrier pipe fixed with clips and including all push fit connectors, fittings and any adaptors for jointing to pipes of other material. | O265: Pipe:Renew or fix new any 28mm diameter pipe with Polybutylene Barrier HEP20 or equal approved pipe fixed with clips and including all push fit connectors, fittings and any adaptors for jointing to pipes of other material, pipework to be installed in accordance with manufacturers instructions, Polybutylene products made by different manufacturers are not to be used together, remove waste and debris. | P265: =IF(M265="","",M265*(1+$B$8)) -> 27.9696
A266: 635111 | B266: New | C266: R | D266: N | E266: N | F266: N | G266: PL | H266: PIPE:RENEW OR INSTALL 15MM POLYBUTYLENE STANDARD | I266: Plumbing | J266: Supply Pipework | K266: Polybutylene Standard Pipework - Renewals | L266: LM | M266: 22.4706 | N266: Pipe:Renew or fix new any 15mm diameter pipe with Polybutylene Standard pipe fixed with clips and including all push fit connectors, fittings and any adaptors for jointing to pipes of other material. | O266: Pipe:Renew or fix new any 15mm diameter pipe with Polybutylene Standard HEP20 or equal approved pipe fixed with clips and including all push fit connectors, fittings and any adaptors for jointing to pipes of other material, pipework to be installed in accordance with manufacturers instructions, Polybutylene products made by different manufacturers are not to be used together, remove waste and debris. | P266: =IF(M266="","",M266*(1+$B$8)) -> 22.4706
A267: 635113 | B267: New | C267: R | D267: N | E267: N | F267: N | G267: PL | H267: PIPE:RENEW OR INSTALL 22MM POLYBUTYLENE STANDARD | I267: Plumbing | J267: Supply Pipework | K267: Polybutylene Standard Pipework - Renewals | L267: LM | M267: 24.6 | N267: Pipe:Renew or fix new any 22mm diameter pipe with Polybutylene Standard pipe fixed with clips and including all push fit connectors, fittings and any adaptors for jointing to pipes of other material. | O267: Pipe:Renew or fix new any 22mm diameter pipe with Polybutylene Standard HEP20 or equal approved pipe fixed with clips and including all push fit connectors, fittings and any adaptors for jointing to pipes of other material, pipework to be installed in accordance with manufacturers instructions, Polybutylene products made by different manufacturers are not to be used together, remove waste and debris. | P267: =IF(M267="","",M267*(1+$B$8)) -> 24.6
A268: 635115 | B268: New | C268: R | D268: N | E268: N | F268: N | G268: PL | H268: PIPE:RENEW OR INSTALL 28MM POLYBUTYLENE STANDARD | I268: Plumbing | J268: Supply Pipework | K268: Polybutylene Standard Pipework - Renewals | L268: LM | M268: 26.8932 | N268: Pipe:Renew or fix new any 28mm diameter pipe with Polybutylene Standard pipe fixed with clips and including all push fit connectors, fittings and any adaptors for jointing to pipes of other material. | O268: Pipe:Renew or fix new any 28mm diameter pipe with Polybutylene Standard HEP20 or equal approved pipe fixed with clips and including all push fit connectors, fittings and any adaptors for jointing to pipes of other material, pipework to be installed in accordance with manufacturers instructions, Polybutylene products made by different manufacturers are not to be used together, remove waste and debris. | P268: =IF(M268="","",M268*(1+$B$8)) -> 26.8932
A269: 635301 | C269: R | D269: N | E269: N | F269: N | G269: PL | H269: TEE:INSTALL 15MM TO EXISTING COPPER PIPEWORK | I269: Plumbing | J269: Supply Pipework | K269: Copper Pipework - Extensions | L269: NO | M269: 14.5916 | N269: Tee:Cut into any existing copper service pipework and fix new 15mm tee for installation extension. | O269: Tee:Cut into any existing copper service pipework and fix new 15mm tee for installation extension. | P269: =IF(M269="","",M269*(1+$B$8)) -> 14.5916
A270: 635303 | C270: R | D270: N | E270: N | F270: N | G270: PL | H270: TEE:INSTALL 22MM TO EXISTING COPPER PIPEWORK | I270: Plumbing | J270: Supply Pipework | K270: Copper Pipework - Extensions | L270: NO | M270: 21.6684 | N270: Tee:Cut into any existing copper service pipework and fix new 22mm tee for installation extension. | O270: Tee:Cut into any existing copper service pipework and fix new 22mm tee for installation extension. | P270: =IF(M270="","",M270*(1+$B$8)) -> 21.6684
A271: 635305 | C271: R | D271: N | E271: N | F271: N | G271: PL | H271: TEE:INSTALL 28MM TO EXISTING COPPER PIPEWORK | I271: Plumbing | J271: Supply Pipework | K271: Copper Pipework - Extensions | L271: NO | M271: 30.1809 | N271: Tee:Cut into any existing copper service pipework and fix new 28mm tee for installation extension. | O271: Tee:Cut into any existing copper service pipework and fix new 28mm tee for installation extension. | P271: =IF(M271="","",M271*(1+$B$8)) -> 30.1809
A272: 640001 | C272: E | D272: Y | E272: N | F272: Y | G272: PL | H272: BURST:REPAIR BURST PIPE NE 28MM | I272: Plumbing | J272: Supply Pipework | K272: Burst Pipe Repairs | L272: NO | M272: 61.276 | N272: Burst:Turn off/on water supply, drain down, renew ne 1.00m length of any pipe, excluding lead, ne 28mm diameter including all bends, connectors, fittings, reinstate pipe lagging, test. | O272: Burst:Isolate water supply, drain down, cut out and renew ne 1.00m length of any pipe, excluding lead, ne 28mm diameter including all necessary bends, connectors, fittings, cutting and threading of pipes etc., reinstate water supply and pipe lagging and test on completion and remove waste and debris. | P272: =IF(M272="","",M272*(1+$B$8)) -> 61.276
A273: 640003 | C273: E | D273: Y | E273: N | F273: Y | G273: PL | H273: BURST:REPAIR LEAKING FITTING NE 28MM | I273: Plumbing | J273: Supply Pipework | K273: Burst Pipe Repairs | L273: NO | M273: 47.5855 | N273: Burst:Isolate/reinstate water supply, drain down, remove and renew leaking/defective fitting of any type ne 28mm dia, cut and thread pipes etc., reinstate pipe lagging, test, remove waste and debris. | O273: Burst:Isolate water supply, drain down, remove leaking/defective fitting of any type ne 28mm diameter, prepare existing pipework and renew fitting including any cutting and threading of pipes etc., reinstate water supply and pipe lagging and test on completion and remove waste and debris. | P273: =IF(M273="","",M273*(1+$B$8)) -> 47.5855
A274: 640005 | C274: E | D274: Y | E274: N | F274: Y | G274: PL | H274: BURST:REPAIR TO LEAD PIPE | I274: Plumbing | J274: Supply Pipework | K274: Burst Pipe Repairs | L274: NO | M274: 90.9839 | N274: Burst:Isolate water supply, drain down, cut out section of existing lead pipe, insert proprietary compression couplings and length of PVC pipe in repair to pipe, reinstate water supply, relag, test. | O274: Burst:Isolate water supply, drain down as necessary, cut out section of existing lead pipe and insert proprietary compression couplings and length of PVC pipe to effect repair to burst pipe, reinstate water supply, relag and test and remove waste and debris. | P274: =IF(M274="","",M274*(1+$B$8)) -> 90.9839
A275: 640601 | C275: R | D275: N | E275: N | F275: N | G275: PL | H275: WALL:REMOVE AND REFIX WC SUITE IN ASSOCIATION | I275: Specialist Treatments | J275: Fungus and Beetle Eradication and DPC Works | K275: Plumbing Works | L275: IT | M275: 92.7355 | N275: Wall:Remove, set aside, store, later refix WC and cistern in conjunction with specialist treatment works, new service valve new fittings, cone and multikwick, adjust or refix wc seat, make good. | O275: Wall:Remove, set aside, store, later refix WC and cistern in conjunction with specialist treatment works, adjust, extend pipe stubs, and provide new service valve if not already installed connect with new fittings, cone and multikwik, adjust or refix wc seat, disconnect and reconnect pipework, replug wall, test and make good all wall and floor finishes and remove waste and debris. | P275: =IF(M275="","",M275*(1+$B$8)) -> 92.7355
A276: 645007 | C276: R | D276: N | E276: N | F276: N | G276: PL | H276: INSULATION:REMOVE EXISTING FROM PIPE | I276: Plumbing | J276: Pipe Insulation | K276: Moulded Foam Pipe Insulation | L276: LM | M276: 1.4007 | N276: Insulation:Remove existing insulation including securing wires complete to any diameter pipe and remove waste and debris. | O276: Insulation:Remove existing insulation including securing wires complete to any diameter pipe and remove waste and debris. | P276: =IF(M276="","",M276*(1+$B$8)) -> 1.4007
A277: 645101 | C277: R | D277: N | E277: N | F277: N | G277: PL | H277: INSULATION:RENEW UPTO 22MM PIPE | I277: Plumbing | J277: Pipe Insulation | K277: Moulded Foam Pipe Insulation | L277: LM | M277: 6.5888 | N277: Insulation:Renew or supply preformed insulation to any pipe ne 22mm diameter, fix preformed split cellular insulation section to pipework with adhesive tape and remove waste and debris. | O277: Insulation:Renew or supply preformed insulation to any pipe ne 22mm diameter, fix preformed split cellular insulation section to pipework with adhesive tape and remove waste and debris. | P277: =IF(M277="","",M277*(1+$B$8)) -> 6.5888
A278: 645103 | C278: R | D278: N | E278: N | F278: N | G278: PL | H278: INSULATION:RENEW TO 28MM PIPE | I278: Plumbing | J278: Pipe Insulation | K278: Moulded Foam Pipe Insulation | L278: LM | M278: 6.8813 | N278: Insulation:Renew or supply preformed insulation to any pipe ne 28mm diameter, fix preformed split cellular insulation section to pipework with adhesive tape and remove waste and debris. | O278: Insulation:Renew or supply preformed insulation to any pipe ne 28mm diameter, fix preformed split cellular insulation section to pipework with adhesive tape and remove waste and debris. | P278: =IF(M278="","",M278*(1+$B$8)) -> 6.8813
A279: 650001 | C279: R | D279: N | E279: N | F279: N | G279: PL | H279: STOPCOCK:RENEW 15MM DIAMETER | I279: Plumbing | J279: Stopcocks and Valves | K279: Stopcocks | L279: NO | M279: 37.5869 | N279: Stopcock:Renew 15mm stopcock connected to any type of pipework including locate supply and turn water off/on, drain down/refill, adjust pipework as necessary and test and remove waste and debris. | O279: Stopcock:Renew 15mm stopcock connected to any type of pipework including locate supply and turn water off/on, drain down/refill, adjust pipework as necessary and test and remove waste and debris. | P279: =IF(M279="","",M279*(1+$B$8)) -> 37.5869
A280: 650003 | C280: R | D280: N | E280: N | F280: N | G280: PL | H280: STOPCOCK:RENEW 20MM DIAMETER | I280: Plumbing | J280: Stopcocks and Valves | K280: Stopcocks | L280: NO | M280: 42.7817 | N280: Stopcock:Renew 20mm stopcock connected to any type of pipework including locate supply and turn water off/on, drain down/refill, adjust pipework as necessary and test and remove waste and debris. | O280: Stopcock:Renew 20mm stopcock connected to any type of pipework including locate supply and turn water off/on, drain down/refill, adjust pipework as necessary and test and remove waste and debris. | P280: =IF(M280="","",M280*(1+$B$8)) -> 42.7817
... A364: 679211 | C364: R | D364: N | E364: Y | F364: N | G364: PL | H364: CYLINDER:RENEW UNVENTED DIRECT PRE-INSUL 250 LTR | I364: Plumbing | J364: Hot Water Cylinders | K364: Cylinders - Unvented Direct Pre-insulated | L364: NO | M364: 1146.7507 | N364: Cylinder:Turn on/off supplies, renew 250 litre unvented pre-insulated Dimplex Quantum cylinder with valves, immersion heaters, thermostat, expansion vessel, connections, vent, test system, bonding. | O364: Cylinder:Isolate supply, drain down, disconnect, clear away and renew or install 250 litre unvented pre-insulated Dimplex Quantum or equal and approved electric water heating cylinder with temperature and relief valves, 18 litre expansion vessel, connect new and existing feed and supply pipes, refill, vent and test system, including all newly made joints, install 2 no. 3kW immersion heaters (lower and upper boost) and thermostat, remake all bonding, remove/refix shelves etc. reconnect electricity supply and test on completion and remove waste and debris. | P364: =IF(M364="","",M364*(1+$B$8)) -> 1146.7507
A365: 679501 | B365: New | C365: U | D365: N | E365: N | F365: N | G365: PL | H365: CYLINDER:RENEW 18 LITRE EXPANSION VESSEL | I365: Plumbing | J365: Hot Water Cylinders | K365: Unvented Cylinder Repairs | L365: IT | M365: 156.9714 | N365: Cylinder:Renew or supply and install defective or missing 18 litre expansion vessel to unvented cylinder, including turn water etc off/on, remove and fit new part, test and remove waste and debris. | O365: Cylinder:Renew or supply and install defective or missing 18 litre expansion vessel to unvented cylinder, including turn water etc off/on, remove and fit new part, test and remove waste and debris. | P365: =IF(M365="","",M365*(1+$B$8)) -> 156.9714
A366: 679503 | B366: New | C366: R | D366: N | E366: N | F366: N | G366: PL | H366: CYLINDER:RENEW 25 LITRE EXPANSION VESSEL | I366: Plumbing | J366: Hot Water Cylinders | K366: Unvented Cylinder Repairs | L366: IT | M366: 160.7505 | N366: Cylinder:Renew or supply and install defective or missing 25 litre expansion vessel to unvented cylinder, including turn water etc off/on, remove and fit new part, test and remove waste and debris. | O366: Cylinder:Renew or supply and install defective or missing 25 litre expansion vessel to unvented cylinder, including turn water etc off/on, remove and fit new part, test and remove waste and debris. | P366: =IF(M366="","",M366*(1+$B$8)) -> 160.7505
A367: 679505 | B367: New | C367: U | D367: N | E367: N | F367: N | G367: PL | H367: CYLINDER:RENEW 12 LITRE EXPANSION VESSEL POTABLE | I367: Plumbing | J367: Hot Water Cylinders | K367: Unvented Cylinder Repairs | L367: IT | M367: 74.6151 | N367: Cylinder:Renew or supply and install defective or missing 12 litre replaceable membrane potable water expansion vessel to unvented cylinder, turn water etc off/on, test, remove waste and debris. | O367: Cylinder:Renew or supply and install defective or missing 12 litre replaceable membrane potable water expansion vessel to unvented cylinder, including turn water etc off/on, remove and fit new part, test and remove waste and debris. | P367: =IF(M367="","",M367*(1+$B$8)) -> 74.6151
A368: 679507 | B368: New | C368: U | D368: Y | E368: N | F368: Y | G368: PL | H368: CYLINDER:RENEW PRESSURE + TEMPERATURE RELIEF VALVE | I368: Plumbing | J368: Hot Water Cylinders | K368: Unvented Cylinder Repairs | L368: IT | M368: 71.0349 | N368: Cylinder:Renew or supply and install defective or missing 7 bar temperature and pressure relief valve to unvented cylinder, including turn water etc off/on, test, remove waste and debris. | O368: Cylinder:Renew or supply and install defective or missing 7 bar temperature and pressure relief valve to unvented cylinder, including turn water etc. off/on, remove and fit new part, test and remove waste and debris. | P368: =IF(M368="","",M368*(1+$B$8)) -> 71.0349
A369: 679509 | B369: New | C369: U | D369: Y | E369: N | F369: Y | G369: PL | H369: CYLINDER:RENEW MULTIFUNCTION VALVE | I369: Plumbing | J369: Hot Water Cylinders | K369: Unvented Cylinder Repairs | L369: IT | M369: 163.5702 | N369: Cylinder:Renew or supply and install defective or missing 3.5 bar pressure reducing and 6 bar relief valve to unvented cylinder, including turn water etc off/on, test, remove waste and debris. | O369: Cylinder:Renew or supply and install defective or missing 3.5 bar pressure reducing and 6 bar relief valve to unvented cylinder, including turn water etc off/on, remove and fit new part, test and remove waste and debris. | P369: =IF(M369="","",M369*(1+$B$8)) -> 163.5702
A370: 679511 | B370: New | C370: U | D370: Y | E370: N | F370: Y | G370: PL | H370: CYLINDER:RENEW EXPANSION RELIEF MANIFOLD VALVE | I370: Plumbing | J370: Hot Water Cylinders | K370: Unvented Cylinder Repairs | L370: IT | M370: 69.8415 | N370: Cylinder:Renew or supply and install defective or missing 6 bar pressure relief expansion manifold valve to unvented cylinder, including turn water etc off/on, test, remove waste and debris. | O370: Cylinder:Renew or supply and install defective or missing 6 bar pressure relief expansion manifold valve to unvented cylinder, including turn water etc off/on, remove and fit new part, test and remove waste and debris. | P370: =IF(M370="","",M370*(1+$B$8)) -> 69.8415
A371: 679513 | B371: New | C371: U | D371: Y | E371: N | F371: Y | G371: PL | H371: CYLINDER:RENEW PRESSURE 3 PORT REDUCING VALVE | I371: Plumbing | J371: Hot Water Cylinders | K371: Unvented Cylinder Repairs | L371: IT | M371: 104.9181 | N371: Cylinder:Renew or supply and install defective or missing 3 port preset 3.5 bar pressure reducing valve to unvented cylinder, including turn water etc off/on, test, remove waste and debris. | O371: Cylinder:Renew or supply and install defective or missing 3 port preset 3.5 bar pressure reducing valve to unvented cylinder, including turn water etc off/on, remove and fit new part, test and remove waste and debris. | P371: =IF(M371="","",M371*(1+$B$8)) -> 104.9181
A372: 679515 | B372: New | C372: U | D372: Y | E372: N | F372: Y | G372: PL | H372: CYLINDER:RENEW TUNDISH | I372: Plumbing | J372: Hot Water Cylinders | K372: Unvented Cylinder Repairs | L372: IT | M372: 36.1104 | N372: Cylinder:Renew or supply and install defective or missing 14mm x 22mm straight plastic tundish to unvented cylinder, including turn water etc off/on, test, remove waste and debris. | O372: Cylinder:Renew or supply and install defective or missing 14mm x 22mm straight plastic tundish to unvented cylinder, including turn water etc off/on, remove and fit new part, test and remove waste and debris. | P372: =IF(M372="","",M372*(1+$B$8)) -> 36.1104
A373: 679517 | B373: New | C373: R | D373: N | E373: N | F373: N | G373: PL | H373: CYLINDER:RENEW 3KW HEATING ELEMENT | I373: Plumbing | J373: Hot Water Cylinders | K373: Unvented Cylinder Repairs | L373: IT | M373: 42.171 | N373: Cylinder:Renew or supply and install defective or missing 3kw heating element to unvented cylinder, including turn water etc off/on, remove and fit new part, test and remove waste and debris. | O373: Cylinder:Renew or supply and install defective or missing 3kw heating element to unvented cylinder, including turn water etc off/on, remove and fit new part, test and remove waste and debris. | P373: =IF(M373="","",M373*(1+$B$8)) -> 42.171
A374: 679519 | B374: New | C374: U | D374: Y | E374: N | F374: Y | G374: PL | H374: CYLINDER:RENEW 3 KW IMMERSION ELEMENT KIT | I374: Plumbing | J374: Hot Water Cylinders | K374: Unvented Cylinder Repairs | L374: IT | M374: 74.8959 | N374: Cylinder:Renew or supply and install defective or missing 3kw immersion element kit with 11" thermostat to unvented cylinder, including turn water etc off/on, test, remove waste and debris. | O374: Cylinder:Renew or supply and install defective or missing 3kw immersion element kit with 11" thermostat to unvented cylinder, including turn water etc off/on, remove and fit new part, test and remove waste and debris. | P374: =IF(M374="","",M374*(1+$B$8)) -> 74.8959
A375: 679521 | B375: New | C375: U | D375: Y | E375: N | F375: Y | G375: PL | H375: CYLINDER:RENEW 11" THERMOSTAT | I375: Plumbing | J375: Hot Water Cylinders | K375: Unvented Cylinder Repairs | L375: IT | M375: 36.4029 | N375: Cylinder:Renew or supply and install defective or missing 11" thermostat to unvented cylinder, including turn water etc off/on, remove and fit new part, test and remove waste and debris. | O375: Cylinder:Renew or supply and install defective or missing 11" thermostat to unvented cylinder, including turn water etc off/on, remove and fit new part, test and remove waste and debris. | P375: =IF(M375="","",M375*(1+$B$8)) -> 36.4029
A376: 679523 | B376: New | C376: U | D376: Y | E376: N | F376: Y | G376: PL | H376: CYLINDER:RENEW PRESSURE REDUCING VALVE CARTRIDGE | I376: Plumbing | J376: Hot Water Cylinders | K376: Unvented Cylinder Repairs | L376: IT | M376: 41.4807 | N376: Cylinder:Renew or supply and install defective or missing cartridge to 3.5bar pressure relieving or pressure reducing valve to unvented cylinder, turn water etc off/on, test, remove waste and debris. | O376: Cylinder:Renew or supply and install defective or missing cartridge to 3.5bar pressure relieving or pressure reducing valve to unvented cylinder, including turn water etc off/on, remove and fit new part, test and remove waste and debris. | P376: =IF(M376="","",M376*(1+$B$8)) -> 41.4807
... A378: 679527 | B378: New | C378: U | D378: Y | E378: N | F378: Y | G378: PL | H378: CYLINDER:RENEW ELECTRODE ANODE | I378: Plumbing | J378: Hot Water Cylinders | K378: Unvented Cylinder Repairs | L378: IT | M378: 51.2034 | N378: Cylinder:Renew or supply and install defective or missing titanium electrode anode to unvented cylinder, including turn water etc off/on, remove and fit new part, test and remove waste and debris. | O378: Cylinder:Renew or supply and install defective or missing titanium electrode anode to unvented cylinder, including turn water etc off/on, remove and fit new part, test and remove waste and debris. | P378: =IF(M378="","",M378*(1+$B$8)) -> 51.2034
A379: 680001 | C379: R | D379: N | E379: Y | F379: N | G379: PL | H379: SCALE REDUCER:SUPPLY MAGNETIC TYPE | I379: Plumbing | J379: Hot Water Cylinders | K379: Scale Reducers | L379: IT | M379: 48.5751 | N379: Scale Reducer:Supply and install magnetic type scale reducer to cold water supply, locate, turn water off/on, drain down/refill system, cut pipe insert scale reducer unit, connections, test. | O379: Scale Reducer:Supply and install magnetic type scale reducer to cold water supply including locate and turn water off, drain down as necessary, cut into existing pipe and insert scale reducer unit including all necessary connections, reinstate water supply and test and remove waste and debris. | P379: =IF(M379="","",M379*(1+$B$8)) -> 48.5751
A380: 680003 | C380: R | D380: N | E380: Y | F380: N | G380: PL | H380: SCALE REDUCER:SUPPLY ELECTROLYTIC TYPE | I380: Plumbing | J380: Hot Water Cylinders | K380: Scale Reducers | L380: IT | M380: 45.5448 | N380: Scale Reducer:Supply and install electrolytic type scale reducer to cold water supply, locate, turn water off/on, drain down/refill system, cut pipe insert scale reducer unit, connections, test. | O380: Scale Reducer:Supply and install electrolytic type scale reducer to cold water supply including locate and turn water off, drain down as necessary, cut into existing pipe and insert scale reducer unit including all necessary connections, reinstate water supply and test and remove waste and debris. | P380: =IF(M380="","",M380*(1+$B$8)) -> 45.5448
A381: 680005 | C381: R | D381: N | E381: Y | F381: N | G381: PL | H381: SCALE REDUCER:SUPPLY CHEMICAL TYPE | I381: Plumbing | J381: Hot Water Cylinders | K381: Scale Reducers | L381: IT | M381: 146.2396 | N381: Scale Reducer:Supply and install chemical in line scale reducer to cold water supply, locate, turn water off/on, drain down/refill system, cut pipe insert scale reducer unit, connections, test. | O381: Scale Reducer:Supply and install chemical in line scale reducer to cold water supply including locate and turn water off, drain down as necessary, cut into existing pipe and insert scale reducer unit including fix two stop valves, make all necessary connections and test and remove waste and debris. | P381: =IF(M381="","",M381*(1+$B$8)) -> 146.2396
A382: 680007 | C382: U | D382: N | E382: N | F382: Y | G382: PL | H382: SCALE REDUCER:RECHARGE CHEMICAL TYPE | I382: Plumbing | J382: Hot Water Cylinders | K382: Scale Reducers | L382: IT | M382: 37.0638 | N382: Scale Reducer:Gain access and recharge any type of chemical scale reducer. | O382: Scale Reducer:Gain access and recharge any type of chemical scale reducer. | P382: =IF(M382="","",M382*(1+$B$8)) -> 37.0638
A383: 680009 | C383: R | D383: N | E383: Y | F383: N | G383: PL | H383: SCALE REDUCER:ELECTRO MAGNETIC NON INTRUSIVE TYPE | I383: Plumbing | J383: Hot Water Cylinders | K383: Scale Reducers | L383: IT | M383: 89.4413 | N383: Scale Reducer:Supply and install electronic Water King non intrusive type scale reducer locate, turn water off/on, drain down/refill system, test. | O383: Scale Reducer:Supply and install electronic 'Water King' non intrusive type scale reducer to hot or cold water pipes complete, computerised control unit with internal transformer hardwired to fused electrical outlet, wire aerials coiled around pipework and secured, make all necessary connections and test and remove waste and debris. | P383: =IF(M383="","",M383*(1+$B$8)) -> 89.4413
A384: 683001 | C384: U | D384: N | E384: N | F384: Y | G384: PL | H384: BACK SURGING/VENTING:2 NO STOREY BLOCK | I384: Plumbing | J384: Blocks | K384: Back Surging/Venting | L384: IT | M384: 299.1252 | N384: Back Surging/Venting:Investigate back surging, venting or other fault attributable to unidentified individual property within 2 storey block of flats, investigate, locate, rectify fault, test, report. | O384: Back Surging/Venting:Investigate incidence of back surging, venting of heating system or other fault attributable to individual property within block that cannot be identified within 2 storey block of flats. Investigate, locate offending property and rectify fault including access all intake cupboards, ducts, service voids and properties, isolate water supply, drain down, remove leaking or defective fitting of any type of any diameter, prepare existing pipework and renew fitting including any cutting and threading of pipes etc., reinstate water supply and pipe lagging and test on completion, provide written report and remove waste and debris. | P384: =IF(M384="","",M384*(1+$B$8)) -> 299.1252
A385: 683003 | C385: U | D385: N | E385: N | F385: Y | G385: PL | H385: BACK SURGING/VENTING:3-5 NO STOREY BLOCK | I385: Plumbing | J385: Blocks | K385: Back Surging/Venting | L385: IT | M385: 561.7465 | N385: Back Surging/Venting:Investigate back surging, venting or other fault attributable to unidentified individual property within 3-5 storey block of flats, investigate, locate, rectify fault, test. | O385: Back Surging/Venting:Investigate incidence of back surging, venting of heating system or other fault attributable to individual property within block that cannot be identified within 3-5 storey block of flats. Investigate, locate offending property and rectify fault including access all intake cupboards, ducts, service voids and properties, isolate water supply, drain down, remove leaking or defective fitting of any type of any diameter, prepare existing pipework and renew fitting including any cutting and threading of pipes etc., reinstate water supply and pipe lagging and test on completion, provide written report and remove waste and debris. | P385: =IF(M385="","",M385*(1+$B$8)) -> 561.7465
A386: 683005 | C386: U | D386: N | E386: N | F386: Y | G386: PL | H386: BACK SURGING/VENTING:6-11 NO STOREY BLOCK | I386: Plumbing | J386: Blocks | K386: Back Surging/Venting | L386: IT | M386: 824.3676 | N386: Back Surging/Venting:Investigate back surging, venting or other fault attributable to unidentified individual property within 6-11 storey block of flats, investigate, locate, rectify fault, test. | O386: Back Surging/Venting:Investigate incidence of back surging, venting of heating system or other fault attributable to individual property within block that cannot be identified within 6-11 storey block of flats. Investigate, locate offending property and rectify fault including access all intake cupboards, ducts, service voids and properties, isolate water supply, drain down, remove leaking or defective fitting of any type of any diameter, prepare existing pipework and renew fitting including any cutting and threading of pipes etc., reinstate water supply and pipe lagging and test on completion, provide written report and remove waste and debris. | P386: =IF(M386="","",M386*(1+$B$8)) -> 824.3676
A387: 683007 | C387: U | D387: N | E387: N | F387: Y | G387: PL | H387: BACK SURGING/VENTING:12+ NO STOREY BLOCK | I387: Plumbing | J387: Blocks | K387: Back Surging/Venting | L387: IT | M387: 1318.0956 | N387: Back Surging/Venting:Investigate back surging, venting or other fault attributable to unidentified individual property within 12 or more storey block of flats, investigate, locate, rectify fault, test | O387: Back Surging/Venting:Investigate incidence of back surging, venting of heating system or other fault attributable to individual property within block that cannot be identified within 12 or more storey block of flats. Investigate, locate offending property and rectify fault including access all intake cupboards, ducts, service voids and properties, isolate water supply, drain down, remove leaking or defective fitting of any type of any diameter, prepare existing pipework and renew fitting including any cutting and threading of pipes etc., reinstate water supply and pipe lagging and test on completion, provide written report and remove waste and debris. | P387: =IF(M387="","",M387*(1+$B$8)) -> 1318.0956
A388: 683011 | C388: E | D388: Y | E388: N | F388: Y | G388: PL | H388: RECTIFY LEAK:AFFECTING 2 NO FLOORS OF BLOCK | I388: Plumbing | J388: Blocks | K388: Rectify Leaks | L388: IT | M388: 303.2454 | N388: Rectify Leak:Affecting 2No. floors of block of flats, access all intake cupboards, ducts etc and properties, isolate and drain down, remove/renew any defective fitting, reinstate water, test, report. | O388: Rectify Leak:Affecting 2No. floors of block of flats, investigate locate and rectify leak to block of flats including access all intake cupboards, ducts, service voids and properties, isolate water supply, drain down, remove leaking/defective fitting of any type of any diameter, prepare existing pipework and renew fitting including any cutting and threading of pipes etc., reinstate water supply and pipe lagging and test on completion, provide written report and remove waste and debris. | P388: =IF(M388="","",M388*(1+$B$8)) -> 303.2454
A389: 683013 | C389: E | D389: Y | E389: N | F389: Y | G389: PL | H389: RECTIFY LEAK:3-5 NO FLOORS OF BLOCK | I389: Plumbing | J389: Blocks | K389: Rectify Leaks | L389: IT | M389: 584.6117 | N389: Rectify Leak:Affecting 3-5 floors of block of flats, access all intake cupboards, ducts etc and properties, isolate and drain down, remove/renew any defective fitting, reinstate water, test, report. | O389: Rectify Leak:Affecting 3-5No. floors of block of flats, investigate locate and rectify leak to block of flats including access all intake cupboards, ducts, service voids and properties, isolate water supply, drain down, remove leaking/defective fitting of any type of any diameter, prepare existing pipework and renew fitting including any cutting and threading of pipes etc., reinstate water supply and pipe lagging and test on completion, provide written report and remove waste and debris. | P389: =IF(M389="","",M389*(1+$B$8)) -> 584.6117
A390: 683015 | C390: E | D390: Y | E390: N | F390: Y | G390: PL | H390: RECTIFY LEAK:6-11 NO FLOORS OF BLOCK | I390: Plumbing | J390: Blocks | K390: Rectify Leaks | L390: IT | M390: 865.9781 | N390: Rectify Leak:Affecting 6-11 floors of block of flats, access all intake cupboards, ducts etc and properties, isolate and drain down, remove/renew any defective fitting, reinstate water, test, report. | O390: Rectify Leak:Affecting 6-11No. floors of block of flats, investigate locate and rectify leak to block of flats including access all intake cupboards, ducts, service voids and properties, isolate water supply, drain down, remove leaking/defective fitting of any type of any diameter, prepare existing pipework and renew fitting including any cutting and threading of pipes etc., reinstate water supply and pipe lagging and test on completion, provide written report and remove waste and debris. | P390: =IF(M390="","",M390*(1+$B$8)) -> 865.9781
... A399: 690005 | C399: X | D399: N | E399: N | F399: Y | G399: PL | H399: VOID:SAFETY CHECK HOT AND COLD WATER | I399: Plumbing | J399: Sundry Works | K399: Safety Checks and Drain Downs | L399: IT | M399: 31.5146 | N399: Void:Carry out safety check of complete hot and cold water plumbing and waste installation to any void property and provide written report to the CR. | O399: Void:Carry out safety check of complete hot and cold water plumbing and waste installation to any void property and provide written report to the Client Representative. | P399: =IF(M399="","",M399*(1+$B$8)) -> 31.5146
A400: 693001 | B400: New | C400: R | D400: N | E400: N | F400: N | G400: PL | H400: STAND PIPE:PROVIDE NE 50MM SINGLE OUTLET | I400: Plumbing | J400: Underground Water Mains | K400: Stand Pipes | L400: NO | M400: 158.0132 | N400: Stand Pipe:Supply, install any ne 50mm dia. with single outlet stand pipe to communal garden, cut and fit to existing pipework or to new 19mm alkathene pipework, joints, test, remove waste and debris. | O400: Stand Pipe:Supply and install any ne 50mm diameter with single outlet stand pipe to communal garden including cutting and fitting to existing pipework or to new 19mm alkathene pipework, make all necessary joints, and test, and remove waste and debris. | P400: =IF(M400="","",M400*(1+$B$8)) -> 158.0132
A401: 693003 | B401: New | C401: R | D401: N | E401: N | F401: N | G401: PL | H401: STAND PIPE:PROVIDE NE 50MM DOUBLE OUTLET | I401: Plumbing | J401: Underground Water Mains | K401: Stand Pipes | L401: NO | M401: 171.5033 | N401: Stand Pipe:Supply, install any ne 50mm dia. with double outlet stand pipe to communal garden, cut and fit to existing pipework or to new 19mm alkathene pipework, joints, test, remove waste and debris. | O401: Stand Pipe:Supply and install any ne 50mm diameter with double outlet stand pipe to communal garden including cutting and fitting to existing pipework or to new 19mm alkathene, make all necessary joints, and test, and remove waste and debris. | P401: =IF(M401="","",M401*(1+$B$8)) -> 171.5033
A402: 693021 | B402: New | C402: R | D402: N | E402: Y | F402: N | G402: PL | H402: NEW SUPPLY:EXCAVATE AND CONNECT NEW MAIN | I402: Plumbing | J402: Underground Water Mains | K402: Water Mains - Connections | L402: NO | M402: 177.5896 | N402: New Supply:Isolate water supply, drain down, cut out and insert new tee for 19mm diameter alkathene pipe to any size pipe, all fittings, reinstate water supply, test , item allows for all excavation | O402: New Supply:Isolate water supply, drain down, cut out and insert new tee for 19mm diameter alkathene pipe to any size water main, including all necessary fittings, reinstate water supply and test all newly made joints on completion, item allows for all excavation, earthwork support, backfill and remove waste and debris. | P402: =IF(M402="","",M402*(1+$B$8)) -> 177.5896
A403: 701001 | C403: U | D403: N | E403: N | F403: Y | G403: HE | H403: RADIATOR VALVE:RENEW VALVE AND DRAIN DOWN | I403: Heating, Gas Appliances and Installations | J403: Radiators | K403: Radiator - Valves | L403: IT | M403: 88.25 | N403: Radiator Valve:Renew 15mm diameter handwheel or lockshield single entry radiator valve, drain down and vent system, reinstate water supply, install corrosion inhibitor, and test on completion. | O403: Radiator Valve:Renew 15mm diameter handwheel or lockshield single entry radiator valve including drain down and vent system, reinstate water supply, install corrosion inhibitor, test on completion and remove waste and debris. | P403: =IF(M403="","",M403*(1+$B$8)) -> 88.25
A404: 701003 | C404: U | D404: N | E404: N | F404: Y | G404: HE | H404: RADIATOR VALVE:RENEW WHILST SYSTEM DRAINED | I404: Heating, Gas Appliances and Installations | J404: Radiators | K404: Radiator - Valves | L404: IT | M404: 13.8219 | N404: Radiator Valve:Renew 15mm diameter handwheel or lockshield single entry radiator valve whilst system is drained for associated work. | O404: Radiator Valve:Renew 15mm diameter handwheel or lockshield single entry radiator valve whilst system is drained for associated work. | P404: =IF(M404="","",M404*(1+$B$8)) -> 13.8219
A405: 701005 | C405: U | D405: N | E405: N | F405: Y | G405: HE | H405: RADIATOR VALVE:RENEW THERMOSTATIC AND DRAIN DOWN | I405: Heating, Gas Appliances and Installations | J405: Radiators | K405: Radiator - Valves | L405: IT | M405: 93.6203 | N405: Radiator Valve:Renew 15mm diameter thermostatic radiator valve, drain down and vent system, reinstate water supply, install corrosion inhibitor and test on completion. | O405: Radiator Valve:Renew 15mm diameter thermostatic radiator valve, including drain down and vent system, reinstate water supply, install corrosion inhibitor and test on completion and remove waste and debris. | P405: =IF(M405="","",M405*(1+$B$8)) -> 93.6203
A406: 701007 | C406: U | D406: N | E406: N | F406: Y | G406: HE | H406: RADIATOR VALVE:RENEW THERMOSTATIC SYSTEM DRAINED | I406: Heating, Gas Appliances and Installations | J406: Radiators | K406: Radiator - Valves | L406: IT | M406: 18.4152 | N406: Radiator Valve:Renew 15mm diameter thermostatic radiator valve whilst system is drained for associated work. | O406: Radiator Valve:Renew 15mm diameter thermostatic radiator valve whilst system is drained for associated work. | P406: =IF(M406="","",M406*(1+$B$8)) -> 18.4152
A407: 701011 | C407: E | D407: Y | E407: N | F407: Y | G407: HE | H407: RADIATOR VALVE:OVERHAUL ANY TYPE | I407: Heating, Gas Appliances and Installations | J407: Radiators | K407: Radiator - Valves | L407: NO | M407: 87.4544 | N407: Radiator Valve:Overhaul any radiator valve, turn supplies off/on, drain down/refill, repack, reseat, deburr spindle, repair leaking valve, renew plastic cap, install corrosion inhibitor and test. | O407: Radiator Valve:Overhaul any radiator valve including turn supplies off/on, drain down/refill as required, repack, reseat, deburr spindle, repair leaking valve, renew plastic cap, install corrosion inhibitor and test on completion and remove waste and debris. | P407: =IF(M407="","",M407*(1+$B$8)) -> 87.4544
A408: 702001 | C408: U | D408: N | E408: Y | F408: Y | G408: HE | H408: PUMP:RENEW WHERE ISOLATING VALVES FITTED | I408: Heating, Gas Appliances and Installations | J408: Heating Pumps and Valves | K408: Pumps | L408: NO | M408: 179.2037 | N408: Pump:Shut off isolating valves and renew variable head type circulating pump, make all necessary connections to pipework and electrical supply and test on completion and remove waste and debris. | O408: Pump:Shut off isolating valves and renew variable head type circulating pump, make all necessary connections to pipework and electrical supply and test on completion and remove waste and debris. | P408: =IF(M408="","",M408*(1+$B$8)) -> 179.2037
A409: 702003 | C409: U | D409: N | E409: Y | F409: Y | G409: HE | H409: PUMP:RENEW INCLUDING SUPPLY ISOLATING VALVES | I409: Heating, Gas Appliances and Installations | J409: Heating Pumps and Valves | K409: Pumps | L409: NO | M409: 269.5105 | N409: Pump:Shut down supply, drain down/refill and renew with variable head type circulating pump and pair of isolating valves, remake connections, adapt install corrosion inhibitor and test. | O409: Pump:Shut down supply, drain down as necessary and remove existing pump, supply and fix new variable head type circulating pump and pair of isolating valves and connect to existing pipework and electrical supply including all adjustments, refill system, install corrosion inhibitor and test on completion and remove waste and debris. | P409: =IF(M409="","",M409*(1+$B$8)) -> 269.5105
A410: 702005 | C410: U | D410: N | E410: Y | F410: Y | G410: HE | H410: PUMP:SUPPLY NEW INCLUDING ISOLATING VALVES | I410: Heating, Gas Appliances and Installations | J410: Heating Pumps and Valves | K410: Pumps | L410: NO | M410: 286.5136 | N410: Pump:Turn off/on water, drain down/refill, cut into pipework supply and connect new variable head type circulating pump, install pair of isolating valves, install corrosion inhibitor, test. | O410: Pump:Turn off water, drain down cut into pipework supply and connect new variable head type circulating pump to pipework and electrical supply install pair of isolating valves, reinstate water supply, install install corrosion inhibitor and test on completion and remove waste and debris. | P410: =IF(M410="","",M410*(1+$B$8)) -> 286.5136
A411: 702007 | C411: U | D411: N | E411: N | F411: Y | G411: HE | H411: PUMP:SERVICE AND OVERHAUL | I411: Heating, Gas Appliances and Installations | J411: Heating Pumps and Valves | K411: Pumps | L411: NO | M411: 78.7241 | N411: Pump:Turn off/on water, drain down/refill, disconnect/reconnect supplies and remove pump, service, overhaul, clean impellor, reconnect pump, install corrosion inhibitor, test. | O411: Pump:Shut off valves and drain down, disconnect and remove pump, service and overhaul, clean impellor, reconnect pump to pipework and electrical supply, reinstate water supply and install corrosion inhibitor and test on completion. | P411: =IF(M411="","",M411*(1+$B$8)) -> 78.7241
A412: 702009 | C412: U | D412: N | E412: N | F412: Y | G412: HE | H412: PUMP:RENEW SINGLE PUMP VALVE | I412: Heating, Gas Appliances and Installations | J412: Heating Pumps and Valves | K412: Pumps | L412: NO | M412: 76.9683 | N412: Pump:Locate and drain down system, disconnect, clear away and renew copper to copper central heating pump valve, reinstate supply, install corrosion inhibitor and test on completion. | O412: Pump:Locate and drain down system, disconnect, clear away and renew copper to copper central heating pump valve, reinstate supply, install corrosion inhibitor and test on completion and remove waste and debris. | P412: =IF(M412="","",M412*(1+$B$8)) -> 76.9683
A413: 702010 | C413: U | D413: N | E413: N | F413: Y | G413: HE | H413: PUMP:RENEW PAIR OF PUMP VALVES | I413: Heating, Gas Appliances and Installations | J413: Heating Pumps and Valves | K413: Pumps | L413: NO | M413: 116.0403 | N413: Pump:Locate and drain down/refill system, disconnect, clear away and renew pair of copper to copper central heating isolating pump valves, install corrosion inhibitor and test. | O413: Pump:Locate and drain down system, disconnect, clear away and renew pair of copper to copper central heating isolating pump valves, reinstate supply, install corrosion inhibitor and test on completion and remove waste and debris. | P413: =IF(M413="","",M413*(1+$B$8)) -> 116.0403
A414: 702501 | C414: U | D414: N | E414: Y | F414: Y | G414: HE | H414: MOTORISED VALVE:RENEW 22MM | I414: Heating, Gas Appliances and Installations | J414: Heating Pumps and Valves | K414: Motorised and Zone Valves Renewals | L414: NO | M414: 87.6044 | N414: Motorised Valve:Shut off valves, drain down/ refill, disconnect and renew up to 22mm three port motorised valve, make all connections, install corrosion inhibitor and test on completion. | O414: Motorised Valve:Shut off valves and drain down, disconnect and renew upto 22mm three port motorised valve complete including make all necessary connections to existing pipework and electrical supply and subsequently refill, install corrosion inhibitor and test on completion and remove waste and debris. | P414: =IF(M414="","",M414*(1+$B$8)) -> 87.6044
... A550: 841207 | C550: U | D550: N | E550: N | F550: Y | G550: EL | H550: HEAT RECOVERY UNIT:OVERHAUL | I550: Energy Efficiency Appliances and Components | J550: Heat Recovery and Ventilation System | K550: Heat Recovery and Ventilation System - Overhauls | L550: IT | M550: 71.802 | N550: Heat Recovery Unit:Overhaul heat recovery and ventilation unit, clean out, renew filters as necessary and remove waste and debris. | O550: Heat Recovery Unit:Overhaul heat recovery and ventilation unit, clean out, renew filters as necessary and remove waste and debris. | P550: =IF(M550="","",M550*(1+$B$8)) -> 71.802
A551: 841209 | B551: New | C551: R | D551: N | E551: Y | F551: N | G551: EL | H551: HEAT RECOVERY UNIT:INSTALL LO-CARBON LP FAN UNIT | I551: Energy Efficiency Appliances and Components | J551: Heat Recovery and Ventilation System | K551: Heat Recovery Units | L551: NO | M551: 323.1512 | N551: Heat Recovery Unit:Install Vent Axia Lo Carbon Tempura LP single room hr unit, pull cord, sleeve, terminal, core drill wall, electrical circuit, spur outlet , connect, test, make good, remove waste | O551: Heat Recovery Unit:Install plastic cased through-wall Vent Axia Lo Carbon Tempura LP or other equal and approved single room heat recovery unit, installed in accordance with the manufacturer's technical data sheet, install electrical circuit with fused spur outlet and external shutter, connect, test and adjust settings including core drill through wall, including pull cord, sleeve and terminal, making good wall, provide wall grille if necessary, remake all necessary connections, undertake electrical tests and make good all finishes and remove waste and debris. | P551: =IF(M551="","",M551*(1+$B$8)) -> 323.1512
A552: 841211 | B552: New | C552: R | D552: N | E552: Y | F552: N | G552: EL | H552: HEAT RECOVERY UNIT:RENEW WITH SINGLE ROOM TYPE LP | I552: Energy Efficiency Appliances and Components | J552: Heat Recovery and Ventilation System | K552: Heat Recovery Units | L552: NO | M552: 249.9351 | N552: Heat Recovery Unit:Isolate supply, disconnect, clear away existing fan and renew with Vent Axia or other approved lo-carbon Tempra LP IPX4 single room heat recovery unit and pullcord, terminal grille | O552: Heat Recovery Unit:Isolate supply, disconnect, clear away existing fan and renew with Vent Axia or other equal and approved lo-carbon Tempra LP IPX4 single room heat recovery unit with pullcord, provide terminal grille if necessary, remake all necessary connections, reconnect electricity supply, undertake electrical tests and make good all finishes and remove waste and debris. | P552: =IF(M552="","",M552*(1+$B$8)) -> 249.9351
A553: 841213 | B553: New | C553: R | D553: N | E553: Y | F553: N | G553: EL | H553: HEAT RECOVERY UNIT:INSTALL SINGLE ROOM TYPE LP | I553: Energy Efficiency Appliances and Components | J553: Heat Recovery and Ventilation System | K553: Heat Recovery Units | L553: NO | M553: 286.3196 | N553: Fan:Install Vent Axia or other approved lo-carbon Tempra LP IPX4 single room heat recovery unit with pullcord, install new circuit with fused spur outlet, external shutter, connect, test, adjust | O553: Fan:Install Vent Axia or other equal and approved lo-carbon Tempra LP IPX4 single room heat recovery unit with pullcord, install electrical circuit with fused spur outlet and external shutter, connect, test and adjust settings including cutting out through wall provision of sleeve, making good wall, provide terminal grille if necessary, remake all necessary connections, undertake electrical tests and make good all finishes and remove waste and debris. | P553: =IF(M553="","",M553*(1+$B$8)) -> 286.3196
A554: 841215 | B554: New | C554: R | D554: N | E554: Y | F554: N | G554: EL | H554: HEAT RECOVERY UNIT:RENEW SINGLE ROOM HTP OR LHTP | I554: Energy Efficiency Appliances and Components | J554: Heat Recovery and Ventilation System | K554: Heat Recovery Units | L554: NO | M554: 412.7055 | N554: Heat Recovery Unit:Isolate supply, disconnect, remove fan and renew with Vent Axia or other approved lo-carbon Tempra HTP or LHTP IPX4 single room heat recovery unit with humidistat, timer, pullcord, | O554: Heat Recovery Unit:Isolate supply, disconnect, clear away existing fan and renew with Vent Axia or other equal and approved lo-carbon Tempra HTP or LHTP IPX4 single room heat recovery unit with humidistat, timer and pullcord, provide terminal grille if necessary, remake all necessary connections, reconnect electricity supply, undertake electrical tests and make good all finishes and remove waste and debris. | P554: =IF(M554="","",M554*(1+$B$8)) -> 412.7055
A555: 841217 | B555: New | C555: R | D555: N | E555: Y | F555: N | G555: EL | H555: HEAT RECOVERY UNIT:INSTALL SINGLE ROOM HTP OR LHTP | I555: Energy Efficiency Appliances and Components | J555: Heat Recovery and Ventilation System | K555: Heat Recovery Units | L555: NO | M555: 449.09 | N555: Fan:Install Vent Axia or other approved lo-carbon Tempra HTP or LHTP IPX4 single room heat recovery unit with humidistat, timer, pullcord, install circuit with fused spur outlet and external shutter, | O555: Fan:Install Vent Axia or other equal and approved lo-carbon Tempra HTP or LHTP IPX4 single room heat recovery unit with humidistat, timer and pullcord, install electrical circuit with fused spur outlet and external shutter, connect, test and adjust settings including cutting out through wall provision of sleeve, making good wall, provide terminal grille if necessary, remake all necessary connections, undertake electrical tests and make good all finishes and remove waste and debris. | P555: =IF(M555="","",M555*(1+$B$8)) -> 449.09
A556: 841219 | B556: New | C556: R | D556: N | E556: Y | F556: N | G556: EL | H556: HEAT RECOVERY UNIT:RENEW 200M3/HR | I556: Energy Efficiency Appliances and Components | J556: Heat Recovery and Ventilation System | K556: Heat Recovery Units | L556: IT | M556: 1044.2353 | N556: Heat Recovery Unit:Renew or supply + install MVHR unit, 200m3/hr, all connections to ductwork and electricity supply, all builders/electrical work, test, commission, make good, remove waste and debris | O556: Heat Recovery Unit:Renew or supply and install Mechanical Ventilation Heat Recovery unit with a capacity of up to 200m3 per hour, make all necessary connections to existing ductwork and electricity supply, all builders and electrical work, installed in accordance with manufacturers technical data sheet, test and commission on completion, make good, remove waste and debris. | P556: =IF(M556="","",M556*(1+$B$8)) -> 1044.2353
...

Sheet Lot 3
A1: BAF26028 DLO Support Framework – Lot 3: Heating Installations
A3: Price Schedule
A5: Tenderers must complete the yellow highlighted cells. Enter the proposed percentage adjustment in cell B8. Enter an uplift as a positive percentage (for example 10%) or a discount as a negative percentage (for example -10%). The adjustment is applied to every published SOR Rate and the adjusted total is shown in cell B8. All submitted prices must be fully inclusive of all costs associated with delivery unless expressly stated otherwise in the Tender Documents. No additional expenses or charges will be payable.
A8: SOR Proposed Adjustment %
A9: Total Amount (to be used for evaluation purposes) | B9: =SUM(M12:M1384) -> 1000560.2
A11: Document Code | B11: New v8 | C11: Priority | D11: Short Description | E11: Column 5 | F11: Element | G11: Section | H11: Subsection | I11: UOM | J11: SOR Rate | K11: Medium Description | L11: Long Description | M11: Adjusted SOR Rate
A12: BI110201 | C12: R | D12: SOLID FUEL OR BIOMASS BOILER:BREAKDOWN NO PARTS | F12: Solid Fuel or Biomass Appliances | G12: Solid Fuel or Biomass Appliances | H12: Solid Fuel or Biomass Appliances - Breakdowns | I12: IT | J12: 108.3853 | K12: Solid Fuel or Biomass Boiler:Attend to breakdown, test operation of boiler, clean parts, air ducts and fan, check operation, adjust, check, reset controls, test, remove waste and debris. | L12: Solid Fuel or Biomass Boiler:Attend to breakdown, test operation of boiler, clean all specified parts, check operation of flue draught stabiliser and moveable parts, de-clinking mechanism, clean any secondary air ducts, check fuel regulator blades, check operation of thermostat, clean any fan, and adjust air regulator, check correct setting and operation of any air control mechanism, check fans and reset to manufacturers technical data sheet, make good, test and remove waste and debris. | M12: =IF(J12="","",J12*(1+$B$8)) -> 108.3853
A13: BI110202 | C13: R | D13: SOLID FUEL OR BIOMASS BOILER:BREAKDOWN PARTS NE£10 | F13: Solid Fuel or Biomass Appliances | G13: Solid Fuel or Biomass Appliances | H13: Solid Fuel or Biomass Appliances - Breakdowns | I13: IT | J13: 120.0853 | K13: Solid Fuel or Biomass Boiler:Attend to breakdown, test, check operation, minor renewals or repairs (parts cost allowance £10.00) clean, reset, report to CR (can only be claimed if instructed by CR). | L13: Solid Fuel or Biomass Boiler:Attend to breakdown, test operation of boiler, clean all specified parts, check operation of flue draught stabilise and moveable parts, de-clinking mechanism, clean any secondary air ducts, undertake minor renewals or repairs to remedy fault (parts cost allowance £10.00) check fuel regulator blades, check operation of thermostat, clean any fan, and adjust air regulator, check correct setting and operation of any air control mechanism, check fans and reset to manufacturers technical data sheet, make good, test, leave in full working order and report to Client representative and remove waste and debris (can only be claimed if instructed by Client Representative). | M13: =IF(J13="","",J13*(1+$B$8)) -> 120.0853
A14: BI110203 | C14: R | D14: SOLID FUEL OR BIOMASS BOILER:BREAKDOWN PARTS NE£50 | F14: Solid Fuel or Biomass Appliances | G14: Solid Fuel or Biomass Appliances | H14: Solid Fuel or Biomass Appliances - Breakdowns | I14: IT | J14: 166.8852 | K14: Solid Fuel or Biomass Boiler:Attend to breakdown, test, check operation, minor renewals or repairs (parts cost allowance £50.00) clean, reset, report to CR (can only be claimed if instructed by CR). | L14: Solid Fuel or Biomass Boiler:Attend to breakdown, test operation of boiler, clean all specified parts, check operation of flue draught stabilise and moveable parts, de-clinking mechanism, clean any secondary air ducts, undertake minor renewals or repairs to remedy fault (parts cost allowance £50.00) check fuel regulator blades, check operation of thermostat, clean any fan, and adjust air regulator, check correct setting and operation of any air control mechanism, check fans and reset to manufacturers technical data sheet, make good, test, leave in full working order and report to Client Representative and remove waste and debris (can only be claimed if instructed by Client Representative). | M14: =IF(J14="","",J14*(1+$B$8)) -> 166.8852
A15: BI110205 | C15: R | D15: SOLID FUEL/BIOMASS BOILER:BREAKDOWN PARTS NE£100 | F15: Solid Fuel or Biomass Appliances | G15: Solid Fuel or Biomass Appliances | H15: Solid Fuel or Biomass Appliances - Breakdowns | I15: IT | J15: 225.3852 | K15: Solid Fuel or Biomass Boiler:Attend to breakdown, test, check operation, minor renewals or repairs (parts cost allowance £100.00) clean, reset, report to CR (can only be claimed if instructed by CR). | L15: Solid Fuel or Biomass Boiler:Attend to breakdown, test operation of boiler, clean all specified parts, check operation of flue draught stabilise and moveable parts, de-clinking mechanism, clean any secondary air ducts, undertake minor renewals or repairs to remedy fault (parts cost allowance £100.00) check fuel regulator blades, check operation of thermostat, clean any fan, and adjust air regulator, check correct setting and operation of any air control mechanism, check fans and reset to manufacturers technical data sheet, make good, test, leave in full working order and report to Client Representative and remove waste and debris (can only be claimed if instructed by Client Representative). | M15: =IF(J15="","",J15*(1+$B$8)) -> 225.3852
A16: BI110207 | C16: R | D16: SOLID FUEL/BIOMASS BOILER:BREAKDOWN PARTS NE £150 | F16: Solid Fuel or Biomass Appliances | G16: Solid Fuel or Biomass Appliances | H16: Solid Fuel or Biomass Appliances - Breakdowns | I16: IT | J16: 358.8695 | K16: Solid Fuel or Biomass Boiler:Attend to breakdown, test, check operation, minor renewals or repairs (parts cost allowance £150.00) clean, reset, report to CR (can only be claimed if instructed by CR). | L16: Solid Fuel or Biomass Boiler:Attend to breakdown, test operation of boiler, clean all specified parts, check operation of flue draught stabiliser and moveable parts, de-clinking mechanism, clean any secondary air ducts, undertake minor renewals or repairs to remedy fault (parts cost allowance £150.00) check fuel regulator blades, check operation of thermostat, clean any fan, and adjust air regulator, check correct setting and operation of any air control mechanism, check fans and reset to manufacturer's instructions, make good, test, leave in full working order and report to Client Representative and remove waste and debris (can only be claimed if instructed by Client Representative). | M16: =IF(J16="","",J16*(1+$B$8)) -> 358.8695
A17: CH010101 | B17: New v8 | C17: R | D17: CHP:RENEW WITH 24KW/1KW BAXI ECOGEN | F17: Energy Efficiency Appliances And Components | G17: Combined Heat & Power Generating Boilers (CHP) | H17: New or Existing Position to Existing Systems | I17: IT | J17: 12021.904 | K17: CHP:Renew with wall mounted 24KW/1KW CHP rad system boiler [PC Sum for boiler, flue and fixing jig etc £9200.00] isolate supplies, remove existing installation, provide new flue, controls, and TRVs. | L17: CHP:Renew central heating/hot water boiler with wall mounted 24KW/1KW output baxi ecogen or other equal and approved [PC Sum for supply and delivery of boiler, flue and fixing jig etc. £9,200.00] including isolate supplies, drain down and remove existing cylinder, pipework, tanks and boiler, supply and fix new chp boiler with flue in new or existing position in dwelling, form flue opening through external wall including all additional builders work, adjust gas, supply and flow and return pipework and connect to supplies and meter, provide new programmer, pump, motorised valve, and room stats, and thermostatic radiator valves for upto 7 radiators, refill including corrosion inhibitor and test, remake all electrical connections including bonding, and make good all finishes, [additional builders works associated with making good of original flue opening to be claimed against RE160101] and remove waste and debris, boiler to be installed in accordance with manufacturers technical data sheet and left in full working order. | M17: =IF(J17="","",J17*(1+$B$8)) -> 12021.904
A18: CH010103 | B18: New v8 | C18: R | D18: CHP:RENEW WITH 24KW/1KW BAXI ECOGEN (NEW SYSTEM) | F18: Energy Efficiency Appliances And Components | G18: Combined Heat & Power Generating Boilers (CHP) | H18: New or Existing Position to New Underfloor Heating | I18: IT | J18: 12170.473 | K18: CHP:Renew with wall mounted 24KW/1KW CHP underfloor heating boiler [PC Sum for boiler, flue and fixing jig etc £9200.00] isolate supplies, remove existing installation, new flue, controls, manifolds. | L18: CHP:Renew central heating/hot water boiler with wall mounted 24KW/1KW output baxi ecogen or other equal and approved [PC Sum for supply and delivery of boiler, flue and fixing jig etc. £9,200.00] including isolate supplies, drain down and remove existing cylinder, pipework, tanks and boiler, supply and fix new chp boiler with flue in new or existing position in dwelling, form flue opening through external wall including all additional builders work, adjust gas, supply and flow and return pipework and connect to supplies and meter, provide new programmer, pump, motorised valve, and connections for upto 7 underfloor heating loops [for new underfloor installations see items RE162101 to RE162303], refill including corrosion inhibitor and test, remake all electrical connections including bonding, and make good all finishes, [additional builders works associated with making good of original flue opening to be claimed against Item RE160101] and remove waste and debris, boiler to be installed in accordance with manufacturers' technical data sheet and left in full working order. | M18: =IF(J18="","",J18*(1+$B$8)) -> 12170.473
A19: EE010601 | C19: U | D19: IMMERSION HEATER:RENEW 3KW ALLOY (TOP) | F19: 3 Star - Electrical Services | G19: Electrical Work in Connection With Central Heating | H19: Immersion Heaters | I19: NO | J19: 60.9203 | K19: Immersion Heater:Isolate/reconnect supply, drain down/refill, renew 3kW alloy top entry immersion heater to copper cylinder, test and vent refix, test and reset thermostat, make all connections. | L19: Immersion Heater:Isolate supply, drain down, disconnect, clear away, renew top entry immersion with 3kW alloy sheathed immersion heater to copper cylinder refill, test and vent system, refix, test and reset thermostat, make all necessary connections, reconnect electricity supply and undertake electrical tests and remove waste and debris. | M19: =IF(J19="","",J19*(1+$B$8)) -> 60.9203
A20: EE010603 | C20: U | D20: IMMERSION HEATER:RENEW NE 3KW ALLOY (BOTTOM) | F20: 3 Star - Electrical Services | G20: Electrical Work in Connection With Central Heating | H20: Immersion Heaters | I20: NO | J20: 81.2122 | K20: Immersion Heater:Isolate/reconnect supply, drain down/refill, renew 3kW alloy bottom entry immersion heater to copper cylinder, test, vent refix, test, reset thermostat, make connections. | L20: Immersion Heater:Isolate supply, drain down, disconnect, clear away, renew bottom entry immersion heater to copper cylinder with ne 3kW alloy sheathed heater, refill test and vent system, refix, test reset thermostat, make all necessary connections, reconnect to electricity supply and undertake electrical tests and remove waste and debris. | M20: =IF(J20="","",J20*(1+$B$8)) -> 81.2122
A21: EE010605 | C21: U | D21: IMMERSION HEATER:RENEW CYLINDER THERMOSTAT | F21: 3 Star - Electrical Services | G21: Electrical Work in Connection With Central Heating | H21: Immersion Heaters | I21: NO | J21: 23.766 | K21: Immersion Heater:Disconnect, clear away and renew any thermostat to immersion heater. | L21: Immersion Heater:Disconnect, clear away and renew any thermostat to immersion heater. | M21: =IF(J21="","",J21*(1+$B$8)) -> 23.766
A22: EE010607 | C22: U | D22: IMMERSION HEATER:DISCONNECT | F22: 3 Star - Electrical Services | G22: Electrical Work in Connection With Central Heating | H22: Immersion Heaters | I22: NO | J22: 13.0578 | K22: Immersion Heater:Isolate and disconnect faulty immersion heater, fix temporary sealing box to exposed cable and leave safe. | L22: Immersion Heater:Isolate and disconnect faulty immersion heater, fix temporary sealing box to exposed cable and leave safe. | M22: =IF(J22="","",J22*(1+$B$8)) -> 13.0578
A23: EE010609 | C23: U | D23: IMMERSION HEATER:REMOVE AND SEAL BOSS | F23: 3 Star - Electrical Services | G23: Electrical Work in Connection With Central Heating | H23: Immersion Heaters | I23: IT | J23: 23.9278 | K23: Immersion Heater:Isolate, disconnect and remove any defective immersion heater, drain down as necessary, seal immersion boss, disconnect, fix temporary sealing box to exposed cable and leave safe. | L23: Immersion Heater:Isolate, disconnect and remove any defective immersion heater, drain down as necessary, seal immersion boss, disconnect, fix temporary sealing box to exposed cable and leave safe and remove waste and debris. | M23: =IF(J23="","",J23*(1+$B$8)) -> 23.9278
A24: EE010611 | C24: U | D24: IMMERSION HEATER:RECONNECT AND TEST | F24: 3 Star - Electrical Services | G24: Electrical Work in Connection With Central Heating | H24: Immersion Heaters | I24: IT | J24: 20.2918 | K24: Immersion Heater:Reconnect any immersion heater and undertake electrical test and remove waste and debris. | L24: Immersion Heater:Reconnect any immersion heater and undertake electrical test and remove waste and debris. | M24: =IF(J24="","",J24*(1+$B$8)) -> 20.2918
A25: EE010613 | C25: U | D25: IMMERSION HEATER:TEST AND RESET THERMOSTAT | F25: 3 Star - Electrical Services | G25: Electrical Work in Connection With Central Heating | H25: Immersion Heaters | I25: IT | J25: 10.4358 | K25: Immersion Heater:Test and reset as necessary any immersion heater thermostat. | L25: Immersion Heater:Test and reset as necessary any immersion heater thermostat. | M25: =IF(J25="","",J25*(1+$B$8)) -> 10.4358
A26: EE010615 | C26: U | D26: IMMERSION HEATER:RENEW CIRCUIT AND SWITCH | F26: 3 Star - Electrical Services | G26: Electrical Work in Connection With Central Heating | H26: Immersion Heaters | I26: NO | J26: 136.3954 | K26: Immersion Heater:Isolate/reconnect supply, renew immersion heater circuit with 20 amp DP isolator switch, 20 amp DP indicator switch, reconnectof heater flex, tests, provide certificate, make good. | L26: Immersion Heater:Isolate supply, strip out, clear away and renew immersion heater circuit with cable run in mini trunking or rigid PVC conduit chased into wall etc., including fitting of 20 amp double pole isolator switch, 20 amp double pole indicator switch and reconnection of existing heater flex, reconnect electricity supply, undertake electrical tests, provide certificate, make good on completion and remove waste and debris. | M26: =IF(J26="","",J26*(1+$B$8)) -> 136.3954
A27: EE010617 | C27: U | D27: IMMERSION HEATER:RENEW FLEX CONNECTION | F27: 3 Star - Electrical Services | G27: Electrical Work in Connection With Central Heating | H27: Immersion Heaters | I27: NO | J27: 19.0778 | K27: Immersion Heater:Isolate/reconnect supply, renew 1.00m length of 2.5mm 3 core butyl rubber flex to immersion heater, make connections to switch and heater, tests, provide certificate, make good. | L27: Immersion Heater:Isolate supply, strip out, clear away and renew 1.00m length of 2.5mm 3 core butyl rubber flex to immersion heater and make all necessary connections to 20 amp double pole switch and immersion heater, reconnect electricity supply, undertake electrical tests, provide certificate, make good on completion and remove waste and debris. | M27: =IF(J27="","",J27*(1+$B$8)) -> 19.0778
A28: EE010619 | C28: U | D28: IMMERSION HEATER:RENEW 20A DP/TP INDICATOR SWITCH | F28: 3 Star - Electrical Services | G28: Electrical Work in Connection With Central Heating | H28: Immersion Heaters | I28: NO | J28: 31.6703 | K28: Immersion Heater:Isolate/reconnect supply, renew 20 amp moulded plastic DP switch with neon indicator and box fixed to walls, remake connections, tests and make good. | L28: Immersion Heater:Isolate supply, disconnect, clear away and renew 20 amp moulded plastic double or triple pole switch with neon indicator and moulded plastic mounting box, including plugging to walls as necessary, remake all necessary connections, reconnect electricity supply, undertake electrical tests and make good on completion and remove waste and debris. | M28: =IF(J28="","",J28*(1+$B$8)) -> 31.6703
A29: EE010621 | C29: U | D29: IMMERSION HEATER:RENEW BOOSTER SWITCH | F29: 3 Star - Electrical Services | G29: Electrical Work in Connection With Central Heating | H29: Immersion Heaters | I29: NO | J29: 20.0751 | K29: Immersion Heater:Isolate/reconnect supply, renew or supply and install immersion booster switch with and box fixed to walls, remake connections, tests and make good. | L29: Immersion Heater:Isolate supply, disconnect, clear away and renew or supply and install immersion booster switch and moulded plastic mounting box, including plugging to walls as necessary, remake all necessary connections, reconnect electricity supply, undertake electrical tests and make good on completion and remove waste and debris. | M29: =IF(J29="","",J29*(1+$B$8)) -> 20.0751
A30: EE030105 | C30: U | D30: FAN:RENEW 2 SPEED WALL OR DUCT FAN | F30: 3 Star - Electrical Services | G30: Ventilation | H30: Fans - Ventilating - Renewals | I30: NO | J30: 156.9139 | K30: Fan:Isolate/reconnect supply, renew through-wall or ducted fan, two speed motor, double insulated, 76 litre/second high speed, 38 litre/ second low speed, wall grille, electrical tests, make good. | L30: Fan:Isolate supply, disconnect, clear away and renew with plastic cased through-wall or ducted fan with two speed motor class 2, double insulated, air operated automatic back draught shutter with fan capable of handling 76 litre/second at high speed and 38 litre/second at low speed, provide wall grille if necessary, remake all necessary connections, reconnect electricity supply, undertake electrical tests and make good all finishes and remove waste and debris. | M30: =IF(J30="","",J30*(1+$B$8)) -> 156.9139
A31: EE030106 | B31: New v8 | C31: R | D31: FAN:RENEW 3 SPEED LOW VOLTAGE WALL OR DUCT FAN | F31: 3 Star - Electrical Services | G31: Ventilation | H31: Fans - Ventilating - Renewals | I31: NO | J31: 474.0293 | K31: Fan:Isolate/reconnect supply, renew through-wall or ducted fan,three speed motor, low voltage, double insulated, 28 litre, 14 litre and 8 litre/second speed, wall grille, electrical tests, make good. | L31: Fan:Isolate supply, disconnect, clear away and renew with plastic cased through-wall or ducted fan with three speed motor class 2, double insulated, air operated automatic back draught shutter with fan capable of handling 28 litre/second at high speed, 14 litre/second at low speed and 8 litre/second on continuous ventilation, provide wall grille if necessary, remake all necessary connections, reconnect electricity supply, undertake electrical tests and make good all finishes and remove waste and debris. | M31: =IF(J31="","",J31*(1+$B$8)) -> 474.0293
A32: EE030107 | C32: U | D32: FAN:RENEW SINGLE SPEED WALL OR DUCT FAN | F32: 3 Star - Electrical Services | G32: Ventilation | H32: Fans - Ventilating - Renewals | I32: NO | J32: 138.0184 | K32: Fan:Isolate/reconnect supply, renew through-wall or ducted fan, single speed motor double insulated automatic shutter, 26 litre/second, wall grille electrical tests, make good. | L32: Fan:Isolate supply, disconnect, clear away and renew with plastic cased through-wall or ducted fan with single speed motor class 2, double insulated complete with integral back draught automatic shutter, fan capable of handling min 26 litre/second, provide wall grille if necessary, remake all necessary connections, reconnect electricity supply, undertake electrical tests and make good all finishes and remove waste and debris. | M32: =IF(J32="","",J32*(1+$B$8)) -> 138.0184
A33: EE030115 | C33: U | D33: FAN:RENEW TOILET OR BATHROOM FAN | F33: 3 Star - Electrical Services | G33: Ventilation | H33: Fans - Ventilating - Renewals | I33: NO | J33: 76.8475 | K33: Fan:Isolate/reconnect supply, renew toilet or bathroom fan, single speed motor class 2, double insulated, integral timer, back draught shutter 25 litre/second, electrical tests, make good. | L33: Fan:Isolate supply, disconnect, clear away and renew toilet or bathroom fan complete with single speed motor class 2, double insulated, integral timer, back draught shutter if required with fan capable of handling 25 litre/second, remake all necessary connections, reconnect electricity supply, undertake electrical tests and make good all finishes and remove waste and debris. | M33: =IF(J33="","",J33*(1+$B$8)) -> 76.8475
A34: EE030202 | B34: New v8 | C34: R | D34: FAN:RENEW 2 SPEED (ENVIROVENT)CONDENSATION CONTROL | F34: 3 Star - Electrical Services | G34: Ventilation | H34: Fans - Condensation Control - Renewals | I34: NO | J34: 43.4824 | K34: Fan:Isolate/reconnect supply, renew plastic cased through-wall or ducted condensation control fan, 2 speed motor, 61 litre/second high speed 41 litre/ second low speed, wall grille, tests, make good. | L34: Fan:Isolate/reconnect supply, renew plastic cased through-wall or ducted condensation control fan, 2 speed motor, 61 litre/second high speed 41 litre/ second low speed, wall grille, tests, make good. | M34: =IF(J34="","",J34*(1+$B$8)) -> 43.4824
A35: EE030207 | C35: U | D35: FAN:INSTALL 2 SPEED CONDENSATION CONTROL | F35: 3 Star - Electrical Services | G35: Ventilation | H35: Fans - Ventilating - Installation | I35: NO | J35: 366.6633 | K35: Fan:Isolate/reconnect supply, install through-wall or ducted condensation control fan, 2 speed motor, 61 l/second high 41 l/second low speed, circuit, spur outlet, builders work, tests, make good. | L35: Fan:Install plastic cased through-wall or ducted condensation control fan with 2 speed motor, class 2 double insulated, back draught shutter with fan capable of handling 61 litre/second at high speed and 41 litre/second at low speed, install electrical circuit with fused spur outlet and external shutter, connect, test and adjust settings including cutting out through wall provision of sleeve and terminal, making good wall, provide wall grille if necessary, remake all necessary connections, undertake electrical tests and make good all finishes and remove waste and debris. | M35: =IF(J35="","",J35*(1+$B$8)) -> 366.6633
A36: EE030209 | C36: U | D36: FAN:INSTALL LOW VOLTAGE TRANSFORMER TYPE | F36: 3 Star - Electrical Services | G36: Ventilation | H36: Fans - Ventilating - Installation | I36: NO | J36: 271.3083 | K36: Fan:Isolate/reconnect supply, install through-wall or ducted low voltage transformer condensation control fan, class 2, circuit, spur outlet, builders work, tests, make good. | L36: Fan:Install plastic cased through-wall or ducted low voltage transformer condensation control fan, class 2 double insulated, back draught shutter, install electrical circuit with fused spur outlet and external shutter, connect, test and adjust settings including cutting out through wall, provision of sleeve and terminal, making good wall, provide wall grille if necessary, remake all necessary connections, undertake electrical tests and make good all finishes and remove waste and debris. | M36: =IF(J36="","",J36*(1+$B$8)) -> 271.3083
A37: EE030211 | C37: U | D37: FAN:RENEW WITH LOW VOLTAGE TRANSFORMER TYPE | F37: 3 Star - Electrical Services | G37: Ventilation | H37: Fans - Condensation Control - Renewals | I37: NO | J37: 227.6404 | K37: Fan:Isolate/reconnect supply, renew with plastic cased through-wall or ducted low voltage transformer condensation control fan, class 2, wall grille if necessary, tests, make good. | L37: Fan:Isolate supply, disconnect, clear away and renew with plastic cased through-wall or ducted low voltage transformer condensation control fan, class 2 double insulated, back draught shutter, provide wall grille if necessary, remake all necessary connections, reconnect electricity supply, undertake electrical tests and make good all finishes and remove waste and debris. | M37: =IF(J37="","",J37*(1+$B$8)) -> 227.6404
A38: EE030213 | C38: U | D38: FAN:OVERHAUL DOMESTIC EXTRACT | F38: 3 Star - Electrical Services | G38: Ventilation | H38: Fans - Repairs | I38: NO | J38: 23.243 | K38: Fan:Overhaul any kind of domestic extractor fan, dismantle and reassemble, clean and oil, test and leave in working order. | L38: Fan:Overhaul any kind of domestic extractor fan, dismantle and reassemble, clean and oil, test and leave in working order and remove waste and debris. | M38: =IF(J38="","",J38*(1+$B$8)) -> 23.243
A39: EE030251 | C39: R | D39: FAN:RENEW CIRCUIT AND OUTLET | F39: 3 Star - Electrical Services | G39: Ventilation | H39: Fans - Condensation Control - Renewals | I39: NO | J39: 104.5433 | K39: Fan:Isolate/reconnect supply, strip out and renew fan spur in mini-trunking or rigid PVC conduit chased into wall etc., 20 amp fused spur oulet, reconnect existing fan flex, tests, make good. | L39: Fan:Isolate supply, strip out, clear away and renew fan spur with cable run in mini trunking or rigid PVC conduit chased into wall etc., including fitting of 20 amp fused spur oulet and reconnection of existing fan flex, reconnect electricity supply, undertake electrical tests, provide certificate, make good on completion and remove waste and debris. | M39: =IF(J39="","",J39*(1+$B$8)) -> 104.5433
A40: EE030253 | C40: U | D40: FAN:RENEW ANY MOTOR | F40: 3 Star - Electrical Services | G40: Ventilation | H40: Fans - Repairs | I40: NO | J40: 41.963 | K40: Fan:Renew any motor to extractor fan ne 150mm, test on completion, and remove waste and debris. | L40: Fan:Renew any motor to extractor fan ne 150mm, test on completion, and remove waste and debris. | M40: =IF(J40="","",J40*(1+$B$8)) -> 41.963
A41: EE030255 | C41: U | D41: FAN:RENEW ANY CONTROLLER | F41: 3 Star - Electrical Services | G41: Ventilation | H41: Fans - Repairs | I41: NO | J41: 40.3952 | K41: Fan:Renew any fan controller unit, make connections and test on completion, and remove waste and debris. | L41: Fan:Renew any fan controller unit, make connections and test on completion, and remove waste and debris. | M41: =IF(J41="","",J41*(1+$B$8)) -> 40.3952
A42: EE030257 | C42: U | D42: FAN:OVERHAUL MOTOR UNIT | F42: 3 Star - Electrical Services | G42: Ventilation | H42: Fans - Repairs | I42: NO | J42: 149.3814 | K42: Fan:Overhaul 10 HP fan motor unit including isolate supply, strip down, overhaul, reassemble and test on completion, and remove waste and debris. | L42: Fan:Overhaul 10 HP fan motor unit including isolate supply, strip down, overhaul, reassemble and test on completion, and remove waste and debris. | M42: =IF(J42="","",J42*(1+$B$8)) -> 149.3814
A43: EE040101 | C43: U | D43: CONDUIT:INSTALL NE 25MM PVC MAKE GOOD | F43: 3 Star - Electrical Services | G43: Power Circuits | H43: Conduit - PVC | I43: LM | J43: 5.6015 | K43: Conduit:Supply and fix ne 25mm round heavy gauge rigid PVC conduit including all necessary fitting, clipping with saddles at 1200mm centres to any surfaces, and make good on completion. | L43: Conduit:Supply and fix ne 25mm round heavy gauge rigid PVC conduit including all necessary fitting, clipping with saddles at 1200mm centres to any surfaces, and make good on completion and remove waste and debris. | M43: =IF(J43="","",J43*(1+$B$8)) -> 5.6015
A44: EE040201 | C44: U | D44: CONDUIT:INSTALL NE 25MM STEEL MAKE GOOD | F44: 3 Star - Electrical Services | G44: Power Circuits | H44: Conduit - Galvanised Steel | I44: LM | J44: 8.5799 | K44: Conduit:Supply and fix ne 25mm diameter heavy gauge galvanised steel conduit including all necessary fittings, galvanised steel spacer saddles at 1200mm centres to any surface, make good. | L44: Conduit:Supply and fix ne 25mm diameter heavy gauge galvanised steel conduit including all necessary fittings and fixing with galvanised steel spacer saddles at 1200mm centres to any surface, make good on completion and remove waste and debris. | M44: =IF(J44="","",J44*(1+$B$8)) -> 8.5799
A45: EE040601 | C45: U | D45: CABLE:FIX 1.5MM OR 2.5MM T AND E AND CONDUIT | F45: 3 Star - Electrical Services | G45: Power Circuits | H45: Cable and Conduit Chased into Background | I45: LM | J45: 17.1021 | K45: Cable:Supply and fix 1.5mm or 2.5mm PVC flat T and E cable drawn in and including rigid PVC conduit chased into plastered surface, make good plaster, make all necessary connections, make good. | L45: Cable:Supply and fix 1.50mm2 or 2.50mm2 PVC flat Twin and Earth cable drawn in and including rigid PVC conduit chased into plastered surface, make good plaster, make all necessary connections and make good on completion and remove waste and debris. | M45: =IF(J45="","",J45*(1+$B$8)) -> 17.1021
A46: EE040701 | C46: U | D46: CABLE:FIX 1.5MM OR 2.5MM T AND E AND MINI-TRUNKING | F46: 3 Star - Electrical Services | G46: Power Circuits | H46: Cable and Mini-Trunking | I46: LM | J46: 11.7384 | K46: Cable:Supply and fix 1.50mm2 or 2.50mm2 PVC flat T and E cable drawn in and including rigid PVC mini-trunking, make all connections, and make good on completion, and remove waste and debris. | L46: Cable:Supply and fix 1.50mm2 or 2.50mm2 PVC flat Twin and Earth cable drawn in and including rigid PVC mini-trunking, make all connections, and make good on completion, and remove waste and debris. | M46: =IF(J46="","",J46*(1+$B$8)) -> 11.7384
... A50: EE041511 | C50: U | D50: CABLE:INSTALL 1.5MM2 OR 2.5MM2 T AND E | F50: 3 Star - Electrical Services | G50: Power Circuits | H50: Cable - Clipped To Backgrounds | I50: LM | J50: 3.8114 | K50: Cable:Supply and fix 1.50mm or 2.50mm PVC flat T and E cable clipped to wall or soffits, laid in floor or roof space, make all necessary connections, make good. | L50: Cable:Supply and fix 1.50mm2 or 2.50mm2 PVC flat Twin and Earth cable clipped to wall or soffits, laid in floor or roof space, make all necessary connections, and make good on completion and remove waste and debris. | M50: =IF(J50="","",J50*(1+$B$8)) -> 3.8114
A51: EE042501 | B51: New v8 | C51: R | D51: CABLE:FIRE CLIP EXISTING CABLES | F51: 3 Star - Electrical Services | G51: General Lighting and Power (Small Scale) | H51: Cable and Conduit - Fire Rated Clips | I51: LM | J51: 2.6467 | K51: Cable:Supply and fix fire clips to cable clipped to wall or soffits, drawn in mini-trunking or laid in floor or roof space, make all necessary connections and make good on completion. | L51: Cable:Supply and fix fire clips to cable clipped to wall or soffits, drawn in mini-trunking or laid in floor or roof space, make all necessary connections and make good on completion and remove waste and debris. | M51: =IF(J51="","",J51*(1+$B$8)) -> 2.6467
A52: EE042505 | B52: New v8 | C52: R | D52: CONDUIT:FIRE CLIP EXISTING 25MM UPVC CONDUIT | F52: 3 Star - Electrical Services | G52: General Lighting and Power (Small Scale) | H52: Cable and Conduit - Fire Rated Clips | I52: LM | J52: 3.1562 | K52: Conduit:Supply and fix fire clips to NE 25mm UPVc conduit at centres recommended in the manufacturer's technical data sheet, fixed to background, and make good on completion. | L52: Conduit:Supply and fix fire clips to NE 25mm UPVc conduit at centres recommended in the manufacturer's technical data sheet, fixed to background, and make good on completion. | M52: =IF(J52="","",J52*(1+$B$8)) -> 3.1562
A53: EE042511 | B53: New v8 | C53: R | D53: TRUNKING:FIRE CLIP EXIST 25 x 16MM TRUNKING - INT | F53: 3 Star - Electrical Services | G53: General Lighting and Power (Small Scale) | H53: Cable and Conduit - Fire Rated Clips | I53: LM | J53: 3.9584 | K53: Trunking:Supply and fix proprietary fire clip to cabling inside 25 x 16mm UPVc trunking, remove lid, fix clips through trunking to structure, refix lid and make good on completion | L53: Trunking:Supply and fix proprietary fire clip to cabling inside 25 x 16mm UPVc trunking, remove lid, fix clips through trunking to structure in accordance with the manufacturer's technical data sheet, refix lid and make good on completion | M53: =IF(J53="","",J53*(1+$B$8)) -> 3.9584
A54: EE042512 | B54: New v8 | C54: R | D54: TRUNKING:FIRE CLIP EXIST 25 x 16MM TRUNKING - EXT | F54: 3 Star - Electrical Services | G54: General Lighting and Power (Small Scale) | H54: Cable and Conduit - Fire Rated Clips | I54: LM | J54: 2.7052 | K54: Trunking:Supply and fix proprietary fire clip to 25 x 16mm UPVc trunking, clip fixed to structure in accordance with the manufacturer's technical data sheet, and make good on completion | L54: Trunking:Supply and fix proprietary fire clip to 25 x 16mm UPVc trunking, clip fixed to structure in accordance with the manufacturer's technical data sheet, and make good on completion | M54: =IF(J54="","",J54*(1+$B$8)) -> 2.7052
A55: EE042513 | B55: New v8 | C55: R | D55: TRUNKING:FIRE CLIP EXIST 40 x 16MM TRUNKING - INT | F55: 3 Star - Electrical Services | G55: General Lighting and Power (Small Scale) | H55: Cable and Conduit - Fire Rated Clips | I55: LM | J55: 4.5965 | K55: Trunking:Supply and fix proprietary fire clip to cabling inside 40 x16mm UPVc trunking, remove lid, fix clips through trunking to structure, refix lid and make good on completion | L55: Trunking:Supply and fix proprietary fire clip to cabling inside 40 x16mm UPVc trunking, remove lid, fix clips through trunking to structure in accordance with the manufacturer's technical data sheet, refix lid and make good on completion | M55: =IF(J55="","",J55*(1+$B$8)) -> 4.5965
A56: EE042514 | B56: New v8 | C56: R | D56: TRUNKING:FIRE CLIP EXIST 40 x 16MM TRUNKING - EXT | F56: 3 Star - Electrical Services | G56: General Lighting and Power (Small Scale) | H56: Cable and Conduit - Fire Rated Clips | I56: LM | J56: 3.2264 | K56: Trunking:Supply and fix proprietary fire clip to 40 x 16mm UPVc trunking, clip fixed to structure in accordance with the manufacturer's technical data sheet, and make good on completion | L56: Trunking:Supply and fix proprietary fire clip to 40 x 16mm UPVc trunking, clip fixed to structure in accordance with the manufacturer's technical data sheet, and make good on completion | M56: =IF(J56="","",J56*(1+$B$8)) -> 3.2264
A57: EE042515 | B57: New v8 | C57: R | D57: TRUNKING:FIRE CLIP EXIST 40 x 25MM TRUNKING - INT | F57: 3 Star - Electrical Services | G57: General Lighting and Power (Small Scale) | H57: Cable and Conduit - Fire Rated Clips | I57: LM | J57: 5.1763 | K57: Trunking:Supply and fix proprietary fire clip to cabling inside 40 x 25mm UPVc trunking, remove lid, fix clips through trunking to structure, refix lid and make good on completion | L57: Trunking:Supply and fix proprietary fire clip to cabling inside 40 x 25mm UPVc trunking, remove lid, fix clips through trunking to structure in accordance with the manufacturer's technical data sheet, refix lid and make good on completion | M57: =IF(J57="","",J57*(1+$B$8)) -> 5.1763
A58: EE042517 | B58: New v8 | C58: R | D58: TRUNKING:FIRE CLIP EXIST 40 X 40MM TRUNKING - INT | F58: 3 Star - Electrical Services | G58: General Lighting and Power (Small Scale) | H58: Cable and Conduit - Fire Rated Clips | I58: LM | J58: 5.7561 | K58: Trunking:Supply and fix proprietary fire clip to cabling inside 40 x 40mm UPVc trunking, remove lid, fix clips through trunking to structure, refix lid and make good on completion | L58: Trunking:Supply and fix proprietary fire clip to cabling inside 40 x 40mm UPVc trunking, remove lid, fix clips through trunking to structure in accordance with the manufacturer's technical data sheet, refix lid and make good on completion | M58: =IF(J58="","",J58*(1+$B$8)) -> 5.7561
A59: EE042519 | B59: New v8 | C59: R | D59: TRUNKING:FIRE CLIP EXIST 50 X 25MM TRUNKING - INT | F59: 3 Star - Electrical Services | G59: General Lighting and Power (Small Scale) | H59: Cable and Conduit - Fire Rated Clips | I59: LM | J59: 6.3359 | K59: Trunking:Supply and fix proprietary fire clip to cabling inside 50 x25mm UPVc trunking, remove lid, fix clips through trunking to structure, refix lid and make good on completion | L59: Trunking:Supply and fix proprietary fire clip to cabling inside 50 x25mm UPVc trunking, remove lid, fix clips through trunking to structure in accordance with the manufacturer's technical data sheet, refix lid and make good on completion | M59: =IF(J59="","",J59*(1+$B$8)) -> 6.3359
A60: EE042520 | B60: New v8 | C60: R | D60: TRUNKING:FIRE CLIP EXIST 50 X 50MM TRUNKING - INT | F60: 3 Star - Electrical Services | G60: General Lighting and Power (Small Scale) | H60: Cable and Conduit - Fire Rated Clips | I60: LM | J60: 6.9156 | K60: Trunking:Supply and fix proprietary fire clip to cabling inside 50 x50mm UPVc trunking, remove lid, fix clips through trunking to structure, refix lid and make good on completion | L60: Trunking:Supply and fix proprietary fire clip to cabling inside 50 x50mm UPVc trunking, remove lid, fix clips through trunking to structure in accordance with the manufacturer's technical data sheet, refix lid and make good on completion | M60: =IF(J60="","",J60*(1+$B$8)) -> 6.9156
A61: EE050219 | C61: U | D61: POWER:RENEW BOILER OUTLET GROUND NE 10M | F61: 3 Star - Electrical Services | G61: Final Circuits | H61: Final Circuits - Power | I61: NO | J61: 85.7641 | K61: Power:Isolate/reconnect supply, renew 13 amp fused switched spur outlet to ground floor, connect to existing ring main, in mini-trunking or rigid PVC conduit, ne 10.00m, tests, certificate, make good. | L61: Power:Isolate supply, strip out, clear away and renew 13 amp fused switched spur outlet to ground floor, connect to existing ring main, with cable run in mini trunking or rigid PVC conduit chased into wall etc., ne 10.00m, make all necessary connections, reconnect electricity supply, undertake electrical tests, provide certificate, make good on completion and remove waste and debris. | M61: =IF(J61="","",J61*(1+$B$8)) -> 85.7641
A62: EE050221 | C62: U | D62: POWER:NEW BOILER OUTLET GROUND NE 10M | F62: 3 Star - Electrical Services | G62: Final Circuits | H62: Final Circuits - Power | I62: NO | J62: 97.4765 | K62: Power:Isolate/reconnect supply, install 13 amp fused switch spur boiler outlet to ground floor, connect to existing ring main in mini-trunking or rigid PVC conduit, ne 10.00m, certificate, make good. | L62: Power:Isolate supply, provide new 13 amp fused switch spur boiler outlet to ground floor, connect to existing ring main with cable run in mini-trunking or rigid PVC conduit chased into wall ne 10.00m, all builders work in connection etc., make all necessary connections, reconnect electricity supply, undertake electrical tests, provide certificate, make good on completion and remove waste and debris. | M62: =IF(J62="","",J62*(1+$B$8)) -> 97.4765
A63: EE090401 | C63: U | D63: SMOKE DETECTOR:INSTALL BATTERY OPERATED TYPE | F63: 3 Star - Electrical Services | G63: Detectors etc | H63: Smoke Detectors | I63: NO | J63: 42.1323 | K63: Smoke Detector:Supply and install battery operated smoke detector including 10 year life battery, test, make good and leave in working order and remove waste and debris. | L63: Smoke Detector:Supply and install battery operated smoke detector including 10 year life battery, test, make good and leave in working order and remove waste and debris. | M63: =IF(J63="","",J63*(1+$B$8)) -> 42.1323
A64: EE090403 | C64: U | D64: SMOKE DETECTOR:INSTALL MAINS OPTICAL TYPE | F64: 3 Star - Electrical Services | G64: Detectors etc | H64: Smoke Detectors | I64: NO | J64: 95.392 | K64: Smoke Detector:Isolate/reconnect supply, supply and install mains operated optical smoke detector make connections, junction box, test and make good on completion. | L64: Smoke Detector:Isolate, supply and install mains operated optical smoke detector with rechargeable DC battery or condensor back up self contained type to BS 5446 kitemark certified with hush button,interlinked with any other detectors, including make all necessary connections to supply including junction box, reconnect, test and make good on completion and remove waste and debris. | M64: =IF(J64="","",J64*(1+$B$8)) -> 95.392
A65: EE090409 | C65: U | D65: SMOKE DETECTOR:INSTALL ADDITIONAL DETECTOR | F65: 3 Star - Electrical Services | G65: Detectors etc | H65: Smoke Detectors | I65: NO | J65: 147.9098 | K65: Smoke Detector:Extra to supply and install 2 additional mains operated optical smoke detectors interlinked, make connections, junction box, test and make good on completion. | L65: Smoke Detector:Extra to supply and install 2 additional mains operated optical smoke detectors with rechargeable DC battery or condensor backup self contained type to BS 5446 certified with hush button, interlinked to each other and existing detectors including make all necessary connections to supply including junction box and interlink the three detectors including mini trunking, reconnect, test and make good on completion and remove waste and debris. | M65: =IF(J65="","",J65*(1+$B$8)) -> 147.9098
A66: EE090411 | C66: U | D66: SMOKE DETECTOR:RENEW WITH OPTICAL TYPE | F66: 3 Star - Electrical Services | G66: Detectors etc | H66: Smoke Detectors | I66: NO | J66: 112.785 | K66: Smoke Detector:Renew existing with mains operated optical smoke detector remake connections, junction box, test and make good on completion. | L66: Smoke Detector:Renew existing with mains operated optical smoke detector with rechargeable DC battery or condensor back up self contained type to BS 5446 kitemark certified with hush button, interlinked with any other detectors, including backplate and all necessary connections to existing wiring, test and make good on completion, where interlinked detectors are replaced new detectors must be compatible with existing and remove waste and debris. | M66: =IF(J66="","",J66*(1+$B$8)) -> 112.785
A67: EE090417 | B67: New v8 | C67: R | D67: SMOKE DETECTOR:SERVICE AND OVERHAUL ANY TYPE | F67: 3 Star - Electrical Services | G67: Detectors etc | H67: Smoke Detectors | I67: NO | J67: 20.3118 | K67: Smoke Detector:Undertake annual service and overhaul any type of battery or hard wired operated smoke detector, vacuum through vents, test, renew battery as necessary (rate per dwelling). | L67: Smoke Detector:Undertake annual service and overhaul any type of hard wired or battery operated smoke detector, switch power off, vacuum through vents, switch power on, test, all work to be carried in strict conformity to the manufacturer's instructions, renew battery as necessary and leave in working order and remove waste and debris (rate per dwelling). | M67: =IF(J67="","",J67*(1+$B$8)) -> 20.3118
A68: EE090419 | C68: U | D68: SMOKE DETECTOR:INSTALL WIRELESS OPTICAL TYPE | F68: 3 Star - Electrical Services | G68: Detectors etc | H68: Smoke Detectors | I68: NO | J68: 120.1658 | K68: Smoke Detector:Install wireless optical smoke detector with test/hush button, sensor, radio transmitter and receiver, auto test alarm, 9v battery, indicators etc., test and make good. | L68: Smoke Detector:Install wireless optical smoke detector with built in test/hush button, large optical chamber sensor, radio transmitter and receiver, built in auto test alarm, 9v battery, low battery warning to BS EN 14604:2005, indicators etc., wirelessly interlinked with any other detectors, test and make good on completion and remove waste and debris. | M68: =IF(J68="","",J68*(1+$B$8)) -> 120.1658
A69: EE090423 | C69: U | D69: SMOKE DETECTORS:INSTALL WIRELESS SYSTEM | F69: 3 Star - Electrical Services | G69: Detectors etc | H69: Smoke Detectors | I69: IT | J69: 267.0482 | K69: Smoke Detectors:Install one wireless optical and one combined opitc smoke and heat detector system with test buttons, radio transmitters, receivers, auto test alarms, 9v batteries, test and make good. | L69: Smoke Detectors:Install one wireless optical and one wireless combined optical smoke and heat detector system, detectors with built in test buttons, radio transmitters and receivers, built in auto test alarms, 9v batteries, low battery warning, both detectors to BS EN 14604:2005, indicators etc., wirelessly interlined with each other and any other detectors, test and make good on completion and remove waste and debris. | M69: =IF(J69="","",J69*(1+$B$8)) -> 267.0482
A70: EE090425 | C70: U | D70: SMOKE DETECTOR:INSTALL ADDITIONAL WIRELESS | F70: 3 Star - Electrical Services | G70: Detectors etc | H70: Smoke Detectors | I70: NO | J70: 189.7808 | K70: Smoke Detector:Extra to supply and install two additional wireless smoke detectors to match, detector to BS EN 14604:2005, test and make good on completion. | L70: Smoke Detector:Extra to supply and install 2 additional wireless optical smoke detectors with rechargeable DC battery or condensor backup self contained type to BS 5446 certified with hush button, wirelessly interlinked to each other and existing detectors including make all necessary connections to supply including junction box, mini trunking, reconnect, test and make good on completion and remove waste and debris. | M70: =IF(J70="","",J70*(1+$B$8)) -> 189.7808
A71: EE090427 | C71: U | D71: SMOKE DETECTOR:RENEW WITH WIRELESS OPTICAL | F71: 3 Star - Electrical Services | G71: Detectors etc | H71: Smoke Detectors | I71: NO | J71: 102.8615 | K71: Smoke Detector:Renew with wireless optical smoke detector, test/hush button, sensor, transmitter, receiver, auto test alarm, 9v battery, remove existing detector, wiring and trunking, test, make good. | L71: Smoke Detector:Renew existing with wireless optical smoke detector with built in test/hush button, large optical chamber sensor, radio transmitter and receiver, built in auto test alarm, 9v battery, low battery warning, to BS EN 14604:2005 indicators wirelessly interlinked with any existing detectors, disconnect, remove detector, wiring and trunking as necessary and make good ceiling finishes, test and make good on completion and remove waste and debris. | M71: =IF(J71="","",J71*(1+$B$8)) -> 102.8615
A72: EE090430 | B72: New v8 | C72: R | D72: SMOKE/HEAT DETECTOR:RENEW CIRCUIT | F72: 3 Star - Electrical Services | G72: Detectors etc | H72: Circuit - Renewals | I72: NO | J72: 51.3965 | K72: Smoke/Heat Detector:Isolate/reconnect supply, renew 1.5mm2 twin, three or four core with earth continuity cable in mini-trunking or rigid PVC/steel conduit to detector outlet point, test, make good. | L72: Smoke/Heat Detector:Isolate supply, strip out, clear away and renew 1.5mm2 twin, three or four core with earth continuity cable, with cable run in mini trunking or rigid PVC or steel conduit to smoke or heat detector outlet point, make all necessary connections, reconnect electricity supply, undertake electrical tests, provide certificate, make good on completion and remove waste and debris. | M72: =IF(J72="","",J72*(1+$B$8)) -> 51.3965
A73: EE090431 | B73: New v8 | C73: R | D73: SMOKE DETECTOR:INSTALL GRADE D1 TYPE | F73: 3 Star - Electrical Services | G73: Detectors etc | H73: Smoke Detectors | I73: NO | J73: 63.7742 | K73: Smoke Detector:Isolate, supply and install Aico Ei3016 smoke alarm, optical sensor type, mains powered, 10 year battery, data extraction facility, test, make good, remove waste and debris. | L73: Smoke Detector:Isolate, supply and install Aico Ei3016 or other equal and approved grade D1 smoke alarm, optical sensor type with automatic dust compensation and insect resistant fine mesh screen, kitemarked to BSEN14604:2005 and supplied with easy fitting type base plate, connecting without a flying lead or cable harness, mains powered with tamper proof 10 year lithium rechargeable cell backup supply and data extraction facility via audio link to a smartphone app, test and make good on completion, remove waste and debris. | M73: =IF(J73="","",J73*(1+$B$8)) -> 63.7742
A74: EE090433 | B74: New v8 | C74: R | D74: SMOKE/HEAT DETECTOR:RENEW CIRCUIT DISABLED | F74: 3 Star - Electrical Services | G74: Detectors etc | H74: Circuit - Renewals | I74: NO | J74: 64.0559 | K74: Smoke/Heat Detector:Isolate/reconnect supply, renew 1.5mm2 twin, three or four core with earth continuity in mini-trunking or rigid PVC/steel conduit to detector and vibrating pad outlet point, test. | L74: Smoke/Heat Detector:Isolate supply, strip out, clear away and renew 1.5mm2 twin, three or four core with earth continuity cable, with cable run in mini trunking or rigid PVC or steel conduit to disabled smoke detector and vibrating pad outlet point, make all necessary connections, reconnect electricity supply, undertake electrical tests, provide certificate, make good on completion and remove waste and debris. | M74: =IF(J74="","",J74*(1+$B$8)) -> 64.0559
A75: EE090501 | C75: U | D75: HEAT DETECTOR:INSTALL | F75: 3 Star - Electrical Services | G75: Detectors etc | H75: Heat Detectors | I75: NO | J75: 112.6212 | K75: Heat Detector:Isolate/reconnect supply, supply and install mains operated rate of rise or fixed temperature heat detector, make connections, junction box, test, make good. | L75: Heat Detector:Isolate, supply and install mains operated rate of rise or fixed temperature heat detector interlinked with any existing detectors including make all necessary connections to supply including junction box, reconnect, test and make good on completion and remove waste and debris. | M75: =IF(J75="","",J75*(1+$B$8)) -> 112.6212
A76: EE090503 | C76: U | D76: HEAT DETECTOR:INSTALL WIRELESS | F76: 3 Star - Electrical Services | G76: Detectors etc | H76: Heat Detectors | I76: NO | J76: 128.8823 | K76: Heat Detector:Install wireless heat detector, fixed temperature fast response thermistor type sensor, test button, transmitter and receiver, built in auto self test, 9v battery, test and make good. | L76: Heat Detector:Install wireless heat detector, fixed temperature fast response thermistor type sensor, range 58oC +/- 4oC, built in test button, radio transmitter and receiver, built in auto self test, 9v battery, low battery warning to BS EN 14604:2005, indicator, wirelessly interlinked with any existing detectors, test and make good on completion, remove waste and debris. | M76: =IF(J76="","",J76*(1+$B$8)) -> 128.8823
A77: EE090505 | B77: New v8 | C77: R | D77: HEAT DETECTOR:INSTALL GRADE D1 TYPE | F77: 3 Star - Electrical Services | G77: Detectors etc | H77: Heat Detectors | I77: NO | J77: 63.7742 | K77: Heat Detector:Isolate, supply and install Aico Ei3014 heat alarm, mains powered, 10 year battery, data extraction facility, test, make good, remove waste and debris. | L77: Heat Detector:Isolate, supply and install Aico Ei3014 or other equal and approved grade D1 heat alarm, Class A1 thermistor type sensor, kitemarked to BS5446-2:2003 and supplied with easy fitting type base plate, connecting without a flying lead or cable harness, mains powered with tamper proof 10 year lithium rechargeable cell backup supply and data extraction facility via audio link to a smartphone app, test and make good on completion, remove waste and debris. | M77: =IF(J77="","",J77*(1+$B$8)) -> 63.7742
A78: EE090507 | B78: New v8 | C78: R | D78: HEAT DETECTOR:RENEW DETECTOR NO BASE (FT) | F78: 3 Star - Electrical Services | G78: Detectors etc | H78: Heat Detectors | I78: NO | J78: 65.4136 | K78: Fire Alarm:Renew mains operated fixed temperature heat detector, make all connections to existing junction box, reconnect, test and make good on completion, and remove waste and debris. | L78: Fire Alarm:Renew mains operated fixed temperature heat detector including make all necessary connections to existing junction box, reconnect, test and make good on completion, and remove waste and debris. | M78: =IF(J78="","",J78*(1+$B$8)) -> 65.4136
A79: EE090509 | B79: New v8 | C79: R | D79: HEAT DETECTOR:RENEW DETECTOR NO BASE (ROR) | F79: 3 Star - Electrical Services | G79: Detectors etc | H79: Heat Detectors | I79: NO | J79: 65.4136 | K79: Fire Alarm:Renew mains operated rate of rise heat detector including make all necessary connections to existing junction box, reconnect, test and make good on completion, and remove waste and debris. | L79: Fire Alarm:Renew mains operated rate of rise heat detector including make all necessary connections to existing junction box, reconnect, test and make good on completion, and remove waste and debris. | M79: =IF(J79="","",J79*(1+$B$8)) -> 65.4136
A80: EE090511 | B80: New v8 | C80: R | D80: HEAT DETECTOR:RENEW | F80: 3 Star - Electrical Services | G80: Detectors etc | H80: Heat Detectors | I80: NO | J80: 71.8097 | K80: Heat Detector:Isolate, renew mains operated rate of rise or fixed temperature heat detector, all necessary connections to supply with junction box, reconnect, test, make good, remove waste and debris. | L80: Heat Detector:Isolate, renew mains operated rate of rise or fixed temperature heat detector interlinked with any existing detectors, including make all necessary connections to supply including junction box, reconnect, test and make good on completion and remove waste and debris. | M80: =IF(J80="","",J80*(1+$B$8)) -> 71.8097
A81: EE090551 | B81: New v8 | C81: R | D81: HEAT DETECTOR:SERVICE AND OVERHAUL HARD WIRE | F81: 3 Star - Electrical Services | G81: Detectors etc | H81: Heat Detectors | I81: NO | J81: 24.6642 | K81: Heat Detector:Undertake annual service and overhaul hard wired heat detector, isolate/reconnect supply, vacuum through vents, test, renew battery, remove waste and debris (rate per dwelling). | L81: Heat Detector:Undertake annual service and overhaul any type of hard wired heat detector, switch power off, vacuum through vents, switch power on, test, all work to be carried in strict conformity to the manufacturers technical data sheet, renew battery as necessary and leave in working order and remove waste and debris (rate per dwelling). | M81: =IF(J81="","",J81*(1+$B$8)) -> 24.6642
